Workbook

Sheet FEDERAL RATES (HIDDEN)
B2: CEP ISP MULTIPLIER | C2: 1.6 | I2: PERFORMANCE- BASED CASH ASSISTANCE | J2: 0.07
B4: BREAKFAST RATES | C4: SEVERE | E4: NON-SEVERE | G4: PAID | I4: LUNCH RATES | J4: <60% | K4: ≥60% | L4: MAX
C5: FREE | D5: REDUCED | E5: FREE | F5: REDUCED | I5: CONTIGUOUS U.S.
B6: CONTIGUOUS U.S. | C6: 2.2 | D6: 1.9 | E6: 1.84 | F6: 1.54 | G6: 0.31 | I6: PAID | J6: 0.32 | K6: 0.39 | L6: 0.4
B7: ALASKA | C7: 3.53 | D7: 3.23 | E7: 2.95 | F7: 2.65 | G7: 0.47 | I7: REDUCED | J7: 3.01 | K7: 3.08 | L7: 3.18
B8: HAWAII / PUERTO RICO | C8: 2.57 | D8: 2.27 | E8: 2.15 | F8: 1.85 | G8: 0.36 | I8: FREE | J8: 3.41 | K8: 3.48 | L8: 3.58
B10: SNACKS | C10: FREE | D10: REDUCED | E10: PAID | I10: ALASKA
B11: CONTIGUOUS U.S. | C11: 0.94 | D11: 0.47 | E11: 0.08 | I11: PAID | J11: 0.53 | K11: 0.6 | L11: 0.63
B12: ALASKA | C12: 1.52 | D12: 0.76 | E12: 0.13 | I12: REDUCED | J12: 5.14 | K12: 5.21 | L12: 5.38
B13: HAWAII / PUERTO RICO | C13: 1.1 | D13: 0.55 | E13: 0.1 | I13: FREE | J13: 5.54 | K13: 5.61 | L13: 5.78
B15: SUPPER | C15: FREE | D15: REDUCED | E15: PAID | I15: HAWAII
B16: CONTIGUOUS U.S. | C16: 3.41 | D16: 3.01 | E16: 0.32 | I16: PAID | J16: 0.38 | K16: 0.45 | L16: 0.46
B17: ALASKA | C17: 5.54 | D17: 5.14 | E17: 0.53 | I17: REDUCED | J17: 3.6 | K17: 3.67 | L17: 3.78
B18: HAWAII / PUERTO RICO | C18: 4 | D18: 3.6 | E18: 0.38 | I18: FREE | J18: 4 | K18: 4.07 | L18: 4.18
B20: VALUE OF DONATED FOODS | C20: 0.2375
B21: https://www.federalregister.gov/documents/2019/08/07/2019-16903/national-school-lunch-special-milk-and-school-breakfast-programs-national-average-paymentsmaximum#p-31
B22: https://www.federalregister.gov/documents/2019/08/07/2019-16907/child-and-adult-care-food-program-national-average-payment-rates-day-care-home-food-service-payment
B23: https://www.ers.usda.gov/topics/food-nutrition-assistance/child-nutrition-programs/after-school-snacks-and-suppers/
B24: https://www.fns.usda.gov/usda-fis/value-donated-foods-notices

Sheet REIMBURSEMENT RATE OLD
A2: SELECT YOUR GEOGRAPHIC REGION: | B2: CONTIGUOUS US
B3: BREAKFAST | D3: ADJUSTMENT | E3: REIMBURSEMENT RATE
B4: BLENDED CURRENT PAID RATE | C4: =((#REF!/SUM(#REF!))*#REF!)+ ((#REF!/SUM(#REF!))*#REF!)+ ((#REF!/SUM(#REF!))*#REF!)+ ((#REF!/SUM(#REF!))*#REF!)+ ((#REF!/SUM(#REF!))*#REF!)+ ((#REF!/SUM(#REF!))*#REF!)+ ((#REF!/SUM(#REF!))*#REF!)+ ((#REF!/SUM(#REF!))*#REF!)+ ((#REF!/SUM(#REF!))*#REF!)+ ((#REF!/SUM(#REF!))*#REF!)+ ((#REF!/SUM(#REF!))*#REF!)+ ((#REF!/SUM(#REF!))*#REF!)+ ((#REF!/SUM(#REF!))*#REF!)+ ((#REF!/SUM(#REF!))*#REF!)+ ((#REF!/SUM(#REF!))*#REF!)+ ((#REF!/SUM(#REF!))*#REF!)+ ((#REF!/SUM(#REF!))*#REF!)+ ((#REF!/SUM(#REF!))*#REF!)+ ((#REF!/SUM(#REF!))*#REF!)+ ((#REF!/SUM(#REF!))*#REF!)+ ((#REF!/SUM(#REF!))*#REF!)+ ((#REF!/SUM(#REF!))*#REF!)+ ((#REF!/SUM(#REF!))*#REF!)+ ((#REF!/SUM(#REF!))*#REF!)+ ((#REF!/SUM(#REF!))*#REF!)+ ((#REF!/SUM(#REF!))*#REF!)+ ((#REF!/SUM(#REF!))*#REF!)+ ((#REF!/SUM(#REF!))*#REF!)+ ((#REF!/SUM(#REF!))*#REF!)+ ((#REF!/SUM(#REF!))*#REF!) -> #REF! | D4: 0 | E4: ='REIMBURSEMENT RATE OLD'!$C$4+D4 -> #REF!
B5: BLENDED FREE RATE | C5: =((#REF!/SUM(#REF!))*#REF!)+ ((#REF!/SUM(#REF!))*#REF!)+ ((#REF!/SUM(#REF!))*#REF!)+ ((#REF!/SUM(#REF!))*#REF!)+ ((#REF!/SUM(#REF!))*#REF!)+ ((#REF!/SUM(#REF!))*#REF!)+ ((#REF!/SUM(#REF!))*#REF!)+ ((#REF!/SUM(#REF!))*#REF!)+ ((#REF!/SUM(#REF!))*#REF!)+ ((#REF!/SUM(#REF!))*#REF!)+ ((#REF!/SUM(#REF!))*#REF!)+ ((#REF!/SUM(#REF!))*#REF!)+ ((#REF!/SUM(#REF!))*#REF!)+ ((#REF!/SUM(#REF!))*#REF!)+ ((#REF!/SUM(#REF!))*#REF!)+ ((#REF!/SUM(#REF!))*#REF!)+ ((#REF!/SUM(#REF!))*#REF!)+ ((#REF!/SUM(#REF!))*#REF!)+ ((#REF!/SUM(#REF!))*#REF!)+ ((#REF!/SUM(#REF!))*#REF!)+ ((#REF!/SUM(#REF!))*#REF!)+ ((#REF!/SUM(#REF!))*#REF!)+ ((#REF!/SUM(#REF!))*#REF!)+ ((#REF!/SUM(#REF!))*#REF!)+ ((#REF!/SUM(#REF!))*#REF!)+ ((#REF!/SUM(#REF!))*#REF!)+ ((#REF!/SUM(#REF!))*#REF!)+ ((#REF!/SUM(#REF!))*#REF!)+ ((#REF!/SUM(#REF!))*#REF!)+ ((#REF!/SUM(#REF!))*#REF!) -> #REF! | D5: 0 | E5: ='REIMBURSEMENT RATE OLD'!$C$5+D5 -> #REF!
B7: NSLP REIMBURSEMENT RATES
B8: IS YOUR SFA CERTIFIED TO RECEIVE AN EXTRA $0.07? | C8: YES
B9: DO YOU RECEIVE THE EXTRA $0.02? | C9: NO
B10: SELECT YOUR RATE TYPE: | C10: ≥60% | D10: ADJUSTMENT | E10: REIMBURSEMENT RATE
B11: PAID RATE | C11: =IF(AND('REIMBURSEMENT RATE OLD'!$B$2="CONTIGUOUS US",$C$10="<60%"),'FEDERAL RATES (HIDDEN)'!$J6,IF(AND('REIMBURSEMENT RATE OLD'!$B$2="CONTIGUOUS US",$C$10="≥60%"),'FEDERAL RATES (HIDDEN)'!$K6,IF(AND('REIMBURSEMENT RATE OLD'!$B$2="CONTIGUOUS US",$C$10="MAX"),'FEDERAL RATES (HIDDEN)'!$L6,IF(AND('REIMBURSEMENT RATE OLD'!$B$2="ALASKA",$C$10="<60%"),'FEDERAL RATES (HIDDEN)'!$J11,IF(AND('REIMBURSEMENT RATE OLD'!$B$2="ALASKA",$C$10="≥60%"),'FEDERAL RATES (HIDDEN)'!$K11,IF(AND('REIMBURSEMENT RATE OLD'!$B$2="ALASKA",$C$10="MAX"),'FEDERAL RATES (HIDDEN)'!$L11,IF(AND('REIMBURSEMENT RATE OLD'!$B$2="HAWAII",$C$10="<60%"),'FEDERAL RATES (HIDDEN)'!$J16,IF(AND('REIMBURSEMENT RATE OLD'!$B$2="HAWAII",$C$10="≥60%"),'FEDERAL RATES (HIDDEN)'!$K16,IF(AND('REIMBURSEMENT RATE OLD'!$B$2="HAWAII",$C$10="MAX"),'FEDERAL RATES (HIDDEN)'!$L16,"")))))))))+IF($C$8="YES",0.07,0)+IF($C$9="YES",0.02,0) -> 0.46 | D11: 0 | E11: ='REIMBURSEMENT RATE OLD'!$C$11+D11 -> 0.46
B12: FREE RATE | C12: =IF(AND('REIMBURSEMENT RATE OLD'!$B$2="CONTIGUOUS US",$C$10="<60%"),'FEDERAL RATES (HIDDEN)'!$J8,IF(AND('REIMBURSEMENT RATE OLD'!$B$2="CONTIGUOUS US",$C$10="≥60%"),'FEDERAL RATES (HIDDEN)'!$K8,IF(AND('REIMBURSEMENT RATE OLD'!$B$2="CONTIGUOUS US",$C$10="MAX"),'FEDERAL RATES (HIDDEN)'!$L8,IF(AND('REIMBURSEMENT RATE OLD'!$B$2="ALASKA",$C$10="<60%"),'FEDERAL RATES (HIDDEN)'!$J13,IF(AND('REIMBURSEMENT RATE OLD'!$B$2="ALASKA",$C$10="≥60%"),'FEDERAL RATES (HIDDEN)'!$K13,IF(AND('REIMBURSEMENT RATE OLD'!$B$2="ALASKA",$C$10="MAX"),'FEDERAL RATES (HIDDEN)'!$L13,IF(AND('REIMBURSEMENT RATE OLD'!$B$2="HAWAII",$C$10="<60%"),'FEDERAL RATES (HIDDEN)'!$J18,IF(AND('REIMBURSEMENT RATE OLD'!$B$2="HAWAII",$C$10="≥60%"),'FEDERAL RATES (HIDDEN)'!$K18,IF(AND('REIMBURSEMENT RATE OLD'!$B$2="HAWAII",$C$10="MAX"),'FEDERAL RATES (HIDDEN)'!$L18,"")))))))))+IF($C$8="YES",0.07,0)+IF($C$9="YES",0.02,0) -> 3.55 | D12: 0 | E12: ='REIMBURSEMENT RATE OLD'!$C$12+D12 -> 3.55

Sheet LANDING PAGE
B10: Welcome to FRAC's Community Eligibility modeling tool. This calculator is designed to help you assess the potential financial benefits of exercising the Community Eligibility Provision in your district. Community eligibility is a powerful tool for high-poverty schools to provide breakfast and lunch at no charge to all students. Community eligibility reduces administrative paperwork for schools so they can focus on providing healthy meals to help students learn and thrive; increases school meal participation by removing stigma; maximizes federal reimbursements; and makes it easier to implement innovative service models like Breakfast in the Classroom.
B12: BEFORE YOU GET STARTED, it will be easiest and most accurate to use the tool and you have a few pieces of district information handy:
B13: 1) District average daily attendance
B14: 2) Your district's identified student percentage (ISP).
B15: For an explanation of ISP, click here.
B16: 3) Your current per meal reimbursement rates.
B17: 4) Your current per meal food and materials expenses.
B18: 5) Your current hourly labor rate.
B20: Once you have this information, click | G20: HERE | H20: to proceed.

Sheet INSTRUCTIONS
B10: INSTRUCTIONS:
B11: INPUT CELLS ARE INDICATED BY BOLD BLUE FONT.
B12: SPECIFIC NOTES AND GUIDANCE CAN BE FOUND IN POP-UP COMMENTS ADJACENT TO INPUT CELLS.
B13: WORKSHEETS CAN BE ACCESSED BY CLICKING ON THE HYPERLINKS BELOW OR WORKSHEET TABS IN THE RIBBON AT THE BOTTOM OF THE TOOL.
B15: HYPERLINKED TABLE OF CONTENTS:
B16: REIMBURSEMENTS AND REVENUES
B17: DISTRICT ENROLLMENT
B18: PARTICIPATION RATES
B19: FOOD & MATERIALS EXPENSE
B20: ADMINISTRATIVE LABOR ASSUMPTIONS
B21: DIRECT LABOR ASSUMPTIONS
B22: OTHER EXPENSES
... B24: CHARTS

Sheet REIMBURSEMENTS AND REVENUES
B2: SELECT YOUR GEOGRAPHIC REGION: | C2: CONTIGUOUS US
B4: BREAKFAST | C4: FEDERAL REIMBURSEMENT | G4: SNACK / ALA CARTE
B5: REIMBURSEMENT LEVEL | C5: SEVERE NEED | D5: STATE / LOCAL REIMBURSEMENT | E5: TOTAL REIMBURSEMENT | G5: REIMBURSEMENT LEVEL | H5: FEDERAL REIMBURSEMENT | I5: STATE / LOCAL REIMBURSEMENT | J5: TOTAL REIMBURSEMENT
B6: FREE REIMBURSEMENT RATE | C6: =IF(AND($C$2="ALASKA",$C$5="SEVERE NEED"),'FEDERAL RATES (HIDDEN)'!$C$7, IF(AND($C$2="ALASKA",$C$5="NON-SEVERE NEED"),'FEDERAL RATES (HIDDEN)'!$E$7, IF(AND($C$2="HAWAII/PUERTO RICO",$C$5="SEVERE NEED"),'FEDERAL RATES (HIDDEN)'!$C$8, IF(AND($C$2="HAWAII/PUERTO RICO",$C$5="SEVERE NEED"),'FEDERAL RATES (HIDDEN)'!$E$8, IF(AND($C$2="CONTIGUOUS US",$C$5="SEVERE NEED"),'FEDERAL RATES (HIDDEN)'!$C$6,'FEDERAL RATES (HIDDEN)'!$E$6))))) -> 2.2 | D6: 0 | E6: =C6+D6 -> 2.2 | G6: FREE RATE | H6: =IF($C$2="ALASKA",'FEDERAL RATES (HIDDEN)'!$C$12,IF($C$2="HAWAII/PUERTO RICO",'FEDERAL RATES (HIDDEN)'!$C$13,'FEDERAL RATES (HIDDEN)'!$C$11)) -> 0.94 | I6: 0 | J6: =H6+I6 -> 0.94
B7: REDUCED REIMBURSEMENT RATE | C7: =IF(AND($C$2="ALASKA",$C$5="SEVERE NEED"),'FEDERAL RATES (HIDDEN)'!$D$7, IF(AND($C$2="ALASKA",$C$5="NON-SEVERE NEED"),'FEDERAL RATES (HIDDEN)'!$F$7, IF(AND($C$2="HAWAII/PUERTO RICO",$C$5="SEVERE NEED"),'FEDERAL RATES (HIDDEN)'!$D$8, IF(AND($C$2="HAWAII/PUERTO RICO",$C$5="SEVERE NEED"),'FEDERAL RATES (HIDDEN)'!$F$8, IF(AND($C$2="CONTIGUOUS US",$C$5="SEVERE NEED"),'FEDERAL RATES (HIDDEN)'!$D$6,'FEDERAL RATES (HIDDEN)'!$F$6))))) -> 1.9 | D7: 0 | E7: =C7+D7 -> 1.9 | G7: REDUCED RATE | H7: =IF($C$2="ALASKA",'FEDERAL RATES (HIDDEN)'!$D$12,IF($C$2="HAWAII/PUERTO RICO",'FEDERAL RATES (HIDDEN)'!$D$13,'FEDERAL RATES (HIDDEN)'!$D$11)) -> 0.47 | I7: 0 | J7: =H7+I7 -> 0.47
B8: PAID REIMBURSEMENT RATE | C8: =IF($C$2="ALASKA",'FEDERAL RATES (HIDDEN)'!$G$7, IF($C$2="HAWAII/PUERTO RICO",'FEDERAL RATES (HIDDEN)'!$G$8, 'FEDERAL RATES (HIDDEN)'!$G$6)) -> 0.31 | D8: 0 | E8: =C8+D8 -> 0.31 | G8: PAID RATE | H8: =IF($C$2="ALASKA",'FEDERAL RATES (HIDDEN)'!$E$12,IF($C$2="HAWAII/PUERTO RICO",'FEDERAL RATES (HIDDEN)'!$E$13,'FEDERAL RATES (HIDDEN)'!$E$11)) -> 0.08 | I8: 0 | J8: =H8+I8 -> 0.08
B9: PAID BREAKFAST PRICE | C9: 0 | G9: AVERAGE ALA CARTE PRICE | H9: 1
B11: LUNCH | C11: FEDERAL REIMBURSEMENT | G11: SUPPER
B12: DISTRICT QUALIFIES FOR ADDITIONAL $0.07? | C12: NO | G12: REIMBURSEMENT LEVEL | H12: FEDERAL REIMBURSEMENT | I12: STATE / LOCAL REIMBURSEMENT | J12: TOTAL REIMBURSEMENT
B13: REIMBURSEMENT LEVEL | C13: <60% | D13: STATE / LOCAL REIMBURSEMENT | E13: TOTAL REIMBURSEMENT | G13: FREE RATE | H13: =IF($C$2="ALASKA",'FEDERAL RATES (HIDDEN)'!$C$17,IF($C$2="HAWAII/PUERTO RICO",'FEDERAL RATES (HIDDEN)'!$C$18,'FEDERAL RATES (HIDDEN)'!$C$16)) -> 3.41 | I13: 0 | J13: =H13+I13 -> 3.41
B14: FREE RATE | C14: =IF(C12="YES", 'FEDERAL RATES (HIDDEN)'!$J$2+(IF(AND($C$2="ALASKA",$C$13="≥60%"),'FEDERAL RATES (HIDDEN)'!$K$13, IF(AND($C$2="ALASKA",$C$13="<60%"),'FEDERAL RATES (HIDDEN)'!$J$13, IF(AND($C$2="HAWAII/PUERTO RICO",$C$13="≥60%"),'FEDERAL RATES (HIDDEN)'!$K$18, IF(AND($C$2="HAWAII/PUERTO RICO",$C$13="<60%"),'FEDERAL RATES (HIDDEN)'!$J$18, IF(AND($C$2="CONTIGUOUS US",$C$13="≥60%"),'FEDERAL RATES (HIDDEN)'!$K$8,'FEDERAL RATES (HIDDEN)'!$J$8)))))), (IF(AND($C$2="ALASKA",$C$13="≥60%"),'FEDERAL RATES (HIDDEN)'!$K$13, IF(AND($C$2="ALASKA",$C$13="<60%"),'FEDERAL RATES (HIDDEN)'!$J$13, IF(AND($C$2="HAWAII/PUERTO RICO",$C$13="≥60%"),'FEDERAL RATES (HIDDEN)'!$K$18, IF(AND($C$2="HAWAII/PUERTO RICO",$C$13="<60%"),'FEDERAL RATES (HIDDEN)'!$J$18, IF(AND($C$2="CONTIGUOUS US",$C$13="≥60%"),'FEDERAL RATES (HIDDEN)'!$K$8,'FEDERAL RATES (HIDDEN)'!$J$8))))))) -> 3.41 | D14: 0 | E14: =C14+D14 -> 3.41 | G14: REDUCED RATE | H14: =IF($C$2="ALASKA",'FEDERAL RATES (HIDDEN)'!$D$17,IF($C$2="HAWAII/PUERTO RICO",'FEDERAL RATES (HIDDEN)'!$D$18,'FEDERAL RATES (HIDDEN)'!$D$16)) -> 3.01 | I14: 0 | J14: =H14+I14 -> 3.01
B15: REDUCED RATE | C15: =IF(C12="YES", 'FEDERAL RATES (HIDDEN)'!$J$2+(IF(AND($C$2="ALASKA",$C$13="≥60%"),'FEDERAL RATES (HIDDEN)'!$K$12, IF(AND($C$2="ALASKA",$C$13="<60%"),'FEDERAL RATES (HIDDEN)'!$J$12, IF(AND($C$2="HAWAII/PUERTO RICO",$C$13="≥60%"),'FEDERAL RATES (HIDDEN)'!$K$17, IF(AND($C$2="HAWAII/PUERTO RICO",$C$13="<60%"),'FEDERAL RATES (HIDDEN)'!$J$17, IF(AND($C$2="CONTIGUOUS US",$C$13="≥60%"),'FEDERAL RATES (HIDDEN)'!$K$7,'FEDERAL RATES (HIDDEN)'!$J$7)))))), (IF(AND($C$2="ALASKA",$C$13="≥60%"),'FEDERAL RATES (HIDDEN)'!$K$12, IF(AND($C$2="ALASKA",$C$13="<60%"),'FEDERAL RATES (HIDDEN)'!$J$12, IF(AND($C$2="HAWAII/PUERTO RICO",$C$13="≥60%"),'FEDERAL RATES (HIDDEN)'!$K$17, IF(AND($C$2="HAWAII/PUERTO RICO",$C$13="<60%"),'FEDERAL RATES (HIDDEN)'!$J$17, IF(AND($C$2="CONTIGUOUS US",$C$13="≥60%"),'FEDERAL RATES (HIDDEN)'!$K$7,'FEDERAL RATES (HIDDEN)'!$J$7))))))) -> 3.01 | D15: 0 | E15: =C15+D15 -> 3.01 | G15: PAID RATE | H15: =IF($C$2="ALASKA",'FEDERAL RATES (HIDDEN)'!$E$17,IF($C$2="HAWAII/PUERTO RICO",'FEDERAL RATES (HIDDEN)'!$E$18,'FEDERAL RATES (HIDDEN)'!$E$16)) -> 0.32 | I15: 0 | J15: =H15+I15 -> 0.32
B16: PAID RATE | C16: =IF(C12="YES", 'FEDERAL RATES (HIDDEN)'!$J$2+(IF(AND($C$2="ALASKA",$C$13="≥60%"),'FEDERAL RATES (HIDDEN)'!$K$11, IF(AND($C$2="ALASKA",$C$13="<60%"),'FEDERAL RATES (HIDDEN)'!$J$11, IF(AND($C$2="HAWAII/PUERTO RICO",$C$13="≥60%"),'FEDERAL RATES (HIDDEN)'!$K$16, IF(AND($C$2="HAWAII/PUERTO RICO",$C$13="<60%"),'FEDERAL RATES (HIDDEN)'!$J$16, IF(AND($C$2="CONTIGUOUS US",$C$13="≥60%"),'FEDERAL RATES (HIDDEN)'!$K$6,'FEDERAL RATES (HIDDEN)'!$J$6)))))), (IF(AND($C$2="ALASKA",$C$13="≥60%"),'FEDERAL RATES (HIDDEN)'!$K$11, IF(AND($C$2="ALASKA",$C$13="<60%"),'FEDERAL RATES (HIDDEN)'!$J$11, IF(AND($C$2="HAWAII/PUERTO RICO",$C$13="≥60%"),'FEDERAL RATES (HIDDEN)'!$K$16, IF(AND($C$2="HAWAII/PUERTO RICO",$C$13="<60%"),'FEDERAL RATES (HIDDEN)'!$J$16, IF(AND($C$2="CONTIGUOUS US",$C$13="≥60%"),'FEDERAL RATES (HIDDEN)'!$K$6,'FEDERAL RATES (HIDDEN)'!$J$6))))))) -> 0.32 | D16: 0 | E16: =C16+D16 -> 0.32
B17: PAID LUNCH PRICE | C17: 0
B19: ANNUAL OPERATING DAYS | C19: 180
B21: CLICK HERE TO RETURN TO THE PREVIOUS PAGE | H21: CLICK HERE TO ADVANCE TO THE NEXT PAGE

Sheet test

Sheet ENROLLMENT
B1: ENROLLMENT | C1: STATUS QUO | E1: CEP COMPARISON | I1: STATUS QUO | K1: CEP COMPARISON | O1: STATUS QUO | Q1: CEP COMPARISON
B2: SCHOOL TYPE #1 | C2: TOTAL | E2: NON-CEP SCHOOLS | F2: CEP SCHOOLS | H2: SCHOOL TYPE #2 | I2: TOTAL | K2: NON-CEP SCHOOLS | L2: CEP SCHOOLS | N2: DISTRICT SUMMARY | O2: TOTAL | Q2: NON-CEP SCHOOLS | R2: CEP SCHOOLS
B3: CEP GROUP ISP% | F3: 0 | H3: CEP GROUP ISP% | L3: 0 | N3: FREE MEAL ELIGIBLE STUDENTS | O3: =SUM(C4,I4,C15,I15) -> 0 | Q3: =SUM(E4,K4,E15,K15) -> 0 | R3: =SUM(F4,L4,F15,L15) -> 0
B4: FREE MEAL ELIGIBLE STUDENTS | C4: 0 | E4: 0 | F4: =ROUND(F8*F7,0) -> 0 | H4: FREE MEAL ELIGIBLE STUDENTS | I4: 0 | K4: 0 | L4: =ROUND(L8*L7,0) -> 0 | N4: REDUCED PRICE MEAL ELIGIBLE STUDENTS | O4: =SUM(C5,I5,C16,I16) -> 0 | Q4: =SUM(E5,K5,E16,K16) -> 0 | R4: 0
B5: REDUCED PRICE MEAL ELIGIBLE STUDENTS | C5: 0 | E5: 0 | F5: 0 | H5: REDUCED PRICE MEAL ELIGIBLE STUDENTS | I5: 0 | K5: 0 | L5: 0 | N5: PAID MEAL ELIGIBLE STUDENTS | O5: =SUM(C6,I6,C17,I17) -> 0 | Q5: =SUM(E6,K6,E17,K17) -> 0 | R5: =SUM(F6,L6,F17,L17) -> 0
B6: PAID MEAL ELIGIBLE STUDENTS | C6: 0 | E6: 0 | F6: =F7-F4 -> 0 | H6: PAID MEAL ELIGIBLE STUDENTS | I6: 0 | K6: 0 | L6: =L7-L4 -> 0 | N6: TOTAL ENROLLMENT | O6: =SUM(C7,I7,C18,I18) -> 0 | Q6: =SUM(E7,K7,E18,K18) -> 0 | R6: =SUM(F7,L7,F18,L18) -> 0
B7: TOTAL ENROLLMENT | C7: =SUM(C4:C6) -> 0 | E7: =SUM(E4:E6) -> 0 | F7: =C7-E7 -> 0 | H7: TOTAL ENROLLMENT | I7: =SUM(I4:I6) -> 0 | K7: =SUM(K4:K6) -> 0 | L7: =I7-K7 -> 0 | N7: % FREE | O7: =IF(OR(O$6=0,O3=0),0,O3/O$6) -> 0 | Q7: =IF(OR(Q$6=0,Q3=0),0,Q3/Q$6) -> 0 | R7: =IF(OR(R$6=0,R3=0),0,R3/R$6) -> 0
B8: % FREE | C8: =IF(OR(C$7=0,C4=0),0,C4/C$7) -> 0 | E8: =IF(OR(E$7=0,E4=0),0,E4/E$7) -> 0 | F8: =IF(ROUND(F3,4)<0.4,ROUND(F3,4),ROUND(MIN(1,F3*'FEDERAL RATES (HIDDEN)'!$C$2),4)) -> 0 | H8: % FREE | I8: =IF(OR(C$7=0,I4=0),0,I4/C$7) -> 0 | K8: =IF(OR(E$7=0,K4=0),0,K4/E$7) -> 0 | L8: =IF(ROUND(L3,4)<0.4,ROUND(L3,4),ROUND(MIN(1,L3*'FEDERAL RATES (HIDDEN)'!$C$2),4)) -> 0 | N8: % REDUCED | O8: =IF(OR(O$6=0,O4=0),0,O4/O$6) -> 0 | Q8: =IF(OR(Q$6=0,Q4=0),0,Q4/Q$6) -> 0 | R8: 0
B9: % REDUCED | C9: =IF(OR(C$7=0,C5=0),0,C5/C$7) -> 0 | E9: =IF(OR(E$7=0,E5=0),0,E5/E$7) -> 0 | F9: 0 | H9: % REDUCED | I9: =IF(OR(C$7=0,I5=0),0,I5/C$7) -> 0 | K9: =IF(OR(E$7=0,K5=0),0,K5/E$7) -> 0 | L9: 0 | N9: % PAID | O9: =IF(OR(O$6=0,O5=0),0,O5/O$6) -> 0 | Q9: =IF(OR(Q$6=0,Q5=0),0,Q5/Q$6) -> 0 | R9: =IF(OR(R$6=0,R5=0),0,R5/R$6) -> 0
B10: % PAID | C10: =IF(OR(C$7=0,C6=0),0,C6/C$7) -> 0 | E10: =IF(OR(E$7=0,E6=0),0,E6/E$7) -> 0 | F10: =IF(F7=0,0,1-F8) -> 0 | H10: % PAID | I10: =IF(OR(C$7=0,I6=0),0,I6/C$7) -> 0 | K10: =IF(OR(E$7=0,K6=0),0,K6/E$7) -> 0 | L10: =IF(L7=0,0,1-L8) -> 0
C12: STATUS QUO | E12: CEP COMPARISON | I12: STATUS QUO | K12: CEP COMPARISON
B13: SCHOOL TYPE #3 | C13: TOTAL | E13: NON-CEP SCHOOLS | F13: CEP SCHOOLS | H13: SCHOOL TYPE #4 | I13: TOTAL | K13: NON-CEP SCHOOLS | L13: CEP SCHOOLS | N13: CLICK HERE TO RETURN TO THE PREVIOUS PAGE
B14: CEP GROUP ISP% | F14: 0 | H14: CEP GROUP ISP% | L14: 0
B15: FREE MEAL ELIGIBLE STUDENTS | C15: 0 | E15: 0 | F15: =ROUND(F19*F18,0) -> 0 | H15: FREE MEAL ELIGIBLE STUDENTS | I15: 0 | K15: 0 | L15: =ROUND(L19*L18,0) -> 0
B16: REDUCED PRICE MEAL ELIGIBLE STUDENTS | C16: 0 | E16: 0 | F16: 0 | H16: REDUCED PRICE MEAL ELIGIBLE STUDENTS | I16: 0 | K16: 0 | L16: 0
B17: PAID MEAL ELIGIBLE STUDENTS | C17: 0 | E17: 0 | F17: =F18-F15 -> 0 | H17: PAID MEAL ELIGIBLE STUDENTS | I17: 0 | K17: 0 | L17: =L18-L15 -> 0
B18: TOTAL ENROLLMENT | C18: =SUM(C15:C17) -> 0 | E18: =SUM(E15:E17) -> 0 | F18: =C18-E18 -> 0 | H18: TOTAL ENROLLMENT | I18: =SUM(I15:I17) -> 0 | K18: =SUM(K15:K17) -> 0 | L18: =I18-K18 -> 0
B19: % FREE | C19: =IF(OR(C$18=0,C15=0),0,C15/C$18) -> 0 | E19: =IF(OR(E$18=0,E15=0),0,E15/E$18) -> 0 | F19: =IF(ROUND(F14,4)<0.4,ROUND(F14,4),ROUND(MIN(1,F14*'FEDERAL RATES (HIDDEN)'!$C$2),4)) -> 0 | H19: % FREE | I19: =IF(OR(C$18=0,I15=0),0,I15/C$18) -> 0 | K19: =IF(OR(E$18=0,K15=0),0,K15/E$18) -> 0 | L19: =IF(ROUND(L14,4)<0.4,ROUND(L14,4),ROUND(MIN(1,L14*'FEDERAL RATES (HIDDEN)'!$C$2),4)) -> 0
B20: % REDUCED | C20: =IF(OR(C$18=0,C16=0),0,C16/C$18) -> 0 | E20: =IF(OR(E$18=0,E16=0),0,E16/E$18) -> 0 | F20: 0 | H20: % REDUCED | I20: =IF(OR(C$18=0,I16=0),0,I16/C$18) -> 0 | K20: =IF(OR(E$18=0,K16=0),0,K16/E$18) -> 0 | L20: 0
B21: % PAID | C21: =IF(OR(C$18=0,C17=0),0,C17/C$18) -> 0 | E21: =IF(OR(E$18=0,E17=0),0,E17/E$18) -> 0 | F21: =IF(F18=0,0,1-F19) -> 0 | H21: % PAID | I21: =IF(OR(C$18=0,I17=0),0,I17/C$18) -> 0 | K21: =IF(OR(E$18=0,K17=0),0,K17/E$18) -> 0 | L21: =IF(L18=0,0,1-L19) -> 0 | N21: CLICK HERE TO ADVANCE TO THE NEXT PAGE

Sheet PARTICIPATION RATES
B1: PARTICIPATION RATES | D1: STATUS QUO | F1: CEP COMPARISON | J1: STATUS QUO | L1: CEP COMPARISON | P1: STATUS QUO | R1: CEP COMPARISON
C2: =ENROLLMENT!B2 -> SCHOOL TYPE #1 | D2: TOTAL | F2: NON-CEP SCHOOLS | G2: CEP SCHOOLS | I2: =ENROLLMENT!H2 -> SCHOOL TYPE #2 | J2: TOTAL | L2: NON-CEP SCHOOLS | M2: CEP SCHOOLS | O2: DISTRICT SUMMARY | P2: TOTAL | R2: NON-CEP SCHOOLS | S2: CEP SCHOOLS
C3: AVERAGE DAILY ATTENDANCE | D3: 1 | F3: 1 | G3: 1 | I3: AVERAGE DAILY ATTENDANCE | J3: 1 | L3: 1 | M3: 1 | O3: AVERAGE DAILY ATTENDANCE | P3: =IF(P4=0,0,P4/ENROLLMENT!O6) -> 0 | R3: =IF(R4=0,0,R4/ENROLLMENT!Q6) -> 0 | S3: =IF(S4=0,0,S4/ENROLLMENT!R6) -> 0
C4: DAILY STUDENTS PRESENT | D4: =ROUND(ENROLLMENT!C7*'PARTICIPATION RATES'!$D$3,0) -> 0 | F4: =ROUND(ENROLLMENT!E7*'PARTICIPATION RATES'!$F$3,0) -> 0 | G4: =ROUND(ENROLLMENT!F7*'PARTICIPATION RATES'!$G$3,0) -> 0 | I4: DAILY STUDENTS PRESENT | J4: =ROUND(ENROLLMENT!I7*'PARTICIPATION RATES'!$J$3,0) -> 0 | L4: =ROUND(ENROLLMENT!K7*'PARTICIPATION RATES'!$L$3,0) -> 0 | M4: =ROUND(ENROLLMENT!L7*'PARTICIPATION RATES'!$M$3,0) -> 0 | O4: DAILY STUDENTS PRESENT | P4: =SUM(D4,J4,D14,J14) -> 0 | R4: =SUM(F4,L4,F14,L14) -> 0 | S4: =SUM(G4,M4,G14,M14) -> 0
C5: BREAKFAST PARTICIPATION AVERAGE | D5: 1 | F5: 1 | G5: 1 | I5: BREAKFAST PARTICIPATION AVERAGE | J5: 1 | L5: 1 | M5: =L5 -> 1 | O5: BREAKFAST PARTICIPATION AVERAGE | P5: =IF(P$4=0,0,(ROUND(D$4*D5,0)+ROUND(J$4*J5,0)+ROUND(D$14*D15,0)+ROUND(J$14*J15,0))/P$4) -> 0 | R5: =IF(R$4=0,0,(ROUND(F$4*F5,0)+ROUND(L$4*L5,0)+ROUND(F$14*F15,0)+ROUND(L$14*L15,0))/R$4) -> 0 | S5: =IF(S$4=0,0,(ROUND(G$4*G5,0)+ROUND(M$4*M5,0)+ROUND(G$14*G15,0)+ROUND(M$14*M15,0))/S$4) -> 0
C6: SNACK PARTICIPATION AVERAGE | D6: 1 | F6: 1 | G6: 1 | I6: SNACK PARTICIPATION AVERAGE | J6: 1 | L6: 1 | M6: =L6 -> 1 | O6: SNACK PARTICIPATION AVERAGE | P6: =IF(P$4=0,0,(ROUND(D$4*D6,0)+ROUND(J$4*J6,0)+ROUND(D$14*D16,0)+ROUND(J$14*J16,0))/P$4) -> 0 | R6: =IF(R$4=0,0,(ROUND(F$4*F6,0)+ROUND(L$4*L6,0)+ROUND(F$14*F16,0)+ROUND(L$14*L16,0))/R$4) -> 0 | S6: =IF(S$4=0,0,(ROUND(G$4*G6,0)+ROUND(M$4*M6,0)+ROUND(G$14*G16,0)+ROUND(M$14*M16,0))/S$4) -> 0
C7: LUNCH PARTICIPATION AVERAGE | D7: 1 | F7: 1 | G7: 1 | I7: LUNCH PARTICIPATION AVERAGE | J7: 1 | L7: 1 | M7: =L7 -> 1 | O7: LUNCH PARTICIPATION AVERAGE | P7: =IF(P$4=0,0,(ROUND(D$4*D7,0)+ROUND(J$4*J7,0)+ROUND(D$14*D17,0)+ROUND(J$14*J17,0))/P$4) -> 0 | R7: =IF(R$4=0,0,(ROUND(F$4*F7,0)+ROUND(L$4*L7,0)+ROUND(F$14*F17,0)+ROUND(L$14*L17,0))/R$4) -> 0 | S7: =IF(S$4=0,0,(ROUND(G$4*G7,0)+ROUND(M$4*M7,0)+ROUND(G$14*G17,0)+ROUND(M$14*M17,0))/S$4) -> 0
C8: SUPPER PARTICIPATION AVERAGE | D8: 1 | F8: 1 | G8: 1 | I8: SUPPER PARTICIPATION AVERAGE | J8: 1 | L8: 1 | M8: =L8 -> 1 | O8: SUPPER PARTICIPATION AVERAGE | P8: =IF(P$4=0,0,(ROUND(D$4*D8,0)+ROUND(J$4*J8,0)+ROUND(D$14*D18,0)+ROUND(J$14*J18,0))/P$4) -> 0 | R8: =IF(R$4=0,0,(ROUND(F$4*F8,0)+ROUND(L$4*L8,0)+ROUND(F$14*F18,0)+ROUND(L$14*L18,0))/R$4) -> 0 | S8: =IF(S$4=0,0,(ROUND(G$4*G8,0)+ROUND(M$4*M8,0)+ROUND(G$14*G18,0)+ROUND(M$14*M18,0))/S$4) -> 0
C9: ALA CARTE PARTICIPATION AVERAGE | D9: 1 | F9: 1 | G9: 1 | I9: ALA CARTE PARTICIPATION AVERAGE | J9: 1 | L9: 1 | M9: =L9 -> 1 | O9: ALA CARTE PARTICIPATION AVERAGE | P9: =IF(P$4=0,0,(ROUND(D$4*D9,0)+ROUND(J$4*J9,0)+ROUND(D$14*D19,0)+ROUND(J$14*J19,0))/P$4) -> 0 | R9: =IF(R$4=0,0,(ROUND(F$4*F9,0)+ROUND(L$4*L9,0)+ROUND(F$14*F19,0)+ROUND(L$14*L19,0))/R$4) -> 0 | S9: =IF(S$4=0,0,(ROUND(G$4*G9,0)+ROUND(M$4*M9,0)+ROUND(G$14*G19,0)+ROUND(M$14*M19,0))/S$4) -> 0
C10: AVERAGE DAILY MEAL EQUIVALENTS | D10: =ROUND(D4*D5*(2/3),0)+ROUND(D4*D6*(1/3),0)+ROUND(D4*D7,0)+ROUND(D4*D8,0)+ROUND(('REIMBURSEMENTS AND REVENUES'!$H$9*D4*D9)/('REIMBURSEMENTS AND REVENUES'!$E$14+'FEDERAL RATES (HIDDEN)'!$C$20),0) -> 0 | F10: =ROUND(F4*F5*(2/3),0)+ROUND(F4*F6*(1/3),0)+ROUND(F4*F7,0)+ROUND(F4*F8,0)+ROUND(('REIMBURSEMENTS AND REVENUES'!$H$9*F4*F9)/('REIMBURSEMENTS AND REVENUES'!$E$14+'FEDERAL RATES (HIDDEN)'!$C$20),0) -> 0 | G10: =ROUND(G4*G5*(2/3),0)+ROUND(G4*G6*(1/3),0)+ROUND(G4*G7,0)+ROUND(G4*G8,0)+ROUND(('REIMBURSEMENTS AND REVENUES'!$H$9*G4*G9)/('REIMBURSEMENTS AND REVENUES'!$E$14+'FEDERAL RATES (HIDDEN)'!$C$20),0) -> 0 | I10: AVERAGE DAILY MEAL EQUIVALENTS | J10: =ROUND(J4*J5*(2/3),0)+ROUND(J4*J6*(1/3),0)+ROUND(J4*J7,0)+ROUND(J4*J8,0)+ROUND(('REIMBURSEMENTS AND REVENUES'!$H$9*J4*J9)/('REIMBURSEMENTS AND REVENUES'!$E$14+'FEDERAL RATES (HIDDEN)'!$C$20),0) -> 0 | L10: =ROUND(L4*L5*(2/3),0)+ROUND(L4*L6*(1/3),0)+ROUND(L4*L7,0)+ROUND(L4*L8,0)+ROUND(('REIMBURSEMENTS AND REVENUES'!$H$9*L4*L9)/('REIMBURSEMENTS AND REVENUES'!$E$14+'FEDERAL RATES (HIDDEN)'!$C$20),0) -> 0 | M10: =ROUND(M4*M5*(2/3),0)+ROUND(M4*M6*(1/3),0)+ROUND(M4*M7,0)+ROUND(M4*M8,0)+ROUND(('REIMBURSEMENTS AND REVENUES'!$H$9*M4*M9)/('REIMBURSEMENTS AND REVENUES'!$E$14+'FEDERAL RATES (HIDDEN)'!$C$20),0) -> 0 | O10: AVERAGE DAILY MEAL EQUIVALENTS | P10: =SUM(D10,J10,D20,J20) -> 0 | R10: =SUM(F10,L10,F20,L20) -> 0 | S10: =SUM(G10,M10,G20,M20) -> 0
D11: STATUS QUO | F11: CEP COMPARISON | J11: STATUS QUO | L11: CEP COMPARISON
C12: =ENROLLMENT!B13 -> SCHOOL TYPE #3 | D12: TOTAL | F12: NON-CEP SCHOOLS | G12: CEP SCHOOLS | I12: =ENROLLMENT!H13 -> SCHOOL TYPE #4 | J12: TOTAL | L12: NON-CEP SCHOOLS | M12: CEP SCHOOLS | O12: CLICK HERE TO RETURN TO THE PREVIOUS PAGE
C13: AVERAGE DAILY ATTENDANCE | D13: 1 | F13: 1 | G13: 1 | I13: AVERAGE DAILY ATTENDANCE | J13: 1 | L13: 1 | M13: 1
C14: DAILY STUDENTS PRESENT | D14: =ROUND(ENROLLMENT!C18*'PARTICIPATION RATES'!$D$13,0) -> 0 | F14: =ROUND(ENROLLMENT!E18*'PARTICIPATION RATES'!$F$13,0) -> 0 | G14: =ROUND(ENROLLMENT!F18*'PARTICIPATION RATES'!$G$13,0) -> 0 | I14: DAILY STUDENTS PRESENT | J14: =ROUND(ENROLLMENT!I18*'PARTICIPATION RATES'!$J$13,0) -> 0 | L14: =ROUND(ENROLLMENT!K18*'PARTICIPATION RATES'!$L$13,0) -> 0 | M14: =ROUND(ENROLLMENT!L18*'PARTICIPATION RATES'!$M$13,0) -> 0
C15: BREAKFAST PARTICIPATION AVERAGE | D15: 1 | F15: 1 | G15: =F15 -> 1 | I15: BREAKFAST PARTICIPATION AVERAGE | J15: 1 | L15: 1 | M15: =L15 -> 1
C16: SNACK PARTICIPATION AVERAGE | D16: 1 | F16: 1 | G16: =F16 -> 1 | I16: SNACK PARTICIPATION AVERAGE | J16: 1 | L16: 1 | M16: =L16 -> 1
C17: LUNCH PARTICIPATION AVERAGE | D17: 1 | F17: 1 | G17: =F17 -> 1 | I17: LUNCH PARTICIPATION AVERAGE | J17: 1 | L17: 1 | M17: =L17 -> 1
C18: SUPPER PARTICIPATION AVERAGE | D18: 1 | F18: 1 | G18: =F18 -> 1 | I18: SUPPER PARTICIPATION AVERAGE | J18: 1 | L18: 1 | M18: =L18 -> 1
C19: ALA CARTE PARTICIPATION AVERAGE | D19: 1 | F19: 1 | G19: =F19 -> 1 | I19: ALA CARTE PARTICIPATION AVERAGE | J19: 1 | L19: 1 | M19: =L19 -> 1
C20: AVERAGE DAILY MEAL EQUIVALENTS | D20: =ROUND(D14*D15*(2/3),0)+ROUND(D14*D16*(1/3),0)+ROUND(D14*D17,0)+ROUND(D14*D18,0)+ROUND(('REIMBURSEMENTS AND REVENUES'!$H$9*D14*D19)/('REIMBURSEMENTS AND REVENUES'!$E$14+'FEDERAL RATES (HIDDEN)'!$C$20),0) -> 0 | F20: =ROUND(F14*F15*(2/3),0)+ROUND(F14*F16*(1/3),0)+ROUND(F14*F17,0)+ROUND(F14*F18,0)+ROUND(('REIMBURSEMENTS AND REVENUES'!$H$9*F14*F19)/('REIMBURSEMENTS AND REVENUES'!$E$14+'FEDERAL RATES (HIDDEN)'!$C$20),0) -> 0 | G20: =ROUND(G14*G15*(2/3),0)+ROUND(G14*G16*(1/3),0)+ROUND(G14*G17,0)+ROUND(G14*G18,0)+ROUND(('REIMBURSEMENTS AND REVENUES'!$H$9*G14*G19)/('REIMBURSEMENTS AND REVENUES'!$E$14+'FEDERAL RATES (HIDDEN)'!$C$20),0) -> 0 | I20: AVERAGE DAILY MEAL EQUIVALENTS | J20: =ROUND(J14*J15*(2/3),0)+ROUND(J14*J16*(1/3),0)+ROUND(J14*J17,0)+ROUND(J14*J18,0)+ROUND(('REIMBURSEMENTS AND REVENUES'!$H$9*J14*J19)/('REIMBURSEMENTS AND REVENUES'!$E$14+'FEDERAL RATES (HIDDEN)'!$C$20),0) -> 0 | L20: =ROUND(L14*L15*(2/3),0)+ROUND(L14*L16*(1/3),0)+ROUND(L14*L17,0)+ROUND(L14*L18,0)+ROUND(('REIMBURSEMENTS AND REVENUES'!$H$9*L14*L19)/('REIMBURSEMENTS AND REVENUES'!$E$14+'FEDERAL RATES (HIDDEN)'!$C$20),0) -> 0 | M20: =ROUND(M14*M15*(2/3),0)+ROUND(M14*M16*(1/3),0)+ROUND(M14*M17,0)+ROUND(M14*M18,0)+ROUND(('REIMBURSEMENTS AND REVENUES'!$H$9*M14*M19)/('REIMBURSEMENTS AND REVENUES'!$E$14+'FEDERAL RATES (HIDDEN)'!$C$20),0) -> 0 | O20: CLICK HERE TO ADVANCE TO THE NEXT PAGE

Sheet FOOD & MATERIALS EXPENSE
B1: FOOD & MATERIALS EXPENSE ASSUMPTIONS
H2: STATUS QUO | J2: CEP COMPARISON
B3: AVERAGE PER MEAL FOOD COST | C3: STATUS QUO | E3: CEP COMPARISON | G3: ANNUAL FOOD EXPENSE BY MEAL TYPE | H3: TOTAL | J3: NON-CEP SCHOOLS | K3: CEP SCHOOLS
B4: BREAKFAST | C4: 0 | E4: 0 | G4: BREAKFAST | H4: =SUM(ROUND('PARTICIPATION RATES'!$D$4*'PARTICIPATION RATES'!$D$5,0),ROUND('PARTICIPATION RATES'!$J$4*'PARTICIPATION RATES'!$J5,0),ROUND('PARTICIPATION RATES'!$D$14*'PARTICIPATION RATES'!$D15,0),ROUND('PARTICIPATION RATES'!$J$14*'PARTICIPATION RATES'!$J15,0))*('FOOD & MATERIALS EXPENSE'!$C$4+'FOOD & MATERIALS EXPENSE'!$C$13)*'REIMBURSEMENTS AND REVENUES'!$C$19 -> 0 | J4: =SUM(ROUND('PARTICIPATION RATES'!$F$4*'PARTICIPATION RATES'!$F$5,0),ROUND('PARTICIPATION RATES'!$L$4*'PARTICIPATION RATES'!$L5,0),ROUND('PARTICIPATION RATES'!$F$14*'PARTICIPATION RATES'!$F15,0),ROUND('PARTICIPATION RATES'!$L$14*'PARTICIPATION RATES'!$L15,0))*('FOOD & MATERIALS EXPENSE'!$E$4+'FOOD & MATERIALS EXPENSE'!$E$13)*'REIMBURSEMENTS AND REVENUES'!$C$19 -> 0 | K4: =SUM(ROUND('PARTICIPATION RATES'!$G$4*'PARTICIPATION RATES'!$G$5,0),ROUND('PARTICIPATION RATES'!$M$4*'PARTICIPATION RATES'!$M5,0),ROUND('PARTICIPATION RATES'!$G$14*'PARTICIPATION RATES'!$G15,0),ROUND('PARTICIPATION RATES'!$M$14*'PARTICIPATION RATES'!$M15,0))*('FOOD & MATERIALS EXPENSE'!$E$4+'FOOD & MATERIALS EXPENSE'!$E$13)*'REIMBURSEMENTS AND REVENUES'!$C$19 -> 0
B5: SNACK | C5: 0 | E5: =C5 -> 0 | G5: SNACK | H5: =SUM(ROUND('PARTICIPATION RATES'!D$4*'PARTICIPATION RATES'!D6,0),ROUND('PARTICIPATION RATES'!J$4*'PARTICIPATION RATES'!J6,0),ROUND('PARTICIPATION RATES'!D$14*'PARTICIPATION RATES'!D16,0),ROUND('PARTICIPATION RATES'!J$14*'PARTICIPATION RATES'!J16,0))*('FOOD & MATERIALS EXPENSE'!C5+'FOOD & MATERIALS EXPENSE'!C14)*'REIMBURSEMENTS AND REVENUES'!$C$19 -> 0 | J5: =SUM(ROUND('PARTICIPATION RATES'!F$4*'PARTICIPATION RATES'!F6,0),ROUND('PARTICIPATION RATES'!L$4*'PARTICIPATION RATES'!L6,0),ROUND('PARTICIPATION RATES'!F$14*'PARTICIPATION RATES'!F16,0),ROUND('PARTICIPATION RATES'!L$14*'PARTICIPATION RATES'!L16,0))*('FOOD & MATERIALS EXPENSE'!E5+'FOOD & MATERIALS EXPENSE'!E14)*'REIMBURSEMENTS AND REVENUES'!$C$19 -> 0 | K5: =SUM(ROUND('PARTICIPATION RATES'!G$4*'PARTICIPATION RATES'!G6,0),ROUND('PARTICIPATION RATES'!M$4*'PARTICIPATION RATES'!M6,0),ROUND('PARTICIPATION RATES'!G$14*'PARTICIPATION RATES'!G16,0),ROUND('PARTICIPATION RATES'!M$14*'PARTICIPATION RATES'!M16,0))*('FOOD & MATERIALS EXPENSE'!E5+'FOOD & MATERIALS EXPENSE'!E14)*'REIMBURSEMENTS AND REVENUES'!$C$19 -> 0
B6: LUNCH | C6: 0 | E6: =C6 -> 0 | G6: LUNCH | H6: =SUM(ROUND('PARTICIPATION RATES'!D$4*'PARTICIPATION RATES'!D7,0),ROUND('PARTICIPATION RATES'!J$4*'PARTICIPATION RATES'!J7,0),ROUND('PARTICIPATION RATES'!D$14*'PARTICIPATION RATES'!D17,0),ROUND('PARTICIPATION RATES'!J$14*'PARTICIPATION RATES'!J17,0))*('FOOD & MATERIALS EXPENSE'!C6+'FOOD & MATERIALS EXPENSE'!C15)*'REIMBURSEMENTS AND REVENUES'!$C$19 -> 0 | J6: =SUM(ROUND('PARTICIPATION RATES'!F$4*'PARTICIPATION RATES'!F7,0),ROUND('PARTICIPATION RATES'!L$4*'PARTICIPATION RATES'!L7,0),ROUND('PARTICIPATION RATES'!F$14*'PARTICIPATION RATES'!F17,0),ROUND('PARTICIPATION RATES'!L$14*'PARTICIPATION RATES'!L17,0))*('FOOD & MATERIALS EXPENSE'!E6+'FOOD & MATERIALS EXPENSE'!E15)*'REIMBURSEMENTS AND REVENUES'!$C$19 -> 0 | K6: =SUM(ROUND('PARTICIPATION RATES'!G$4*'PARTICIPATION RATES'!G7,0),ROUND('PARTICIPATION RATES'!M$4*'PARTICIPATION RATES'!M7,0),ROUND('PARTICIPATION RATES'!G$14*'PARTICIPATION RATES'!G17,0),ROUND('PARTICIPATION RATES'!M$14*'PARTICIPATION RATES'!M17,0))*('FOOD & MATERIALS EXPENSE'!E6+'FOOD & MATERIALS EXPENSE'!E15)*'REIMBURSEMENTS AND REVENUES'!$C$19 -> 0
B7: SUPPER | C7: 0 | E7: =C7 -> 0 | G7: SUPPER | H7: =SUM(ROUND('PARTICIPATION RATES'!D$4*'PARTICIPATION RATES'!D8,0),ROUND('PARTICIPATION RATES'!J$4*'PARTICIPATION RATES'!J8,0),ROUND('PARTICIPATION RATES'!D$14*'PARTICIPATION RATES'!D18,0),ROUND('PARTICIPATION RATES'!J$14*'PARTICIPATION RATES'!J18,0))*('FOOD & MATERIALS EXPENSE'!C7+'FOOD & MATERIALS EXPENSE'!C16)*'REIMBURSEMENTS AND REVENUES'!$C$19 -> 0 | J7: =SUM(ROUND('PARTICIPATION RATES'!F$4*'PARTICIPATION RATES'!F8,0),ROUND('PARTICIPATION RATES'!L$4*'PARTICIPATION RATES'!L8,0),ROUND('PARTICIPATION RATES'!F$14*'PARTICIPATION RATES'!F18,0),ROUND('PARTICIPATION RATES'!L$14*'PARTICIPATION RATES'!L18,0))*('FOOD & MATERIALS EXPENSE'!E7+'FOOD & MATERIALS EXPENSE'!E16)*'REIMBURSEMENTS AND REVENUES'!$C$19 -> 0 | K7: =SUM(ROUND('PARTICIPATION RATES'!G$4*'PARTICIPATION RATES'!G8,0),ROUND('PARTICIPATION RATES'!M$4*'PARTICIPATION RATES'!M8,0),ROUND('PARTICIPATION RATES'!G$14*'PARTICIPATION RATES'!G18,0),ROUND('PARTICIPATION RATES'!M$14*'PARTICIPATION RATES'!M18,0))*('FOOD & MATERIALS EXPENSE'!E7+'FOOD & MATERIALS EXPENSE'!E16)*'REIMBURSEMENTS AND REVENUES'!$C$19 -> 0
B8: ALA CARTE | C8: 0 | E8: 0 | G8: ALA CARTE | H8: =SUM(ROUND('PARTICIPATION RATES'!D$4*'PARTICIPATION RATES'!D9,0),ROUND('PARTICIPATION RATES'!J$4*'PARTICIPATION RATES'!J9,0),ROUND('PARTICIPATION RATES'!D$14*'PARTICIPATION RATES'!D19,0),ROUND('PARTICIPATION RATES'!J$14*'PARTICIPATION RATES'!J19,0))*('FOOD & MATERIALS EXPENSE'!C8+'FOOD & MATERIALS EXPENSE'!C17)*'REIMBURSEMENTS AND REVENUES'!$C$19 -> 0 | J8: =SUM(ROUND('PARTICIPATION RATES'!F$4*'PARTICIPATION RATES'!F9,0),ROUND('PARTICIPATION RATES'!L$4*'PARTICIPATION RATES'!L9,0),ROUND('PARTICIPATION RATES'!F$14*'PARTICIPATION RATES'!F19,0),ROUND('PARTICIPATION RATES'!L$14*'PARTICIPATION RATES'!L19,0))*('FOOD & MATERIALS EXPENSE'!E8+'FOOD & MATERIALS EXPENSE'!E17)*'REIMBURSEMENTS AND REVENUES'!$C$19 -> 0 | K8: =SUM(ROUND('PARTICIPATION RATES'!G$4*'PARTICIPATION RATES'!G9,0),ROUND('PARTICIPATION RATES'!M$4*'PARTICIPATION RATES'!M9,0),ROUND('PARTICIPATION RATES'!G$14*'PARTICIPATION RATES'!G19,0),ROUND('PARTICIPATION RATES'!M$14*'PARTICIPATION RATES'!M19,0))*('FOOD & MATERIALS EXPENSE'!E8+'FOOD & MATERIALS EXPENSE'!E17)*'REIMBURSEMENTS AND REVENUES'!$C$19 -> 0
G9: ANNUAL TOTAL | H9: =SUM('FOOD & MATERIALS EXPENSE'!H5:H8) -> 0 | J9: =SUM('FOOD & MATERIALS EXPENSE'!J5:J8) -> 0 | K9: =SUM('FOOD & MATERIALS EXPENSE'!K5:K8) -> 0
J11: CEP COMPARISON
B12: AVERAGE PER MEAL MATERIALS COST | C12: STATUS QUO | E12: CEP COMPARISON | G12: OVERVIEW BY GRADE LEVEL | H12: TOTAL | J12: NON-CEP SCHOOLS | K12: CEP SCHOOLS
B13: BREAKFAST | C13: 0 | E13: =C13 -> 0 | G13: =ENROLLMENT!B2 -> SCHOOL TYPE #1 | H13: =((ROUND('PARTICIPATION RATES'!D$4*'PARTICIPATION RATES'!D$5,0)*(C$4+C$13))+(ROUND('PARTICIPATION RATES'!D$4*'PARTICIPATION RATES'!D$6,0)*(C$5+C$14))+(ROUND('PARTICIPATION RATES'!D$4*'PARTICIPATION RATES'!D$7,0)*(C$6+C$15))+(ROUND('PARTICIPATION RATES'!D$4*'PARTICIPATION RATES'!D$8,0)*(C$7+C$16))+(ROUND('PARTICIPATION RATES'!D$4*'PARTICIPATION RATES'!D$9,0)*(C$8+C$17)))*'REIMBURSEMENTS AND REVENUES'!$C$19 -> 0 | J13: =((ROUND('PARTICIPATION RATES'!F$4*'PARTICIPATION RATES'!F$5,0)*(E$4+E$13))+(ROUND('PARTICIPATION RATES'!F$4*'PARTICIPATION RATES'!F$6,0)*(E$5+E$14))+(ROUND('PARTICIPATION RATES'!F$4*'PARTICIPATION RATES'!F$7,0)*(E$6+E$15))+(ROUND('PARTICIPATION RATES'!F$4*'PARTICIPATION RATES'!F$8,0)*(E$7+E$16))+(ROUND('PARTICIPATION RATES'!F$4*'PARTICIPATION RATES'!F$9,0)*(E$8+E$17)))*'REIMBURSEMENTS AND REVENUES'!$C$19 -> 0 | K13: =((ROUND('PARTICIPATION RATES'!G$4*'PARTICIPATION RATES'!G$5,0)*(E$4+E$13))+(ROUND('PARTICIPATION RATES'!G$4*'PARTICIPATION RATES'!G$6,0)*(E$5+E$14))+(ROUND('PARTICIPATION RATES'!G$4*'PARTICIPATION RATES'!G$7,0)*(E$6+E$15))+(ROUND('PARTICIPATION RATES'!G$4*'PARTICIPATION RATES'!G$8,0)*(E$7+E$16))+(ROUND('PARTICIPATION RATES'!G$4*'PARTICIPATION RATES'!G$9,0)*(E$8+E$17)))*'REIMBURSEMENTS AND REVENUES'!$C$19 -> 0
B14: SNACK | C14: 0 | E14: =C14 -> 0 | G14: =ENROLLMENT!H2 -> SCHOOL TYPE #2 | H14: =((ROUND('PARTICIPATION RATES'!J$4*'PARTICIPATION RATES'!J$5,0)*(C$4+C$13))+(ROUND('PARTICIPATION RATES'!J$4*'PARTICIPATION RATES'!J$6,0)*(C$5+C$14))+(ROUND('PARTICIPATION RATES'!J$4*'PARTICIPATION RATES'!J$7,0)*(C$6+C$15))+(ROUND('PARTICIPATION RATES'!J$4*'PARTICIPATION RATES'!J$8,0)*(C$7+C$16))+(ROUND('PARTICIPATION RATES'!J$4*'PARTICIPATION RATES'!J$9,0)*(C$8+C$17)))*'REIMBURSEMENTS AND REVENUES'!$C$19 -> 0 | J14: =((ROUND('PARTICIPATION RATES'!L$4*'PARTICIPATION RATES'!L$5,0)*(E$4+E$13))+(ROUND('PARTICIPATION RATES'!L$4*'PARTICIPATION RATES'!L$6,0)*(E$5+E$14))+(ROUND('PARTICIPATION RATES'!L$4*'PARTICIPATION RATES'!L$7,0)*(E$6+E$15))+(ROUND('PARTICIPATION RATES'!L$4*'PARTICIPATION RATES'!L$8,0)*(E$7+E$16))+(ROUND('PARTICIPATION RATES'!L$4*'PARTICIPATION RATES'!L$9,0)*(E$8+E$17)))*'REIMBURSEMENTS AND REVENUES'!$C$19 -> 0 | K14: =((ROUND('PARTICIPATION RATES'!M$4*'PARTICIPATION RATES'!M$5,0)*(E$4+E$13))+(ROUND('PARTICIPATION RATES'!M$4*'PARTICIPATION RATES'!M$6,0)*(E$5+E$14))+(ROUND('PARTICIPATION RATES'!M$4*'PARTICIPATION RATES'!M$7,0)*(E$6+E$15))+(ROUND('PARTICIPATION RATES'!M$4*'PARTICIPATION RATES'!M$8,0)*(E$7+E$16))+(ROUND('PARTICIPATION RATES'!M$4*'PARTICIPATION RATES'!M$9,0)*(E$8+E$17)))*'REIMBURSEMENTS AND REVENUES'!$C$19 -> 0
B15: LUNCH | C15: 0 | E15: =C15 -> 0 | G15: =ENROLLMENT!B13 -> SCHOOL TYPE #3 | H15: =((ROUND('PARTICIPATION RATES'!D$14*'PARTICIPATION RATES'!D$15,0)*('FOOD & MATERIALS EXPENSE'!C$4+'FOOD & MATERIALS EXPENSE'!C$13))+(ROUND('PARTICIPATION RATES'!D$14*'PARTICIPATION RATES'!D$16,0)*('FOOD & MATERIALS EXPENSE'!C$5+'FOOD & MATERIALS EXPENSE'!C$14))+(ROUND('PARTICIPATION RATES'!D$14*'PARTICIPATION RATES'!D$17,0)*('FOOD & MATERIALS EXPENSE'!C$6+'FOOD & MATERIALS EXPENSE'!C$15))+(ROUND('PARTICIPATION RATES'!D$14*'PARTICIPATION RATES'!D$18,0)*('FOOD & MATERIALS EXPENSE'!C$7+'FOOD & MATERIALS EXPENSE'!C$16))+(ROUND('PARTICIPATION RATES'!D$14*'PARTICIPATION RATES'!D$19,0)*('FOOD & MATERIALS EXPENSE'!C$8+'FOOD & MATERIALS EXPENSE'!C$17)))*'REIMBURSEMENTS AND REVENUES'!$C$19 -> 0 | J15: =((ROUND('PARTICIPATION RATES'!F$14*'PARTICIPATION RATES'!F$15,0)*('FOOD & MATERIALS EXPENSE'!E$4+'FOOD & MATERIALS EXPENSE'!E$13))+(ROUND('PARTICIPATION RATES'!F$14*'PARTICIPATION RATES'!F$16,0)*('FOOD & MATERIALS EXPENSE'!E$5+'FOOD & MATERIALS EXPENSE'!E$14))+(ROUND('PARTICIPATION RATES'!F$14*'PARTICIPATION RATES'!F$17,0)*('FOOD & MATERIALS EXPENSE'!E$6+'FOOD & MATERIALS EXPENSE'!E$15))+(ROUND('PARTICIPATION RATES'!F$14*'PARTICIPATION RATES'!F$18,0)*('FOOD & MATERIALS EXPENSE'!E$7+'FOOD & MATERIALS EXPENSE'!E$16))+(ROUND('PARTICIPATION RATES'!F$14*'PARTICIPATION RATES'!F$19,0)*('FOOD & MATERIALS EXPENSE'!E$8+'FOOD & MATERIALS EXPENSE'!E$17)))*'REIMBURSEMENTS AND REVENUES'!$C$19 -> 0 | K15: =((ROUND('PARTICIPATION RATES'!G$14*'PARTICIPATION RATES'!G$15,0)*('FOOD & MATERIALS EXPENSE'!E$4+'FOOD & MATERIALS EXPENSE'!E$13))+(ROUND('PARTICIPATION RATES'!G$14*'PARTICIPATION RATES'!G$16,0)*('FOOD & MATERIALS EXPENSE'!E$5+'FOOD & MATERIALS EXPENSE'!E$14))+(ROUND('PARTICIPATION RATES'!G$14*'PARTICIPATION RATES'!G$17,0)*('FOOD & MATERIALS EXPENSE'!E$6+'FOOD & MATERIALS EXPENSE'!E$15))+(ROUND('PARTICIPATION RATES'!G$14*'PARTICIPATION RATES'!G$18,0)*('FOOD & MATERIALS EXPENSE'!E$7+'FOOD & MATERIALS EXPENSE'!E$16))+(ROUND('PARTICIPATION RATES'!G$14*'PARTICIPATION RATES'!G$19,0)*('FOOD & MATERIALS EXPENSE'!E$8+'FOOD & MATERIALS EXPENSE'!E$17)))*'REIMBURSEMENTS AND REVENUES'!$C$19 -> 0
B16: SUPPER | C16: 0 | E16: =C16 -> 0 | G16: =ENROLLMENT!H13 -> SCHOOL TYPE #4 | H16: =((ROUND('PARTICIPATION RATES'!J$14*'PARTICIPATION RATES'!J$15,0)*('FOOD & MATERIALS EXPENSE'!C$4+'FOOD & MATERIALS EXPENSE'!C$13))+(ROUND('PARTICIPATION RATES'!J$14*'PARTICIPATION RATES'!J$16,0)*('FOOD & MATERIALS EXPENSE'!C$5+'FOOD & MATERIALS EXPENSE'!C$14))+(ROUND('PARTICIPATION RATES'!J$14*'PARTICIPATION RATES'!J$17,0)*('FOOD & MATERIALS EXPENSE'!C$6+'FOOD & MATERIALS EXPENSE'!C$15))+(ROUND('PARTICIPATION RATES'!J$14*'PARTICIPATION RATES'!J$18,0)*('FOOD & MATERIALS EXPENSE'!C$7+'FOOD & MATERIALS EXPENSE'!C$16))+(ROUND('PARTICIPATION RATES'!J$14*'PARTICIPATION RATES'!J$19,0)*('FOOD & MATERIALS EXPENSE'!C$8+'FOOD & MATERIALS EXPENSE'!C$17)))*'REIMBURSEMENTS AND REVENUES'!$C$19 -> 0 | J16: =((ROUND('PARTICIPATION RATES'!L$14*'PARTICIPATION RATES'!L$15,0)*('FOOD & MATERIALS EXPENSE'!E$4+'FOOD & MATERIALS EXPENSE'!E$13))+(ROUND('PARTICIPATION RATES'!L$14*'PARTICIPATION RATES'!L$16,0)*('FOOD & MATERIALS EXPENSE'!E$5+'FOOD & MATERIALS EXPENSE'!E$14))+(ROUND('PARTICIPATION RATES'!L$14*'PARTICIPATION RATES'!L$17,0)*('FOOD & MATERIALS EXPENSE'!E$6+'FOOD & MATERIALS EXPENSE'!E$15))+(ROUND('PARTICIPATION RATES'!L$14*'PARTICIPATION RATES'!L$18,0)*('FOOD & MATERIALS EXPENSE'!E$7+'FOOD & MATERIALS EXPENSE'!E$16))+(ROUND('PARTICIPATION RATES'!L$14*'PARTICIPATION RATES'!L$19,0)*('FOOD & MATERIALS EXPENSE'!E$8+'FOOD & MATERIALS EXPENSE'!E$17)))*'REIMBURSEMENTS AND REVENUES'!$C$19 -> 0 | K16: =((ROUND('PARTICIPATION RATES'!M$14*'PARTICIPATION RATES'!M$15,0)*('FOOD & MATERIALS EXPENSE'!E$4+'FOOD & MATERIALS EXPENSE'!E$13))+(ROUND('PARTICIPATION RATES'!M$14*'PARTICIPATION RATES'!M$16,0)*('FOOD & MATERIALS EXPENSE'!E$5+'FOOD & MATERIALS EXPENSE'!E$14))+(ROUND('PARTICIPATION RATES'!M$14*'PARTICIPATION RATES'!M$17,0)*('FOOD & MATERIALS EXPENSE'!E$6+'FOOD & MATERIALS EXPENSE'!E$15))+(ROUND('PARTICIPATION RATES'!M$14*'PARTICIPATION RATES'!M$18,0)*('FOOD & MATERIALS EXPENSE'!E$7+'FOOD & MATERIALS EXPENSE'!E$16))+(ROUND('PARTICIPATION RATES'!M$14*'PARTICIPATION RATES'!M$19,0)*('FOOD & MATERIALS EXPENSE'!E$8+'FOOD & MATERIALS EXPENSE'!E$17)))*'REIMBURSEMENTS AND REVENUES'!$C$19 -> 0
B17: ALA CARTE | C17: 0 | E17: =C17 -> 0 | G17: ANNUAL TOTAL | H17: =SUM(H13:H14) -> 0 | J17: =SUM(J13:J14) -> 0 | K17: =SUM(K13:K14) -> 0
B19: CLICK HERE TO RETURN TO THE PREVIOUS PAGE | G19: CLICK HERE TO ADVANCE TO THE NEXT PAGE

Sheet ADMIN LABOR ASSUMPTIONS
B1: ADMINISTRATIVE LABOR ASSUMPTIONS | C1: STATUS QUO | E1: CEP COMPARISON
B2: =ENROLLMENT!B2 -> SCHOOL TYPE #1 | C2: TOTAL | E2: NON-CEP SCHOOLS | F2: CEP SCHOOLS | H2: CLICK HERE TO RETURN TO THE PREVIOUS PAGE
B3: AVG DAILY NON-DIRECTOR ADMINISTRATIVE LABOR HOURS | C3: 0 | E3: 0 | F3: 0
B4: ANNUAL NON-DIRECTOR ADMIN HOURS SPENT PROCESSING F/R APPLICATIONS | C4: 0 | E4: 0
B5: ADMINISTRATIVE LABOR HOURLY WAGE | C5: 0 | E5: 0 | F5: 0
B6: ANNUAL ADMINISTRATIVE WAGE EXPENSE | C6: =('REIMBURSEMENTS AND REVENUES'!$C$19*'ADMIN LABOR ASSUMPTIONS'!C3*'ADMIN LABOR ASSUMPTIONS'!C5)+('ADMIN LABOR ASSUMPTIONS'!C4*'ADMIN LABOR ASSUMPTIONS'!C5) -> 0 | E6: =('REIMBURSEMENTS AND REVENUES'!$C$19*'ADMIN LABOR ASSUMPTIONS'!E3*'ADMIN LABOR ASSUMPTIONS'!E5)+('ADMIN LABOR ASSUMPTIONS'!E4*'ADMIN LABOR ASSUMPTIONS'!E5) -> 0 | F6: =('REIMBURSEMENTS AND REVENUES'!$C$19*'ADMIN LABOR ASSUMPTIONS'!F3*'ADMIN LABOR ASSUMPTIONS'!F5)+('ADMIN LABOR ASSUMPTIONS'!F4*'ADMIN LABOR ASSUMPTIONS'!F5) -> 0
B7: =ENROLLMENT!H2 -> SCHOOL TYPE #2
B8: AVG DAILY NON-DIRECTOR ADMINISTRATIVE LABOR HOURS | C8: 0 | E8: 0 | F8: 0
B9: ANNUAL ADMIN HOURS SPENT PROCESSING F/R APPLICATIONS | C9: 0 | E9: 0
B10: ADMINISTRATIVE LABOR HOURLY WAGE | C10: 0 | E10: 0 | F10: 0
B11: ANNUAL ADMINISTRATIVE WAGE EXPENSE | C11: =('REIMBURSEMENTS AND REVENUES'!$C$19*C8*C10)+(C9*C10) -> 0 | E11: =('REIMBURSEMENTS AND REVENUES'!$C$19*E8*E10)+(E9*E10) -> 0 | F11: =('REIMBURSEMENTS AND REVENUES'!$C$19*F8*F10)+(F9*F10) -> 0
B12: =ENROLLMENT!B13 -> SCHOOL TYPE #3
B13: AVG DAILY NON-DIRECTOR ADMINISTRATIVE LABOR HOURS | C13: 0 | E13: 0 | F13: 0
B14: ANNUAL ADMIN HOURS SPENT PROCESSING F/R APPLICATIONS | C14: 0 | E14: 0
B15: ADMINISTRATIVE LABOR HOURLY WAGE | C15: 0 | E15: 0 | F15: 0
B16: ANNUAL ADMINISTRATIVE WAGE EXPENSE | C16: =('REIMBURSEMENTS AND REVENUES'!$C$19*C13*C15)+(C14*C15) -> 0 | E16: =('REIMBURSEMENTS AND REVENUES'!$C$19*E13*E15)+(E14*E15) -> 0 | F16: =('REIMBURSEMENTS AND REVENUES'!$C$19*F13*F15)+(F14*F15) -> 0
B17: =ENROLLMENT!H13 -> SCHOOL TYPE #4
B18: AVG DAILY NON-DIRECTOR ADMINISTRATIVE LABOR HOURS | C18: 0 | E18: 0 | F18: 0
B19: ANNUAL ADMIN HOURS SPENT PROCESSING F/R APPLICATIONS | C19: 0 | E19: 0
B20: ADMINISTRATIVE LABOR HOURLY WAGE | C20: 0 | E20: 0 | F20: 0
B21: ANNUAL ADMINISTRATIVE WAGE EXPENSE | C21: =('REIMBURSEMENTS AND REVENUES'!$C$19*'ADMIN LABOR ASSUMPTIONS'!C18*'ADMIN LABOR ASSUMPTIONS'!C20)+('ADMIN LABOR ASSUMPTIONS'!C19*'ADMIN LABOR ASSUMPTIONS'!C20) -> 0 | E21: =('REIMBURSEMENTS AND REVENUES'!$C$19*'ADMIN LABOR ASSUMPTIONS'!E18*'ADMIN LABOR ASSUMPTIONS'!E20)+('ADMIN LABOR ASSUMPTIONS'!E19*'ADMIN LABOR ASSUMPTIONS'!E20) -> 0 | F21: =('REIMBURSEMENTS AND REVENUES'!$C$19*'ADMIN LABOR ASSUMPTIONS'!F18*'ADMIN LABOR ASSUMPTIONS'!F20)+('ADMIN LABOR ASSUMPTIONS'!F19*'ADMIN LABOR ASSUMPTIONS'!F20) -> 0
B23: FOOD SERVICE DIRECTOR ANNUAL SALARY | C23: 0 | E23: =IF($C$23=0,0,$C$23*(ENROLLMENT!$Q$6/SUM(ENROLLMENT!$Q$6:$R$6))) -> 0 | F23: =IF($C$23=0,0,$C$23*(ENROLLMENT!$R$6/SUM(ENROLLMENT!$Q$6:$R$6))) -> 0
B25: BENEFIT % | C25: 0
B26: FICA / PAYROLL TAX % | C26: 0 | H26: CLICK HERE TO ADVANCE TO THE NEXT PAGE

Sheet DIRECT LABOR ASSUMPTIONS
B1: DIRECT LABOR ASSUMPTIONS
C2: STATUS QUO | E2: CEP COMPARISON | I2: STATUS QUO | K2: CEP COMPARISON | O2: STATUS QUO | Q2: CEP COMPARISON
B3: =ENROLLMENT!B2 -> SCHOOL TYPE #1 | C3: TOTAL | E3: NON-CEP SCHOOLS | F3: CEP SCHOOLS | H3: =ENROLLMENT!B13 -> SCHOOL TYPE #3 | I3: TOTAL | K3: NON-CEP SCHOOLS | L3: CEP SCHOOLS | N3: OVERVIEW | O3: TOTAL | Q3: NON-CEP SCHOOLS | R3: CEP SCHOOLS
B4: MEAL SERVICE TYPE | C4: CONVENTIONAL SYSTEM | E4: CONVENTIONAL SYSTEM | F4: CONVENTIONAL SYSTEM | H4: MEAL SERVICE TYPE | I4: CONVENTIONAL SYSTEM | K4: CONVENTIONAL SYSTEM | L4: CONVENTIONAL SYSTEM | N4: AVERAGE DAILY HOURS | O4: =SUM(C5,C14,I5,I14) -> 0 | Q4: =SUM(E5,E14,K5,K14) -> 0 | R4: =SUM(F5,F14,L5,L14) -> 0
B5: TOTAL AVERAGE DAILY HOURS | C5: 0 | E5: 0 | F5: 0 | H5: TOTAL AVERAGE DAILY HOURS | I5: 0 | K5: 0 | L5: 0 | N5: MEALS PER LABOR HOUR | O5: =IF(OR( 'PARTICIPATION RATES'!P10=0,O4=0),0,'PARTICIPATION RATES'!P10/O4) -> 0 | Q5: =IF(OR( 'PARTICIPATION RATES'!R10=0,Q4=0),0,'PARTICIPATION RATES'!R10/Q4) -> 0 | R5: =IF(OR( 'PARTICIPATION RATES'!S10=0,R4=0),0,'PARTICIPATION RATES'!S10/R4) -> 0
B6: MEALS PER LABOR HOUR | C6: =IF(C5=0,0,'PARTICIPATION RATES'!D10/C5) -> 0 | E6: =IF(E5=0,0,'PARTICIPATION RATES'!F10/E5) -> 0 | F6: =IF(F5=0,0,'PARTICIPATION RATES'!G10/F5) -> 0 | H6: MEALS PER LABOR HOUR | I6: =IF(I5=0,0,'PARTICIPATION RATES'!D20/I5) -> 0 | K6: =IF(K5=0,0,'PARTICIPATION RATES'!F20/K5) -> 0 | L6: =IF(L5=0,0,'PARTICIPATION RATES'!G20/L5) -> 0 | N6: MPLH GOAL RANGE | O6: =IF(AND('PARTICIPATION RATES'!$P$10>='MPLH COMPS'!$B$3,'PARTICIPATION RATES'!$P$10<='MPLH COMPS'!$C$3),'MPLH COMPS'!$D$3&" - "&'MPLH COMPS'!$G$3, IF(AND('PARTICIPATION RATES'!$P$10>='MPLH COMPS'!$B$4,'PARTICIPATION RATES'!$P$10<='MPLH COMPS'!$C$4),'MPLH COMPS'!$D$4&" - "&'MPLH COMPS'!$G$4, IF(AND('PARTICIPATION RATES'!$P$10>='MPLH COMPS'!$B$5,'PARTICIPATION RATES'!$P$10<='MPLH COMPS'!$C$5),'MPLH COMPS'!$D$5&" - "&'MPLH COMPS'!$G$5, IF(AND('PARTICIPATION RATES'!$P$10>='MPLH COMPS'!$B$6,'PARTICIPATION RATES'!$P$10<='MPLH COMPS'!$C$6),'MPLH COMPS'!$D$6&" - "&'MPLH COMPS'!$G$6, IF(AND('PARTICIPATION RATES'!$P$10>='MPLH COMPS'!$B$7,'PARTICIPATION RATES'!$P$10<='MPLH COMPS'!$C$7),'MPLH COMPS'!$D$7&" - "&'MPLH COMPS'!$G$7, IF(AND('PARTICIPATION RATES'!$P$10>='MPLH COMPS'!$B$8,'PARTICIPATION RATES'!$P$10<='MPLH COMPS'!$C$8),'MPLH COMPS'!$D$8&" - "&'MPLH COMPS'!$G$8, IF(AND('PARTICIPATION RATES'!$P$10>='MPLH COMPS'!$B$9,'PARTICIPATION RATES'!$P$10<='MPLH COMPS'!$C$9),'MPLH COMPS'!$D$9&" - "&'MPLH COMPS'!$G$9, IF(AND('PARTICIPATION RATES'!$P$10>='MPLH COMPS'!$B$10,'PARTICIPATION RATES'!$P$10<='MPLH COMPS'!$C$10),'MPLH COMPS'!$D$10&" - "&'MPLH COMPS'!$G$10, IF(AND('PARTICIPATION RATES'!$P$10>='MPLH COMPS'!$B$11,'PARTICIPATION RATES'!$P$10<='MPLH COMPS'!$C$11),'MPLH COMPS'!$D$11&" - "&'MPLH COMPS'!$G$11, IF(AND('PARTICIPATION RATES'!$P$10>='MPLH COMPS'!$B$12,'PARTICIPATION RATES'!$P$10<='MPLH COMPS'!$C$12),'MPLH COMPS'!$D$12&" - "&'MPLH COMPS'!$G$12, IF(AND('PARTICIPATION RATES'!$P$10>='MPLH COMPS'!$B$13,'PARTICIPATION RATES'!$P$10<='MPLH COMPS'!$C$13),'MPLH COMPS'!$D$13&" - "&'MPLH COMPS'!$G$13, ""))))))))))) | Q6: =IF(AND('PARTICIPATION RATES'!$R$10>='MPLH COMPS'!$B$3,'PARTICIPATION RATES'!$R$10<='MPLH COMPS'!$C$3),'MPLH COMPS'!$D$3&" - "&'MPLH COMPS'!$G$3, IF(AND('PARTICIPATION RATES'!$R$10>='MPLH COMPS'!$B$4,'PARTICIPATION RATES'!$R$10<='MPLH COMPS'!$C$4),'MPLH COMPS'!$D$4&" - "&'MPLH COMPS'!$G$4, IF(AND('PARTICIPATION RATES'!$R$10>='MPLH COMPS'!$B$5,'PARTICIPATION RATES'!$R$10<='MPLH COMPS'!$C$5),'MPLH COMPS'!$D$5&" - "&'MPLH COMPS'!$G$5, IF(AND('PARTICIPATION RATES'!$R$10>='MPLH COMPS'!$B$6,'PARTICIPATION RATES'!$R$10<='MPLH COMPS'!$C$6),'MPLH COMPS'!$D$6&" - "&'MPLH COMPS'!$G$6, IF(AND('PARTICIPATION RATES'!$R$10>='MPLH COMPS'!$B$7,'PARTICIPATION RATES'!$R$10<='MPLH COMPS'!$C$7),'MPLH COMPS'!$D$7&" - "&'MPLH COMPS'!$G$7, IF(AND('PARTICIPATION RATES'!$R$10>='MPLH COMPS'!$B$8,'PARTICIPATION RATES'!$R$10<='MPLH COMPS'!$C$8),'MPLH COMPS'!$D$8&" - "&'MPLH COMPS'!$G$8, IF(AND('PARTICIPATION RATES'!$R$10>='MPLH COMPS'!$B$9,'PARTICIPATION RATES'!$R$10<='MPLH COMPS'!$C$9),'MPLH COMPS'!$D$9&" - "&'MPLH COMPS'!$G$9, IF(AND('PARTICIPATION RATES'!$R$10>='MPLH COMPS'!$B$10,'PARTICIPATION RATES'!$R$10<='MPLH COMPS'!$C$10),'MPLH COMPS'!$D$10&" - "&'MPLH COMPS'!$G$10, IF(AND('PARTICIPATION RATES'!$R$10>='MPLH COMPS'!$B$11,'PARTICIPATION RATES'!$R$10<='MPLH COMPS'!$C$11),'MPLH COMPS'!$D$11&" - "&'MPLH COMPS'!$G$11, IF(AND('PARTICIPATION RATES'!$R$10>='MPLH COMPS'!$B$12,'PARTICIPATION RATES'!$R$10<='MPLH COMPS'!$C$12),'MPLH COMPS'!$D$12&" - "&'MPLH COMPS'!$G$12, IF(AND('PARTICIPATION RATES'!$R$10>='MPLH COMPS'!$B$13,'PARTICIPATION RATES'!$R$10<='MPLH COMPS'!$C$13),'MPLH COMPS'!$D$13&" - "&'MPLH COMPS'!$G$13, ""))))))))))) | R6: =IF(AND('PARTICIPATION RATES'!$S$10>='MPLH COMPS'!$B$3,'PARTICIPATION RATES'!$S$10<='MPLH COMPS'!$C$3),'MPLH COMPS'!$D$3&" - "&'MPLH COMPS'!$G$3, IF(AND('PARTICIPATION RATES'!$S$10>='MPLH COMPS'!$B$4,'PARTICIPATION RATES'!$S$10<='MPLH COMPS'!$C$4),'MPLH COMPS'!$D$4&" - "&'MPLH COMPS'!$G$4, IF(AND('PARTICIPATION RATES'!$S$10>='MPLH COMPS'!$B$5,'PARTICIPATION RATES'!$S$10<='MPLH COMPS'!$C$5),'MPLH COMPS'!$D$5&" - "&'MPLH COMPS'!$G$5, IF(AND('PARTICIPATION RATES'!$S$10>='MPLH COMPS'!$B$6,'PARTICIPATION RATES'!$S$10<='MPLH COMPS'!$C$6),'MPLH COMPS'!$D$6&" - "&'MPLH COMPS'!$G$6, IF(AND('PARTICIPATION RATES'!$S$10>='MPLH COMPS'!$B$7,'PARTICIPATION RATES'!$S$10<='MPLH COMPS'!$C$7),'MPLH COMPS'!$D$7&" - "&'MPLH COMPS'!$G$7, IF(AND('PARTICIPATION RATES'!$S$10>='MPLH COMPS'!$B$8,'PARTICIPATION RATES'!$S$10<='MPLH COMPS'!$C$8),'MPLH COMPS'!$D$8&" - "&'MPLH COMPS'!$G$8, IF(AND('PARTICIPATION RATES'!$S$10>='MPLH COMPS'!$B$9,'PARTICIPATION RATES'!$S$10<='MPLH COMPS'!$C$9),'MPLH COMPS'!$D$9&" - "&'MPLH COMPS'!$G$9, IF(AND('PARTICIPATION RATES'!$S$10>='MPLH COMPS'!$B$10,'PARTICIPATION RATES'!$S$10<='MPLH COMPS'!$C$10),'MPLH COMPS'!$D$10&" - "&'MPLH COMPS'!$G$10, IF(AND('PARTICIPATION RATES'!$S$10>='MPLH COMPS'!$B$11,'PARTICIPATION RATES'!$S$10<='MPLH COMPS'!$C$11),'MPLH COMPS'!$D$11&" - "&'MPLH COMPS'!$G$11, IF(AND('PARTICIPATION RATES'!$S$10>='MPLH COMPS'!$B$12,'PARTICIPATION RATES'!$S$10<='MPLH COMPS'!$C$12),'MPLH COMPS'!$D$12&" - "&'MPLH COMPS'!$G$12, IF(AND('PARTICIPATION RATES'!$S$10>='MPLH COMPS'!$B$13,'PARTICIPATION RATES'!$S$10<='MPLH COMPS'!$C$13),'MPLH COMPS'!$D$13&" - "&'MPLH COMPS'!$G$13, "")))))))))))
B7: MPLH GOAL RANGE | C7: =IF(AND(C4="CONVENTIONAL SYSTEM",'PARTICIPATION RATES'!$D$10>='MPLH COMPS'!$B$3,'PARTICIPATION RATES'!$D$10<='MPLH COMPS'!$C$3),'MPLH COMPS'!$D$3&" - "&'MPLH COMPS'!$E$3, IF(AND(C4="CONVENTIONAL SYSTEM",'PARTICIPATION RATES'!$D$10>='MPLH COMPS'!$B$4,'PARTICIPATION RATES'!$D$10<='MPLH COMPS'!$C$4),'MPLH COMPS'!$D$4&" - "&'MPLH COMPS'!$E$4, IF(AND(C4="CONVENTIONAL SYSTEM",'PARTICIPATION RATES'!$D$10>='MPLH COMPS'!$B$5,'PARTICIPATION RATES'!$D$10<='MPLH COMPS'!$C$5),'MPLH COMPS'!$D$5&" - "&'MPLH COMPS'!$E$5, IF(AND(C4="CONVENTIONAL SYSTEM",'PARTICIPATION RATES'!$D$10>='MPLH COMPS'!$B$6,'PARTICIPATION RATES'!$D$10<='MPLH COMPS'!$C$6),'MPLH COMPS'!$D$6&" - "&'MPLH COMPS'!$E$6, IF(AND(C4="CONVENTIONAL SYSTEM",'PARTICIPATION RATES'!$D$10>='MPLH COMPS'!$B$7,'PARTICIPATION RATES'!$D$10<='MPLH COMPS'!$C$7),'MPLH COMPS'!$D$7&" - "&'MPLH COMPS'!$E$7, IF(AND(C4="CONVENTIONAL SYSTEM",'PARTICIPATION RATES'!$D$10>='MPLH COMPS'!$B$8,'PARTICIPATION RATES'!$D$10<='MPLH COMPS'!$C$8),'MPLH COMPS'!$D$8&" - "&'MPLH COMPS'!$E$8, IF(AND(C4="CONVENTIONAL SYSTEM",'PARTICIPATION RATES'!$D$10>='MPLH COMPS'!$B$9,'PARTICIPATION RATES'!$D$10<='MPLH COMPS'!$C$9),'MPLH COMPS'!$D$9&" - "&'MPLH COMPS'!$E$9, IF(AND(C4="CONVENTIONAL SYSTEM",'PARTICIPATION RATES'!$D$10>='MPLH COMPS'!$B$10,'PARTICIPATION RATES'!$D$10<='MPLH COMPS'!$C$10),'MPLH COMPS'!$D$10&" - "&'MPLH COMPS'!$E$10, IF(AND(C4="CONVENTIONAL SYSTEM",'PARTICIPATION RATES'!$D$10>='MPLH COMPS'!$B$11,'PARTICIPATION RATES'!$D$10<='MPLH COMPS'!$C$11),'MPLH COMPS'!$D$11&" - "&'MPLH COMPS'!$E$11, IF(AND(C4="CONVENTIONAL SYSTEM",'PARTICIPATION RATES'!$D$10>='MPLH COMPS'!$B$12,'PARTICIPATION RATES'!$D$10<='MPLH COMPS'!$C$12),'MPLH COMPS'!$D$12&" - "&'MPLH COMPS'!$E$12, IF(AND(C4="CONVENTIONAL SYSTEM",'PARTICIPATION RATES'!$D$10>='MPLH COMPS'!$B$13,'PARTICIPATION RATES'!$D$10<='MPLH COMPS'!$C$13),'MPLH COMPS'!$D$13&" - "&'MPLH COMPS'!$E$13, IF(AND(C4="CONVENIENCE SYSTEM",'PARTICIPATION RATES'!$D$10>='MPLH COMPS'!$B$3,'PARTICIPATION RATES'!$D$10<='MPLH COMPS'!$C$3),'MPLH COMPS'!$F$3&" - "&'MPLH COMPS'!$G$3, IF(AND(C4="CONVENIENCE SYSTEM",'PARTICIPATION RATES'!$D$10>='MPLH COMPS'!$B$4,'PARTICIPATION RATES'!$D$10<='MPLH COMPS'!$C$4),'MPLH COMPS'!$F$4&" - "&'MPLH COMPS'!$G$4, IF(AND(C4="CONVENIENCE SYSTEM",'PARTICIPATION RATES'!$D$10>='MPLH COMPS'!$B$5,'PARTICIPATION RATES'!$D$10<='MPLH COMPS'!$C$5),'MPLH COMPS'!$F$5&" - "&'MPLH COMPS'!$G$5, IF(AND(C4="CONVENIENCE SYSTEM",'PARTICIPATION RATES'!$D$10>='MPLH COMPS'!$B$6,'PARTICIPATION RATES'!$D$10<='MPLH COMPS'!$C$6),'MPLH COMPS'!$F$6&" - "&'MPLH COMPS'!$G$6, IF(AND(C4="CONVENIENCE SYSTEM",'PARTICIPATION RATES'!$D$10>='MPLH COMPS'!$B$7,'PARTICIPATION RATES'!$D$10<='MPLH COMPS'!$C$7),'MPLH COMPS'!$F$7&" - "&'MPLH COMPS'!$G$7, IF(AND(C4="CONVENIENCE SYSTEM",'PARTICIPATION RATES'!$D$10>='MPLH COMPS'!$B$8,'PARTICIPATION RATES'!$D$10<='MPLH COMPS'!$C$8),'MPLH COMPS'!$F$8&" - "&'MPLH COMPS'!$G$8, IF(AND(C4="CONVENIENCE SYSTEM",'PARTICIPATION RATES'!$D$10>='MPLH COMPS'!$B$9,'PARTICIPATION RATES'!$D$10<='MPLH COMPS'!$C$9),'MPLH COMPS'!$F$9&" - "&'MPLH COMPS'!$G$9, IF(AND(C4="CONVENIENCE SYSTEM",'PARTICIPATION RATES'!$D$10>='MPLH COMPS'!$B$10,'PARTICIPATION RATES'!$D$10<='MPLH COMPS'!$C$10),'MPLH COMPS'!$F$10&" - "&'MPLH COMPS'!$G$10, IF(AND(C4="CONVENIENCE SYSTEM",'PARTICIPATION RATES'!$D$10>='MPLH COMPS'!$B$11,'PARTICIPATION RATES'!$D$10<='MPLH COMPS'!$C$11),'MPLH COMPS'!$F$11&" - "&'MPLH COMPS'!$G$11, IF(AND(C4="CONVENIENCE SYSTEM",'PARTICIPATION RATES'!$D$10>='MPLH COMPS'!$B$12,'PARTICIPATION RATES'!$D$10<='MPLH COMPS'!$C$12),'MPLH COMPS'!$F$12&" - "&'MPLH COMPS'!$G$12, IF(AND(C4="CONVENIENCE SYSTEM",'PARTICIPATION RATES'!$D$10>='MPLH COMPS'!$B$13,'PARTICIPATION RATES'!$D$10<='MPLH COMPS'!$C$13),'MPLH COMPS'!$F$13&" - "&'MPLH COMPS'!$G$13, "")))))))))))))))))))))) | E7: =IF(AND(E4="CONVENTIONAL SYSTEM",'PARTICIPATION RATES'!$F$10>='MPLH COMPS'!$B$3,'PARTICIPATION RATES'!$F$10<='MPLH COMPS'!$C$3),'MPLH COMPS'!$D$3&" - "&'MPLH COMPS'!$E$3, IF(AND(E4="CONVENTIONAL SYSTEM",'PARTICIPATION RATES'!$F$10>='MPLH COMPS'!$B$4,'PARTICIPATION RATES'!$F$10<='MPLH COMPS'!$C$4),'MPLH COMPS'!$D$4&" - "&'MPLH COMPS'!$E$4, IF(AND(E4="CONVENTIONAL SYSTEM",'PARTICIPATION RATES'!$F$10>='MPLH COMPS'!$B$5,'PARTICIPATION RATES'!$F$10<='MPLH COMPS'!$C$5),'MPLH COMPS'!$D$5&" - "&'MPLH COMPS'!$E$5, IF(AND(E4="CONVENTIONAL SYSTEM",'PARTICIPATION RATES'!$F$10>='MPLH COMPS'!$B$6,'PARTICIPATION RATES'!$F$10<='MPLH COMPS'!$C$6),'MPLH COMPS'!$D$6&" - "&'MPLH COMPS'!$E$6, IF(AND(E4="CONVENTIONAL SYSTEM",'PARTICIPATION RATES'!$F$10>='MPLH COMPS'!$B$7,'PARTICIPATION RATES'!$F$10<='MPLH COMPS'!$C$7),'MPLH COMPS'!$D$7&" - "&'MPLH COMPS'!$E$7, IF(AND(E4="CONVENTIONAL SYSTEM",'PARTICIPATION RATES'!$F$10>='MPLH COMPS'!$B$8,'PARTICIPATION RATES'!$F$10<='MPLH COMPS'!$C$8),'MPLH COMPS'!$D$8&" - "&'MPLH COMPS'!$E$8, IF(AND(E4="CONVENTIONAL SYSTEM",'PARTICIPATION RATES'!$F$10>='MPLH COMPS'!$B$9,'PARTICIPATION RATES'!$F$10<='MPLH COMPS'!$C$9),'MPLH COMPS'!$D$9&" - "&'MPLH COMPS'!$E$9, IF(AND(E4="CONVENTIONAL SYSTEM",'PARTICIPATION RATES'!$F$10>='MPLH COMPS'!$B$10,'PARTICIPATION RATES'!$F$10<='MPLH COMPS'!$C$10),'MPLH COMPS'!$D$10&" - "&'MPLH COMPS'!$E$10, IF(AND(E4="CONVENTIONAL SYSTEM",'PARTICIPATION RATES'!$F$10>='MPLH COMPS'!$B$11,'PARTICIPATION RATES'!$F$10<='MPLH COMPS'!$C$11),'MPLH COMPS'!$D$11&" - "&'MPLH COMPS'!$E$11, IF(AND(E4="CONVENTIONAL SYSTEM",'PARTICIPATION RATES'!$F$10>='MPLH COMPS'!$B$12,'PARTICIPATION RATES'!$F$10<='MPLH COMPS'!$C$12),'MPLH COMPS'!$D$12&" - "&'MPLH COMPS'!$E$12, IF(AND(E4="CONVENTIONAL SYSTEM",'PARTICIPATION RATES'!$F$10>='MPLH COMPS'!$B$13,'PARTICIPATION RATES'!$F$10<='MPLH COMPS'!$C$13),'MPLH COMPS'!$D$13&" - "&'MPLH COMPS'!$E$13, IF(AND(E4="CONVENIENCE SYSTEM",'PARTICIPATION RATES'!$F$10>='MPLH COMPS'!$B$3,'PARTICIPATION RATES'!$F$10<='MPLH COMPS'!$C$3),'MPLH COMPS'!$F$3&" - "&'MPLH COMPS'!$G$3, IF(AND(E4="CONVENIENCE SYSTEM",'PARTICIPATION RATES'!$F$10>='MPLH COMPS'!$B$4,'PARTICIPATION RATES'!$F$10<='MPLH COMPS'!$C$4),'MPLH COMPS'!$F$4&" - "&'MPLH COMPS'!$G$4, IF(AND(E4="CONVENIENCE SYSTEM",'PARTICIPATION RATES'!$F$10>='MPLH COMPS'!$B$5,'PARTICIPATION RATES'!$F$10<='MPLH COMPS'!$C$5),'MPLH COMPS'!$F$5&" - "&'MPLH COMPS'!$G$5, IF(AND(E4="CONVENIENCE SYSTEM",'PARTICIPATION RATES'!$F$10>='MPLH COMPS'!$B$6,'PARTICIPATION RATES'!$F$10<='MPLH COMPS'!$C$6),'MPLH COMPS'!$F$6&" - "&'MPLH COMPS'!$G$6, IF(AND(E4="CONVENIENCE SYSTEM",'PARTICIPATION RATES'!$F$10>='MPLH COMPS'!$B$7,'PARTICIPATION RATES'!$F$10<='MPLH COMPS'!$C$7),'MPLH COMPS'!$F$7&" - "&'MPLH COMPS'!$G$7, IF(AND(E4="CONVENIENCE SYSTEM",'PARTICIPATION RATES'!$F$10>='MPLH COMPS'!$B$8,'PARTICIPATION RATES'!$F$10<='MPLH COMPS'!$C$8),'MPLH COMPS'!$F$8&" - "&'MPLH COMPS'!$G$8, IF(AND(E4="CONVENIENCE SYSTEM",'PARTICIPATION RATES'!$F$10>='MPLH COMPS'!$B$9,'PARTICIPATION RATES'!$F$10<='MPLH COMPS'!$C$9),'MPLH COMPS'!$F$9&" - "&'MPLH COMPS'!$G$9, IF(AND(E4="CONVENIENCE SYSTEM",'PARTICIPATION RATES'!$F$10>='MPLH COMPS'!$B$10,'PARTICIPATION RATES'!$F$10<='MPLH COMPS'!$C$10),'MPLH COMPS'!$F$10&" - "&'MPLH COMPS'!$G$10, IF(AND(E4="CONVENIENCE SYSTEM",'PARTICIPATION RATES'!$F$10>='MPLH COMPS'!$B$11,'PARTICIPATION RATES'!$F$10<='MPLH COMPS'!$C$11),'MPLH COMPS'!$F$11&" - "&'MPLH COMPS'!$G$11, IF(AND(E4="CONVENIENCE SYSTEM",'PARTICIPATION RATES'!$F$10>='MPLH COMPS'!$B$12,'PARTICIPATION RATES'!$F$10<='MPLH COMPS'!$C$12),'MPLH COMPS'!$F$12&" - "&'MPLH COMPS'!$G$12, IF(AND(E4="CONVENIENCE SYSTEM",'PARTICIPATION RATES'!$F$10>='MPLH COMPS'!$B$13,'PARTICIPATION RATES'!$F$10<='MPLH COMPS'!$C$13),'MPLH COMPS'!$F$13&" - "&'MPLH COMPS'!$G$13, "")))))))))))))))))))))) | F7: =IF(AND(F4="CONVENTIONAL SYSTEM",'PARTICIPATION RATES'!$G$10>='MPLH COMPS'!$B$3,'PARTICIPATION RATES'!$G$10<='MPLH COMPS'!$C$3),'MPLH COMPS'!$D$3&" - "&'MPLH COMPS'!$E$3, IF(AND(F4="CONVENTIONAL SYSTEM",'PARTICIPATION RATES'!$G$10>='MPLH COMPS'!$B$4,'PARTICIPATION RATES'!$G$10<='MPLH COMPS'!$C$4),'MPLH COMPS'!$D$4&" - "&'MPLH COMPS'!$E$4, IF(AND(F4="CONVENTIONAL SYSTEM",'PARTICIPATION RATES'!$G$10>='MPLH COMPS'!$B$5,'PARTICIPATION RATES'!$G$10<='MPLH COMPS'!$C$5),'MPLH COMPS'!$D$5&" - "&'MPLH COMPS'!$E$5, IF(AND(F4="CONVENTIONAL SYSTEM",'PARTICIPATION RATES'!$G$10>='MPLH COMPS'!$B$6,'PARTICIPATION RATES'!$G$10<='MPLH COMPS'!$C$6),'MPLH COMPS'!$D$6&" - "&'MPLH COMPS'!$E$6, IF(AND(F4="CONVENTIONAL SYSTEM",'PARTICIPATION RATES'!$G$10>='MPLH COMPS'!$B$7,'PARTICIPATION RATES'!$G$10<='MPLH COMPS'!$C$7),'MPLH COMPS'!$D$7&" - "&'MPLH COMPS'!$E$7, IF(AND(F4="CONVENTIONAL SYSTEM",'PARTICIPATION RATES'!$G$10>='MPLH COMPS'!$B$8,'PARTICIPATION RATES'!$G$10<='MPLH COMPS'!$C$8),'MPLH COMPS'!$D$8&" - "&'MPLH COMPS'!$E$8, IF(AND(F4="CONVENTIONAL SYSTEM",'PARTICIPATION RATES'!$G$10>='MPLH COMPS'!$B$9,'PARTICIPATION RATES'!$G$10<='MPLH COMPS'!$C$9),'MPLH COMPS'!$D$9&" - "&'MPLH COMPS'!$E$9, IF(AND(F4="CONVENTIONAL SYSTEM",'PARTICIPATION RATES'!$G$10>='MPLH COMPS'!$B$10,'PARTICIPATION RATES'!$G$10<='MPLH COMPS'!$C$10),'MPLH COMPS'!$D$10&" - "&'MPLH COMPS'!$E$10, IF(AND(F4="CONVENTIONAL SYSTEM",'PARTICIPATION RATES'!$G$10>='MPLH COMPS'!$B$11,'PARTICIPATION RATES'!$G$10<='MPLH COMPS'!$C$11),'MPLH COMPS'!$D$11&" - "&'MPLH COMPS'!$E$11, IF(AND(F4="CONVENTIONAL SYSTEM",'PARTICIPATION RATES'!$G$10>='MPLH COMPS'!$B$12,'PARTICIPATION RATES'!$G$10<='MPLH COMPS'!$C$12),'MPLH COMPS'!$D$12&" - "&'MPLH COMPS'!$E$12, IF(AND(F4="CONVENTIONAL SYSTEM",'PARTICIPATION RATES'!$G$10>='MPLH COMPS'!$B$13,'PARTICIPATION RATES'!$G$10<='MPLH COMPS'!$C$13),'MPLH COMPS'!$D$13&" - "&'MPLH COMPS'!$E$13, IF(AND(F4="CONVENIENCE SYSTEM",'PARTICIPATION RATES'!$G$10>='MPLH COMPS'!$B$3,'PARTICIPATION RATES'!$G$10<='MPLH COMPS'!$C$3),'MPLH COMPS'!$F$3&" - "&'MPLH COMPS'!$G$3, IF(AND(F4="CONVENIENCE SYSTEM",'PARTICIPATION RATES'!$G$10>='MPLH COMPS'!$B$4,'PARTICIPATION RATES'!$G$10<='MPLH COMPS'!$C$4),'MPLH COMPS'!$F$4&" - "&'MPLH COMPS'!$G$4, IF(AND(F4="CONVENIENCE SYSTEM",'PARTICIPATION RATES'!$G$10>='MPLH COMPS'!$B$5,'PARTICIPATION RATES'!$G$10<='MPLH COMPS'!$C$5),'MPLH COMPS'!$F$5&" - "&'MPLH COMPS'!$G$5, IF(AND(F4="CONVENIENCE SYSTEM",'PARTICIPATION RATES'!$G$10>='MPLH COMPS'!$B$6,'PARTICIPATION RATES'!$G$10<='MPLH COMPS'!$C$6),'MPLH COMPS'!$F$6&" - "&'MPLH COMPS'!$G$6, IF(AND(F4="CONVENIENCE SYSTEM",'PARTICIPATION RATES'!$G$10>='MPLH COMPS'!$B$7,'PARTICIPATION RATES'!$G$10<='MPLH COMPS'!$C$7),'MPLH COMPS'!$F$7&" - "&'MPLH COMPS'!$G$7, IF(AND(F4="CONVENIENCE SYSTEM",'PARTICIPATION RATES'!$G$10>='MPLH COMPS'!$B$8,'PARTICIPATION RATES'!$G$10<='MPLH COMPS'!$C$8),'MPLH COMPS'!$F$8&" - "&'MPLH COMPS'!$G$8, IF(AND(F4="CONVENIENCE SYSTEM",'PARTICIPATION RATES'!$G$10>='MPLH COMPS'!$B$9,'PARTICIPATION RATES'!$G$10<='MPLH COMPS'!$C$9),'MPLH COMPS'!$F$9&" - "&'MPLH COMPS'!$G$9, IF(AND(F4="CONVENIENCE SYSTEM",'PARTICIPATION RATES'!$G$10>='MPLH COMPS'!$B$10,'PARTICIPATION RATES'!$G$10<='MPLH COMPS'!$C$10),'MPLH COMPS'!$F$10&" - "&'MPLH COMPS'!$G$10, IF(AND(F4="CONVENIENCE SYSTEM",'PARTICIPATION RATES'!$G$10>='MPLH COMPS'!$B$11,'PARTICIPATION RATES'!$G$10<='MPLH COMPS'!$C$11),'MPLH COMPS'!$F$11&" - "&'MPLH COMPS'!$G$11, IF(AND(F4="CONVENIENCE SYSTEM",'PARTICIPATION RATES'!$G$10>='MPLH COMPS'!$B$12,'PARTICIPATION RATES'!$G$10<='MPLH COMPS'!$C$12),'MPLH COMPS'!$F$12&" - "&'MPLH COMPS'!$G$12, IF(AND(F4="CONVENIENCE SYSTEM",'PARTICIPATION RATES'!$G$10>='MPLH COMPS'!$B$13,'PARTICIPATION RATES'!$G$10<='MPLH COMPS'!$C$13),'MPLH COMPS'!$F$13&" - "&'MPLH COMPS'!$G$13, "")))))))))))))))))))))) | H7: MPLH GOAL RANGE | I7: =IF(AND(I4="CONVENTIONAL SYSTEM",'PARTICIPATION RATES'!$D$20>='MPLH COMPS'!$B$3,'PARTICIPATION RATES'!$D$20<='MPLH COMPS'!$C$3),'MPLH COMPS'!$D$3&" - "&'MPLH COMPS'!$E$3, IF(AND(I4="CONVENTIONAL SYSTEM",'PARTICIPATION RATES'!$D$20>='MPLH COMPS'!$B$4,'PARTICIPATION RATES'!$D$20<='MPLH COMPS'!$C$4),'MPLH COMPS'!$D$4&" - "&'MPLH COMPS'!$E$4, IF(AND(I4="CONVENTIONAL SYSTEM",'PARTICIPATION RATES'!$D$20>='MPLH COMPS'!$B$5,'PARTICIPATION RATES'!$D$20<='MPLH COMPS'!$C$5),'MPLH COMPS'!$D$5&" - "&'MPLH COMPS'!$E$5, IF(AND(I4="CONVENTIONAL SYSTEM",'PARTICIPATION RATES'!$D$20>='MPLH COMPS'!$B$6,'PARTICIPATION RATES'!$D$20<='MPLH COMPS'!$C$6),'MPLH COMPS'!$D$6&" - "&'MPLH COMPS'!$E$6, IF(AND(I4="CONVENTIONAL SYSTEM",'PARTICIPATION RATES'!$D$20>='MPLH COMPS'!$B$7,'PARTICIPATION RATES'!$D$20<='MPLH COMPS'!$C$7),'MPLH COMPS'!$D$7&" - "&'MPLH COMPS'!$E$7, IF(AND(I4="CONVENTIONAL SYSTEM",'PARTICIPATION RATES'!$D$20>='MPLH COMPS'!$B$8,'PARTICIPATION RATES'!$D$20<='MPLH COMPS'!$C$8),'MPLH COMPS'!$D$8&" - "&'MPLH COMPS'!$E$8, IF(AND(I4="CONVENTIONAL SYSTEM",'PARTICIPATION RATES'!$D$20>='MPLH COMPS'!$B$9,'PARTICIPATION RATES'!$D$20<='MPLH COMPS'!$C$9),'MPLH COMPS'!$D$9&" - "&'MPLH COMPS'!$E$9, IF(AND(I4="CONVENTIONAL SYSTEM",'PARTICIPATION RATES'!$D$20>='MPLH COMPS'!$B$10,'PARTICIPATION RATES'!$D$20<='MPLH COMPS'!$C$10),'MPLH COMPS'!$D$10&" - "&'MPLH COMPS'!$E$10, IF(AND(I4="CONVENTIONAL SYSTEM",'PARTICIPATION RATES'!$D$20>='MPLH COMPS'!$B$11,'PARTICIPATION RATES'!$D$20<='MPLH COMPS'!$C$11),'MPLH COMPS'!$D$11&" - "&'MPLH COMPS'!$E$11, IF(AND(I4="CONVENTIONAL SYSTEM",'PARTICIPATION RATES'!$D$20>='MPLH COMPS'!$B$12,'PARTICIPATION RATES'!$D$20<='MPLH COMPS'!$C$12),'MPLH COMPS'!$D$12&" - "&'MPLH COMPS'!$E$12, IF(AND(I4="CONVENTIONAL SYSTEM",'PARTICIPATION RATES'!$D$20>='MPLH COMPS'!$B$13,'PARTICIPATION RATES'!$D$20<='MPLH COMPS'!$C$13),'MPLH COMPS'!$D$13&" - "&'MPLH COMPS'!$E$13, IF(AND(I4="CONVENIENCE SYSTEM",'PARTICIPATION RATES'!$D$20>='MPLH COMPS'!$B$3,'PARTICIPATION RATES'!$D$20<='MPLH COMPS'!$C$3),'MPLH COMPS'!$F$3&" - "&'MPLH COMPS'!$G$3, IF(AND(I4="CONVENIENCE SYSTEM",'PARTICIPATION RATES'!$D$20>='MPLH COMPS'!$B$4,'PARTICIPATION RATES'!$D$20<='MPLH COMPS'!$C$4),'MPLH COMPS'!$F$4&" - "&'MPLH COMPS'!$G$4, IF(AND(I4="CONVENIENCE SYSTEM",'PARTICIPATION RATES'!$D$20>='MPLH COMPS'!$B$5,'PARTICIPATION RATES'!$D$20<='MPLH COMPS'!$C$5),'MPLH COMPS'!$F$5&" - "&'MPLH COMPS'!$G$5, IF(AND(I4="CONVENIENCE SYSTEM",'PARTICIPATION RATES'!$D$20>='MPLH COMPS'!$B$6,'PARTICIPATION RATES'!$D$20<='MPLH COMPS'!$C$6),'MPLH COMPS'!$F$6&" - "&'MPLH COMPS'!$G$6, IF(AND(I4="CONVENIENCE SYSTEM",'PARTICIPATION RATES'!$D$20>='MPLH COMPS'!$B$7,'PARTICIPATION RATES'!$D$20<='MPLH COMPS'!$C$7),'MPLH COMPS'!$F$7&" - "&'MPLH COMPS'!$G$7, IF(AND(I4="CONVENIENCE SYSTEM",'PARTICIPATION RATES'!$D$20>='MPLH COMPS'!$B$8,'PARTICIPATION RATES'!$D$20<='MPLH COMPS'!$C$8),'MPLH COMPS'!$F$8&" - "&'MPLH COMPS'!$G$8, IF(AND(I4="CONVENIENCE SYSTEM",'PARTICIPATION RATES'!$D$20>='MPLH COMPS'!$B$9,'PARTICIPATION RATES'!$D$20<='MPLH COMPS'!$C$9),'MPLH COMPS'!$F$9&" - "&'MPLH COMPS'!$G$9, IF(AND(I4="CONVENIENCE SYSTEM",'PARTICIPATION RATES'!$D$20>='MPLH COMPS'!$B$10,'PARTICIPATION RATES'!$D$20<='MPLH COMPS'!$C$10),'MPLH COMPS'!$F$10&" - "&'MPLH COMPS'!$G$10, IF(AND(I4="CONVENIENCE SYSTEM",'PARTICIPATION RATES'!$D$20>='MPLH COMPS'!$B$11,'PARTICIPATION RATES'!$D$20<='MPLH COMPS'!$C$11),'MPLH COMPS'!$F$11&" - "&'MPLH COMPS'!$G$11, IF(AND(I4="CONVENIENCE SYSTEM",'PARTICIPATION RATES'!$D$20>='MPLH COMPS'!$B$12,'PARTICIPATION RATES'!$D$20<='MPLH COMPS'!$C$12),'MPLH COMPS'!$F$12&" - "&'MPLH COMPS'!$G$12, IF(AND(I4="CONVENIENCE SYSTEM",'PARTICIPATION RATES'!$D$20>='MPLH COMPS'!$B$13,'PARTICIPATION RATES'!$D$20<='MPLH COMPS'!$C$13),'MPLH COMPS'!$F$13&" - "&'MPLH COMPS'!$G$13, "")))))))))))))))))))))) | K7: =IF(AND(K4="CONVENTIONAL SYSTEM",'PARTICIPATION RATES'!$F$20>='MPLH COMPS'!$B$3,'PARTICIPATION RATES'!$F$20<='MPLH COMPS'!$C$3),'MPLH COMPS'!$D$3&" - "&'MPLH COMPS'!$E$3, IF(AND(K4="CONVENTIONAL SYSTEM",'PARTICIPATION RATES'!$F$20>='MPLH COMPS'!$B$4,'PARTICIPATION RATES'!$F$20<='MPLH COMPS'!$C$4),'MPLH COMPS'!$D$4&" - "&'MPLH COMPS'!$E$4, IF(AND(K4="CONVENTIONAL SYSTEM",'PARTICIPATION RATES'!$F$20>='MPLH COMPS'!$B$5,'PARTICIPATION RATES'!$F$20<='MPLH COMPS'!$C$5),'MPLH COMPS'!$D$5&" - "&'MPLH COMPS'!$E$5, IF(AND(K4="CONVENTIONAL SYSTEM",'PARTICIPATION RATES'!$F$20>='MPLH COMPS'!$B$6,'PARTICIPATION RATES'!$F$20<='MPLH COMPS'!$C$6),'MPLH COMPS'!$D$6&" - "&'MPLH COMPS'!$E$6, IF(AND(K4="CONVENTIONAL SYSTEM",'PARTICIPATION RATES'!$F$20>='MPLH COMPS'!$B$7,'PARTICIPATION RATES'!$F$20<='MPLH COMPS'!$C$7),'MPLH COMPS'!$D$7&" - "&'MPLH COMPS'!$E$7, IF(AND(K4="CONVENTIONAL SYSTEM",'PARTICIPATION RATES'!$F$20>='MPLH COMPS'!$B$8,'PARTICIPATION RATES'!$F$20<='MPLH COMPS'!$C$8),'MPLH COMPS'!$D$8&" - "&'MPLH COMPS'!$E$8, IF(AND(K4="CONVENTIONAL SYSTEM",'PARTICIPATION RATES'!$F$20>='MPLH COMPS'!$B$9,'PARTICIPATION RATES'!$F$20<='MPLH COMPS'!$C$9),'MPLH COMPS'!$D$9&" - "&'MPLH COMPS'!$E$9, IF(AND(K4="CONVENTIONAL SYSTEM",'PARTICIPATION RATES'!$F$20>='MPLH COMPS'!$B$10,'PARTICIPATION RATES'!$F$20<='MPLH COMPS'!$C$10),'MPLH COMPS'!$D$10&" - "&'MPLH COMPS'!$E$10, IF(AND(K4="CONVENTIONAL SYSTEM",'PARTICIPATION RATES'!$F$20>='MPLH COMPS'!$B$11,'PARTICIPATION RATES'!$F$20<='MPLH COMPS'!$C$11),'MPLH COMPS'!$D$11&" - "&'MPLH COMPS'!$E$11, IF(AND(K4="CONVENTIONAL SYSTEM",'PARTICIPATION RATES'!$F$20>='MPLH COMPS'!$B$12,'PARTICIPATION RATES'!$F$20<='MPLH COMPS'!$C$12),'MPLH COMPS'!$D$12&" - "&'MPLH COMPS'!$E$12, IF(AND(K4="CONVENTIONAL SYSTEM",'PARTICIPATION RATES'!$F$20>='MPLH COMPS'!$B$13,'PARTICIPATION RATES'!$F$20<='MPLH COMPS'!$C$13),'MPLH COMPS'!$D$13&" - "&'MPLH COMPS'!$E$13, IF(AND(K4="CONVENIENCE SYSTEM",'PARTICIPATION RATES'!$F$20>='MPLH COMPS'!$B$3,'PARTICIPATION RATES'!$F$20<='MPLH COMPS'!$C$3),'MPLH COMPS'!$F$3&" - "&'MPLH COMPS'!$G$3, IF(AND(K4="CONVENIENCE SYSTEM",'PARTICIPATION RATES'!$F$20>='MPLH COMPS'!$B$4,'PARTICIPATION RATES'!$F$20<='MPLH COMPS'!$C$4),'MPLH COMPS'!$F$4&" - "&'MPLH COMPS'!$G$4, IF(AND(K4="CONVENIENCE SYSTEM",'PARTICIPATION RATES'!$F$20>='MPLH COMPS'!$B$5,'PARTICIPATION RATES'!$F$20<='MPLH COMPS'!$C$5),'MPLH COMPS'!$F$5&" - "&'MPLH COMPS'!$G$5, IF(AND(K4="CONVENIENCE SYSTEM",'PARTICIPATION RATES'!$F$20>='MPLH COMPS'!$B$6,'PARTICIPATION RATES'!$F$20<='MPLH COMPS'!$C$6),'MPLH COMPS'!$F$6&" - "&'MPLH COMPS'!$G$6, IF(AND(K4="CONVENIENCE SYSTEM",'PARTICIPATION RATES'!$F$20>='MPLH COMPS'!$B$7,'PARTICIPATION RATES'!$F$20<='MPLH COMPS'!$C$7),'MPLH COMPS'!$F$7&" - "&'MPLH COMPS'!$G$7, IF(AND(K4="CONVENIENCE SYSTEM",'PARTICIPATION RATES'!$F$20>='MPLH COMPS'!$B$8,'PARTICIPATION RATES'!$F$20<='MPLH COMPS'!$C$8),'MPLH COMPS'!$F$8&" - "&'MPLH COMPS'!$G$8, IF(AND(K4="CONVENIENCE SYSTEM",'PARTICIPATION RATES'!$F$20>='MPLH COMPS'!$B$9,'PARTICIPATION RATES'!$F$20<='MPLH COMPS'!$C$9),'MPLH COMPS'!$F$9&" - "&'MPLH COMPS'!$G$9, IF(AND(K4="CONVENIENCE SYSTEM",'PARTICIPATION RATES'!$F$20>='MPLH COMPS'!$B$10,'PARTICIPATION RATES'!$F$20<='MPLH COMPS'!$C$10),'MPLH COMPS'!$F$10&" - "&'MPLH COMPS'!$G$10, IF(AND(K4="CONVENIENCE SYSTEM",'PARTICIPATION RATES'!$F$20>='MPLH COMPS'!$B$11,'PARTICIPATION RATES'!$F$20<='MPLH COMPS'!$C$11),'MPLH COMPS'!$F$11&" - "&'MPLH COMPS'!$G$11, IF(AND(K4="CONVENIENCE SYSTEM",'PARTICIPATION RATES'!$F$20>='MPLH COMPS'!$B$12,'PARTICIPATION RATES'!$F$20<='MPLH COMPS'!$C$12),'MPLH COMPS'!$F$12&" - "&'MPLH COMPS'!$G$12, IF(AND(K4="CONVENIENCE SYSTEM",'PARTICIPATION RATES'!$F$20>='MPLH COMPS'!$B$13,'PARTICIPATION RATES'!$F$20<='MPLH COMPS'!$C$13),'MPLH COMPS'!$F$13&" - "&'MPLH COMPS'!$G$13, "")))))))))))))))))))))) | L7: =IF(AND(L4="CONVENTIONAL SYSTEM",'PARTICIPATION RATES'!$G$20>='MPLH COMPS'!$B$3,'PARTICIPATION RATES'!$G$20<='MPLH COMPS'!$C$3),'MPLH COMPS'!$D$3&" - "&'MPLH COMPS'!$E$3, IF(AND(L4="CONVENTIONAL SYSTEM",'PARTICIPATION RATES'!$G$20>='MPLH COMPS'!$B$4,'PARTICIPATION RATES'!$G$20<='MPLH COMPS'!$C$4),'MPLH COMPS'!$D$4&" - "&'MPLH COMPS'!$E$4, IF(AND(L4="CONVENTIONAL SYSTEM",'PARTICIPATION RATES'!$G$20>='MPLH COMPS'!$B$5,'PARTICIPATION RATES'!$G$20<='MPLH COMPS'!$C$5),'MPLH COMPS'!$D$5&" - "&'MPLH COMPS'!$E$5, IF(AND(L4="CONVENTIONAL SYSTEM",'PARTICIPATION RATES'!$G$20>='MPLH COMPS'!$B$6,'PARTICIPATION RATES'!$G$20<='MPLH COMPS'!$C$6),'MPLH COMPS'!$D$6&" - "&'MPLH COMPS'!$E$6, IF(AND(L4="CONVENTIONAL SYSTEM",'PARTICIPATION RATES'!$G$20>='MPLH COMPS'!$B$7,'PARTICIPATION RATES'!$G$20<='MPLH COMPS'!$C$7),'MPLH COMPS'!$D$7&" - "&'MPLH COMPS'!$E$7, IF(AND(L4="CONVENTIONAL SYSTEM",'PARTICIPATION RATES'!$G$20>='MPLH COMPS'!$B$8,'PARTICIPATION RATES'!$G$20<='MPLH COMPS'!$C$8),'MPLH COMPS'!$D$8&" - "&'MPLH COMPS'!$E$8, IF(AND(L4="CONVENTIONAL SYSTEM",'PARTICIPATION RATES'!$G$20>='MPLH COMPS'!$B$9,'PARTICIPATION RATES'!$G$20<='MPLH COMPS'!$C$9),'MPLH COMPS'!$D$9&" - "&'MPLH COMPS'!$E$9, IF(AND(L4="CONVENTIONAL SYSTEM",'PARTICIPATION RATES'!$G$20>='MPLH COMPS'!$B$10,'PARTICIPATION RATES'!$G$20<='MPLH COMPS'!$C$10),'MPLH COMPS'!$D$10&" - "&'MPLH COMPS'!$E$10, IF(AND(L4="CONVENTIONAL SYSTEM",'PARTICIPATION RATES'!$G$20>='MPLH COMPS'!$B$11,'PARTICIPATION RATES'!$G$20<='MPLH COMPS'!$C$11),'MPLH COMPS'!$D$11&" - "&'MPLH COMPS'!$E$11, IF(AND(L4="CONVENTIONAL SYSTEM",'PARTICIPATION RATES'!$G$20>='MPLH COMPS'!$B$12,'PARTICIPATION RATES'!$G$20<='MPLH COMPS'!$C$12),'MPLH COMPS'!$D$12&" - "&'MPLH COMPS'!$E$12, IF(AND(L4="CONVENTIONAL SYSTEM",'PARTICIPATION RATES'!$G$20>='MPLH COMPS'!$B$13,'PARTICIPATION RATES'!$G$20<='MPLH COMPS'!$C$13),'MPLH COMPS'!$D$13&" - "&'MPLH COMPS'!$E$13, IF(AND(L4="CONVENIENCE SYSTEM",'PARTICIPATION RATES'!$G$20>='MPLH COMPS'!$B$3,'PARTICIPATION RATES'!$G$20<='MPLH COMPS'!$C$3),'MPLH COMPS'!$F$3&" - "&'MPLH COMPS'!$G$3, IF(AND(L4="CONVENIENCE SYSTEM",'PARTICIPATION RATES'!$G$20>='MPLH COMPS'!$B$4,'PARTICIPATION RATES'!$G$20<='MPLH COMPS'!$C$4),'MPLH COMPS'!$F$4&" - "&'MPLH COMPS'!$G$4, IF(AND(L4="CONVENIENCE SYSTEM",'PARTICIPATION RATES'!$G$20>='MPLH COMPS'!$B$5,'PARTICIPATION RATES'!$G$20<='MPLH COMPS'!$C$5),'MPLH COMPS'!$F$5&" - "&'MPLH COMPS'!$G$5, IF(AND(L4="CONVENIENCE SYSTEM",'PARTICIPATION RATES'!$G$20>='MPLH COMPS'!$B$6,'PARTICIPATION RATES'!$G$20<='MPLH COMPS'!$C$6),'MPLH COMPS'!$F$6&" - "&'MPLH COMPS'!$G$6, IF(AND(L4="CONVENIENCE SYSTEM",'PARTICIPATION RATES'!$G$20>='MPLH COMPS'!$B$7,'PARTICIPATION RATES'!$G$20<='MPLH COMPS'!$C$7),'MPLH COMPS'!$F$7&" - "&'MPLH COMPS'!$G$7, IF(AND(L4="CONVENIENCE SYSTEM",'PARTICIPATION RATES'!$G$20>='MPLH COMPS'!$B$8,'PARTICIPATION RATES'!$G$20<='MPLH COMPS'!$C$8),'MPLH COMPS'!$F$8&" - "&'MPLH COMPS'!$G$8, IF(AND(L4="CONVENIENCE SYSTEM",'PARTICIPATION RATES'!$G$20>='MPLH COMPS'!$B$9,'PARTICIPATION RATES'!$G$20<='MPLH COMPS'!$C$9),'MPLH COMPS'!$F$9&" - "&'MPLH COMPS'!$G$9, IF(AND(L4="CONVENIENCE SYSTEM",'PARTICIPATION RATES'!$G$20>='MPLH COMPS'!$B$10,'PARTICIPATION RATES'!$G$20<='MPLH COMPS'!$C$10),'MPLH COMPS'!$F$10&" - "&'MPLH COMPS'!$G$10, IF(AND(L4="CONVENIENCE SYSTEM",'PARTICIPATION RATES'!$G$20>='MPLH COMPS'!$B$11,'PARTICIPATION RATES'!$G$20<='MPLH COMPS'!$C$11),'MPLH COMPS'!$F$11&" - "&'MPLH COMPS'!$G$11, IF(AND(L4="CONVENIENCE SYSTEM",'PARTICIPATION RATES'!$G$20>='MPLH COMPS'!$B$12,'PARTICIPATION RATES'!$G$20<='MPLH COMPS'!$C$12),'MPLH COMPS'!$F$12&" - "&'MPLH COMPS'!$G$12, IF(AND(L4="CONVENIENCE SYSTEM",'PARTICIPATION RATES'!$G$20>='MPLH COMPS'!$B$13,'PARTICIPATION RATES'!$G$20<='MPLH COMPS'!$C$13),'MPLH COMPS'!$F$13&" - "&'MPLH COMPS'!$G$13, "")))))))))))))))))))))) | N7: AVERAGE HOURLY WAGE | O7: =IF(OR(O8=0,'REIMBURSEMENTS AND REVENUES'!$C$19=0,O4=0),0,(O8/'REIMBURSEMENTS AND REVENUES'!$C$19)/O4) -> 0 | Q7: =IF(OR(Q8=0,'REIMBURSEMENTS AND REVENUES'!$C$19=0,Q4=0),0,(Q8/'REIMBURSEMENTS AND REVENUES'!$C$19)/Q4) -> 0 | R7: =IF(OR(R8=0,'REIMBURSEMENTS AND REVENUES'!$C$19=0,R4=0),0,(R8/'REIMBURSEMENTS AND REVENUES'!$C$19)/R4) -> 0
B8: AVERAGE HOURLY WAGE | C8: 0 | E8: 0 | F8: 0 | H8: AVERAGE HOURLY WAGE | I8: 0 | K8: 0 | L8: 0 | N8: ANNUAL LABOR EXPENSE | O8: =SUM(C10,C19,I10,I19) -> 0 | Q8: =SUM(E10,E19,K10,K19) -> 0 | R8: =SUM(F10,F19,L10,L19) -> 0
B9: BENEFITS & TAXES | C9: =('REIMBURSEMENTS AND REVENUES'!$C$19*C$5*C$8*'ADMIN LABOR ASSUMPTIONS'!$C$25)+('REIMBURSEMENTS AND REVENUES'!$C$19*C$5*C$8*'ADMIN LABOR ASSUMPTIONS'!$C$26) -> 0 | E9: =('REIMBURSEMENTS AND REVENUES'!$C$19*E$5*E$8*'ADMIN LABOR ASSUMPTIONS'!$C$25)+('REIMBURSEMENTS AND REVENUES'!$C$19*E$5*E$8*'ADMIN LABOR ASSUMPTIONS'!$C$26) -> 0 | F9: =('REIMBURSEMENTS AND REVENUES'!$C$19*F$5*F$8*'ADMIN LABOR ASSUMPTIONS'!$C$25)+('REIMBURSEMENTS AND REVENUES'!$C$19*F$5*F$8*'ADMIN LABOR ASSUMPTIONS'!$C$26) -> 0 | H9: BENEFITS & TAXES | I9: =('REIMBURSEMENTS AND REVENUES'!$C$19*I$5*I$8*'ADMIN LABOR ASSUMPTIONS'!$C$25)+('REIMBURSEMENTS AND REVENUES'!$C$19*I$5*I$8*'ADMIN LABOR ASSUMPTIONS'!$C$26) -> 0 | K9: =('REIMBURSEMENTS AND REVENUES'!$C$19*K$5*K$8*'ADMIN LABOR ASSUMPTIONS'!$C$25)+('REIMBURSEMENTS AND REVENUES'!$C$19*K$5*K$8*'ADMIN LABOR ASSUMPTIONS'!$C$26) -> 0 | L9: =('REIMBURSEMENTS AND REVENUES'!$C$19*L$5*L$8*'ADMIN LABOR ASSUMPTIONS'!$C$25)+('REIMBURSEMENTS AND REVENUES'!$C$19*L$5*L$8*'ADMIN LABOR ASSUMPTIONS'!$C$26) -> 0
B10: ANNUAL LABOR EXPENSE | C10: =('REIMBURSEMENTS AND REVENUES'!$C$19*C$5*C$8)+C$9 -> 0 | E10: =('REIMBURSEMENTS AND REVENUES'!$C$19*E$5*E$8)+E$9 -> 0 | F10: =('REIMBURSEMENTS AND REVENUES'!$C$19*F$5*F$8)+F$9 -> 0 | H10: ANNUAL LABOR EXPENSE | I10: =('REIMBURSEMENTS AND REVENUES'!$C$19*I$5*I$8)+I$9 -> 0 | K10: =('REIMBURSEMENTS AND REVENUES'!$C$19*K$5*K$8)+K$9 -> 0 | L10: =('REIMBURSEMENTS AND REVENUES'!$C$19*L$5*L$8)+L$9 -> 0
C11: STATUS QUO | E11: CEP COMPARISON | I11: STATUS QUO | K11: CEP COMPARISON
B12: =ENROLLMENT!H2 -> SCHOOL TYPE #2 | C12: TOTAL | E12: NON-CEP SCHOOLS | F12: CEP SCHOOLS | H12: =ENROLLMENT!H13 -> SCHOOL TYPE #4 | I12: TOTAL | K12: NON-CEP SCHOOLS | L12: CEP SCHOOLS | N12: CLICK HERE TO RETURN TO THE PREVIOUS PAGE
B13: MEAL SERVICE TYPE | C13: CONVENTIONAL SYSTEM | E13: CONVENTIONAL SYSTEM | F13: CONVENTIONAL SYSTEM | H13: MEAL SERVICE TYPE | I13: CONVENTIONAL SYSTEM | K13: CONVENTIONAL SYSTEM | L13: CONVENTIONAL SYSTEM
B14: TOTAL AVERAGE DAILY HOURS | C14: 0 | E14: 0 | F14: 0 | H14: TOTAL AVERAGE DAILY HOURS | I14: 0 | K14: 0 | L14: 0
B15: MEALS PER LABOR HOUR | C15: =IF(C14=0,0,'PARTICIPATION RATES'!J10/C14) -> 0 | E15: =IF(E14=0,0,'PARTICIPATION RATES'!L10/E14) -> 0 | F15: =IF(F14=0,0,'PARTICIPATION RATES'!M10/F14) -> 0 | H15: MEALS PER LABOR HOUR | I15: =IF(I14=0,0,'PARTICIPATION RATES'!J20/I14) -> 0 | K15: =IF(K14=0,0,'PARTICIPATION RATES'!L20/K14) -> 0 | L15: =IF(L14=0,0,'PARTICIPATION RATES'!M20/L14) -> 0
B16: MPLH GOAL RANGE | C16: =IF(AND(C13="CONVENTIONAL SYSTEM",'PARTICIPATION RATES'!$J$10>='MPLH COMPS'!$B$3,'PARTICIPATION RATES'!$J$10<='MPLH COMPS'!$C$3),'MPLH COMPS'!$D$3&" - "&'MPLH COMPS'!$E$3, IF(AND(C13="CONVENTIONAL SYSTEM",'PARTICIPATION RATES'!$J$10>='MPLH COMPS'!$B$4,'PARTICIPATION RATES'!$J$10<='MPLH COMPS'!$C$4),'MPLH COMPS'!$D$4&" - "&'MPLH COMPS'!$E$4, IF(AND(C13="CONVENTIONAL SYSTEM",'PARTICIPATION RATES'!$J$10>='MPLH COMPS'!$B$5,'PARTICIPATION RATES'!$J$10<='MPLH COMPS'!$C$5),'MPLH COMPS'!$D$5&" - "&'MPLH COMPS'!$E$5, IF(AND(C13="CONVENTIONAL SYSTEM",'PARTICIPATION RATES'!$J$10>='MPLH COMPS'!$B$6,'PARTICIPATION RATES'!$J$10<='MPLH COMPS'!$C$6),'MPLH COMPS'!$D$6&" - "&'MPLH COMPS'!$E$6, IF(AND(C13="CONVENTIONAL SYSTEM",'PARTICIPATION RATES'!$J$10>='MPLH COMPS'!$B$7,'PARTICIPATION RATES'!$J$10<='MPLH COMPS'!$C$7),'MPLH COMPS'!$D$7&" - "&'MPLH COMPS'!$E$7, IF(AND(C13="CONVENTIONAL SYSTEM",'PARTICIPATION RATES'!$J$10>='MPLH COMPS'!$B$8,'PARTICIPATION RATES'!$J$10<='MPLH COMPS'!$C$8),'MPLH COMPS'!$D$8&" - "&'MPLH COMPS'!$E$8, IF(AND(C13="CONVENTIONAL SYSTEM",'PARTICIPATION RATES'!$J$10>='MPLH COMPS'!$B$9,'PARTICIPATION RATES'!$J$10<='MPLH COMPS'!$C$9),'MPLH COMPS'!$D$9&" - "&'MPLH COMPS'!$E$9, IF(AND(C13="CONVENTIONAL SYSTEM",'PARTICIPATION RATES'!$J$10>='MPLH COMPS'!$B$10,'PARTICIPATION RATES'!$J$10<='MPLH COMPS'!$C$10),'MPLH COMPS'!$D$10&" - "&'MPLH COMPS'!$E$10, IF(AND(C13="CONVENTIONAL SYSTEM",'PARTICIPATION RATES'!$J$10>='MPLH COMPS'!$B$11,'PARTICIPATION RATES'!$J$10<='MPLH COMPS'!$C$11),'MPLH COMPS'!$D$11&" - "&'MPLH COMPS'!$E$11, IF(AND(C13="CONVENTIONAL SYSTEM",'PARTICIPATION RATES'!$J$10>='MPLH COMPS'!$B$12,'PARTICIPATION RATES'!$J$10<='MPLH COMPS'!$C$12),'MPLH COMPS'!$D$12&" - "&'MPLH COMPS'!$E$12, IF(AND(C13="CONVENTIONAL SYSTEM",'PARTICIPATION RATES'!$J$10>='MPLH COMPS'!$B$13,'PARTICIPATION RATES'!$J$10<='MPLH COMPS'!$C$13),'MPLH COMPS'!$D$13&" - "&'MPLH COMPS'!$E$13, IF(AND(C13="CONVENIENCE SYSTEM",'PARTICIPATION RATES'!$J$10>='MPLH COMPS'!$B$3,'PARTICIPATION RATES'!$J$10<='MPLH COMPS'!$C$3),'MPLH COMPS'!$F$3&" - "&'MPLH COMPS'!$G$3, IF(AND(C13="CONVENIENCE SYSTEM",'PARTICIPATION RATES'!$J$10>='MPLH COMPS'!$B$4,'PARTICIPATION RATES'!$J$10<='MPLH COMPS'!$C$4),'MPLH COMPS'!$F$4&" - "&'MPLH COMPS'!$G$4, IF(AND(C13="CONVENIENCE SYSTEM",'PARTICIPATION RATES'!$J$10>='MPLH COMPS'!$B$5,'PARTICIPATION RATES'!$J$10<='MPLH COMPS'!$C$5),'MPLH COMPS'!$F$5&" - "&'MPLH COMPS'!$G$5, IF(AND(C13="CONVENIENCE SYSTEM",'PARTICIPATION RATES'!$J$10>='MPLH COMPS'!$B$6,'PARTICIPATION RATES'!$J$10<='MPLH COMPS'!$C$6),'MPLH COMPS'!$F$6&" - "&'MPLH COMPS'!$G$6, IF(AND(C13="CONVENIENCE SYSTEM",'PARTICIPATION RATES'!$J$10>='MPLH COMPS'!$B$7,'PARTICIPATION RATES'!$J$10<='MPLH COMPS'!$C$7),'MPLH COMPS'!$F$7&" - "&'MPLH COMPS'!$G$7, IF(AND(C13="CONVENIENCE SYSTEM",'PARTICIPATION RATES'!$J$10>='MPLH COMPS'!$B$8,'PARTICIPATION RATES'!$J$10<='MPLH COMPS'!$C$8),'MPLH COMPS'!$F$8&" - "&'MPLH COMPS'!$G$8, IF(AND(C13="CONVENIENCE SYSTEM",'PARTICIPATION RATES'!$J$10>='MPLH COMPS'!$B$9,'PARTICIPATION RATES'!$J$10<='MPLH COMPS'!$C$9),'MPLH COMPS'!$F$9&" - "&'MPLH COMPS'!$G$9, IF(AND(C13="CONVENIENCE SYSTEM",'PARTICIPATION RATES'!$J$10>='MPLH COMPS'!$B$10,'PARTICIPATION RATES'!$J$10<='MPLH COMPS'!$C$10),'MPLH COMPS'!$F$10&" - "&'MPLH COMPS'!$G$10, IF(AND(C13="CONVENIENCE SYSTEM",'PARTICIPATION RATES'!$J$10>='MPLH COMPS'!$B$11,'PARTICIPATION RATES'!$J$10<='MPLH COMPS'!$C$11),'MPLH COMPS'!$F$11&" - "&'MPLH COMPS'!$G$11, IF(AND(C13="CONVENIENCE SYSTEM",'PARTICIPATION RATES'!$J$10>='MPLH COMPS'!$B$12,'PARTICIPATION RATES'!$J$10<='MPLH COMPS'!$C$12),'MPLH COMPS'!$F$12&" - "&'MPLH COMPS'!$G$12, IF(AND(C13="CONVENIENCE SYSTEM",'PARTICIPATION RATES'!$J$10>='MPLH COMPS'!$B$13,'PARTICIPATION RATES'!$J$10<='MPLH COMPS'!$C$13),'MPLH COMPS'!$F$13&" - "&'MPLH COMPS'!$G$13, "")))))))))))))))))))))) | E16: =IF(AND(E13="CONVENTIONAL SYSTEM",'PARTICIPATION RATES'!$L$10>='MPLH COMPS'!$B$3,'PARTICIPATION RATES'!$L$10<='MPLH COMPS'!$C$3),'MPLH COMPS'!$D$3&" - "&'MPLH COMPS'!$E$3, IF(AND(E13="CONVENTIONAL SYSTEM",'PARTICIPATION RATES'!$L$10>='MPLH COMPS'!$B$4,'PARTICIPATION RATES'!$L$10<='MPLH COMPS'!$C$4),'MPLH COMPS'!$D$4&" - "&'MPLH COMPS'!$E$4, IF(AND(E13="CONVENTIONAL SYSTEM",'PARTICIPATION RATES'!$L$10>='MPLH COMPS'!$B$5,'PARTICIPATION RATES'!$L$10<='MPLH COMPS'!$C$5),'MPLH COMPS'!$D$5&" - "&'MPLH COMPS'!$E$5, IF(AND(E13="CONVENTIONAL SYSTEM",'PARTICIPATION RATES'!$L$10>='MPLH COMPS'!$B$6,'PARTICIPATION RATES'!$L$10<='MPLH COMPS'!$C$6),'MPLH COMPS'!$D$6&" - "&'MPLH COMPS'!$E$6, IF(AND(E13="CONVENTIONAL SYSTEM",'PARTICIPATION RATES'!$L$10>='MPLH COMPS'!$B$7,'PARTICIPATION RATES'!$L$10<='MPLH COMPS'!$C$7),'MPLH COMPS'!$D$7&" - "&'MPLH COMPS'!$E$7, IF(AND(E13="CONVENTIONAL SYSTEM",'PARTICIPATION RATES'!$L$10>='MPLH COMPS'!$B$8,'PARTICIPATION RATES'!$L$10<='MPLH COMPS'!$C$8),'MPLH COMPS'!$D$8&" - "&'MPLH COMPS'!$E$8, IF(AND(E13="CONVENTIONAL SYSTEM",'PARTICIPATION RATES'!$L$10>='MPLH COMPS'!$B$9,'PARTICIPATION RATES'!$L$10<='MPLH COMPS'!$C$9),'MPLH COMPS'!$D$9&" - "&'MPLH COMPS'!$E$9, IF(AND(E13="CONVENTIONAL SYSTEM",'PARTICIPATION RATES'!$L$10>='MPLH COMPS'!$B$10,'PARTICIPATION RATES'!$L$10<='MPLH COMPS'!$C$10),'MPLH COMPS'!$D$10&" - "&'MPLH COMPS'!$E$10, IF(AND(E13="CONVENTIONAL SYSTEM",'PARTICIPATION RATES'!$L$10>='MPLH COMPS'!$B$11,'PARTICIPATION RATES'!$L$10<='MPLH COMPS'!$C$11),'MPLH COMPS'!$D$11&" - "&'MPLH COMPS'!$E$11, IF(AND(E13="CONVENTIONAL SYSTEM",'PARTICIPATION RATES'!$L$10>='MPLH COMPS'!$B$12,'PARTICIPATION RATES'!$L$10<='MPLH COMPS'!$C$12),'MPLH COMPS'!$D$12&" - "&'MPLH COMPS'!$E$12, IF(AND(E13="CONVENTIONAL SYSTEM",'PARTICIPATION RATES'!$L$10>='MPLH COMPS'!$B$13,'PARTICIPATION RATES'!$L$10<='MPLH COMPS'!$C$13),'MPLH COMPS'!$D$13&" - "&'MPLH COMPS'!$E$13, IF(AND(E13="CONVENIENCE SYSTEM",'PARTICIPATION RATES'!$L$10>='MPLH COMPS'!$B$3,'PARTICIPATION RATES'!$L$10<='MPLH COMPS'!$C$3),'MPLH COMPS'!$F$3&" - "&'MPLH COMPS'!$G$3, IF(AND(E13="CONVENIENCE SYSTEM",'PARTICIPATION RATES'!$L$10>='MPLH COMPS'!$B$4,'PARTICIPATION RATES'!$L$10<='MPLH COMPS'!$C$4),'MPLH COMPS'!$F$4&" - "&'MPLH COMPS'!$G$4, IF(AND(E13="CONVENIENCE SYSTEM",'PARTICIPATION RATES'!$L$10>='MPLH COMPS'!$B$5,'PARTICIPATION RATES'!$L$10<='MPLH COMPS'!$C$5),'MPLH COMPS'!$F$5&" - "&'MPLH COMPS'!$G$5, IF(AND(E13="CONVENIENCE SYSTEM",'PARTICIPATION RATES'!$L$10>='MPLH COMPS'!$B$6,'PARTICIPATION RATES'!$L$10<='MPLH COMPS'!$C$6),'MPLH COMPS'!$F$6&" - "&'MPLH COMPS'!$G$6, IF(AND(E13="CONVENIENCE SYSTEM",'PARTICIPATION RATES'!$L$10>='MPLH COMPS'!$B$7,'PARTICIPATION RATES'!$L$10<='MPLH COMPS'!$C$7),'MPLH COMPS'!$F$7&" - "&'MPLH COMPS'!$G$7, IF(AND(E13="CONVENIENCE SYSTEM",'PARTICIPATION RATES'!$L$10>='MPLH COMPS'!$B$8,'PARTICIPATION RATES'!$L$10<='MPLH COMPS'!$C$8),'MPLH COMPS'!$F$8&" - "&'MPLH COMPS'!$G$8, IF(AND(E13="CONVENIENCE SYSTEM",'PARTICIPATION RATES'!$L$10>='MPLH COMPS'!$B$9,'PARTICIPATION RATES'!$L$10<='MPLH COMPS'!$C$9),'MPLH COMPS'!$F$9&" - "&'MPLH COMPS'!$G$9, IF(AND(E13="CONVENIENCE SYSTEM",'PARTICIPATION RATES'!$L$10>='MPLH COMPS'!$B$10,'PARTICIPATION RATES'!$L$10<='MPLH COMPS'!$C$10),'MPLH COMPS'!$F$10&" - "&'MPLH COMPS'!$G$10, IF(AND(E13="CONVENIENCE SYSTEM",'PARTICIPATION RATES'!$L$10>='MPLH COMPS'!$B$11,'PARTICIPATION RATES'!$L$10<='MPLH COMPS'!$C$11),'MPLH COMPS'!$F$11&" - "&'MPLH COMPS'!$G$11, IF(AND(E13="CONVENIENCE SYSTEM",'PARTICIPATION RATES'!$L$10>='MPLH COMPS'!$B$12,'PARTICIPATION RATES'!$L$10<='MPLH COMPS'!$C$12),'MPLH COMPS'!$F$12&" - "&'MPLH COMPS'!$G$12, IF(AND(E13="CONVENIENCE SYSTEM",'PARTICIPATION RATES'!$L$10>='MPLH COMPS'!$B$13,'PARTICIPATION RATES'!$L$10<='MPLH COMPS'!$C$13),'MPLH COMPS'!$F$13&" - "&'MPLH COMPS'!$G$13, "")))))))))))))))))))))) | F16: =IF(AND(F13="CONVENTIONAL SYSTEM",'PARTICIPATION RATES'!$M$10>='MPLH COMPS'!$B$3,'PARTICIPATION RATES'!$M$10<='MPLH COMPS'!$C$3),'MPLH COMPS'!$D$3&" - "&'MPLH COMPS'!$E$3, IF(AND(F13="CONVENTIONAL SYSTEM",'PARTICIPATION RATES'!$M$10>='MPLH COMPS'!$B$4,'PARTICIPATION RATES'!$M$10<='MPLH COMPS'!$C$4),'MPLH COMPS'!$D$4&" - "&'MPLH COMPS'!$E$4, IF(AND(F13="CONVENTIONAL SYSTEM",'PARTICIPATION RATES'!$M$10>='MPLH COMPS'!$B$5,'PARTICIPATION RATES'!$M$10<='MPLH COMPS'!$C$5),'MPLH COMPS'!$D$5&" - "&'MPLH COMPS'!$E$5, IF(AND(F13="CONVENTIONAL SYSTEM",'PARTICIPATION RATES'!$M$10>='MPLH COMPS'!$B$6,'PARTICIPATION RATES'!$M$10<='MPLH COMPS'!$C$6),'MPLH COMPS'!$D$6&" - "&'MPLH COMPS'!$E$6, IF(AND(F13="CONVENTIONAL SYSTEM",'PARTICIPATION RATES'!$M$10>='MPLH COMPS'!$B$7,'PARTICIPATION RATES'!$M$10<='MPLH COMPS'!$C$7),'MPLH COMPS'!$D$7&" - "&'MPLH COMPS'!$E$7, IF(AND(F13="CONVENTIONAL SYSTEM",'PARTICIPATION RATES'!$M$10>='MPLH COMPS'!$B$8,'PARTICIPATION RATES'!$M$10<='MPLH COMPS'!$C$8),'MPLH COMPS'!$D$8&" - "&'MPLH COMPS'!$E$8, IF(AND(F13="CONVENTIONAL SYSTEM",'PARTICIPATION RATES'!$M$10>='MPLH COMPS'!$B$9,'PARTICIPATION RATES'!$M$10<='MPLH COMPS'!$C$9),'MPLH COMPS'!$D$9&" - "&'MPLH COMPS'!$E$9, IF(AND(F13="CONVENTIONAL SYSTEM",'PARTICIPATION RATES'!$M$10>='MPLH COMPS'!$B$10,'PARTICIPATION RATES'!$M$10<='MPLH COMPS'!$C$10),'MPLH COMPS'!$D$10&" - "&'MPLH COMPS'!$E$10, IF(AND(F13="CONVENTIONAL SYSTEM",'PARTICIPATION RATES'!$M$10>='MPLH COMPS'!$B$11,'PARTICIPATION RATES'!$M$10<='MPLH COMPS'!$C$11),'MPLH COMPS'!$D$11&" - "&'MPLH COMPS'!$E$11, IF(AND(F13="CONVENTIONAL SYSTEM",'PARTICIPATION RATES'!$M$10>='MPLH COMPS'!$B$12,'PARTICIPATION RATES'!$M$10<='MPLH COMPS'!$C$12),'MPLH COMPS'!$D$12&" - "&'MPLH COMPS'!$E$12, IF(AND(F13="CONVENTIONAL SYSTEM",'PARTICIPATION RATES'!$M$10>='MPLH COMPS'!$B$13,'PARTICIPATION RATES'!$M$10<='MPLH COMPS'!$C$13),'MPLH COMPS'!$D$13&" - "&'MPLH COMPS'!$E$13, IF(AND(F13="CONVENIENCE SYSTEM",'PARTICIPATION RATES'!$M$10>='MPLH COMPS'!$B$3,'PARTICIPATION RATES'!$M$10<='MPLH COMPS'!$C$3),'MPLH COMPS'!$F$3&" - "&'MPLH COMPS'!$G$3, IF(AND(F13="CONVENIENCE SYSTEM",'PARTICIPATION RATES'!$M$10>='MPLH COMPS'!$B$4,'PARTICIPATION RATES'!$M$10<='MPLH COMPS'!$C$4),'MPLH COMPS'!$F$4&" - "&'MPLH COMPS'!$G$4, IF(AND(F13="CONVENIENCE SYSTEM",'PARTICIPATION RATES'!$M$10>='MPLH COMPS'!$B$5,'PARTICIPATION RATES'!$M$10<='MPLH COMPS'!$C$5),'MPLH COMPS'!$F$5&" - "&'MPLH COMPS'!$G$5, IF(AND(F13="CONVENIENCE SYSTEM",'PARTICIPATION RATES'!$M$10>='MPLH COMPS'!$B$6,'PARTICIPATION RATES'!$M$10<='MPLH COMPS'!$C$6),'MPLH COMPS'!$F$6&" - "&'MPLH COMPS'!$G$6, IF(AND(F13="CONVENIENCE SYSTEM",'PARTICIPATION RATES'!$M$10>='MPLH COMPS'!$B$7,'PARTICIPATION RATES'!$M$10<='MPLH COMPS'!$C$7),'MPLH COMPS'!$F$7&" - "&'MPLH COMPS'!$G$7, IF(AND(F13="CONVENIENCE SYSTEM",'PARTICIPATION RATES'!$M$10>='MPLH COMPS'!$B$8,'PARTICIPATION RATES'!$M$10<='MPLH COMPS'!$C$8),'MPLH COMPS'!$F$8&" - "&'MPLH COMPS'!$G$8, IF(AND(F13="CONVENIENCE SYSTEM",'PARTICIPATION RATES'!$M$10>='MPLH COMPS'!$B$9,'PARTICIPATION RATES'!$M$10<='MPLH COMPS'!$C$9),'MPLH COMPS'!$F$9&" - "&'MPLH COMPS'!$G$9, IF(AND(F13="CONVENIENCE SYSTEM",'PARTICIPATION RATES'!$M$10>='MPLH COMPS'!$B$10,'PARTICIPATION RATES'!$M$10<='MPLH COMPS'!$C$10),'MPLH COMPS'!$F$10&" - "&'MPLH COMPS'!$G$10, IF(AND(F13="CONVENIENCE SYSTEM",'PARTICIPATION RATES'!$M$10>='MPLH COMPS'!$B$11,'PARTICIPATION RATES'!$M$10<='MPLH COMPS'!$C$11),'MPLH COMPS'!$F$11&" - "&'MPLH COMPS'!$G$11, IF(AND(F13="CONVENIENCE SYSTEM",'PARTICIPATION RATES'!$M$10>='MPLH COMPS'!$B$12,'PARTICIPATION RATES'!$M$10<='MPLH COMPS'!$C$12),'MPLH COMPS'!$F$12&" - "&'MPLH COMPS'!$G$12, IF(AND(F13="CONVENIENCE SYSTEM",'PARTICIPATION RATES'!$M$10>='MPLH COMPS'!$B$13,'PARTICIPATION RATES'!$M$10<='MPLH COMPS'!$C$13),'MPLH COMPS'!$F$13&" - "&'MPLH COMPS'!$G$13, "")))))))))))))))))))))) | H16: MPLH GOAL RANGE | I16: =IF(AND(I13="CONVENTIONAL SYSTEM",'PARTICIPATION RATES'!$D$20>='MPLH COMPS'!$B$3,'PARTICIPATION RATES'!$D$20<='MPLH COMPS'!$C$3),'MPLH COMPS'!$D$3&" - "&'MPLH COMPS'!$E$3, IF(AND(I13="CONVENTIONAL SYSTEM",'PARTICIPATION RATES'!$D$20>='MPLH COMPS'!$B$4,'PARTICIPATION RATES'!$D$20<='MPLH COMPS'!$C$4),'MPLH COMPS'!$D$4&" - "&'MPLH COMPS'!$E$4, IF(AND(I13="CONVENTIONAL SYSTEM",'PARTICIPATION RATES'!$D$20>='MPLH COMPS'!$B$5,'PARTICIPATION RATES'!$D$20<='MPLH COMPS'!$C$5),'MPLH COMPS'!$D$5&" - "&'MPLH COMPS'!$E$5, IF(AND(I13="CONVENTIONAL SYSTEM",'PARTICIPATION RATES'!$D$20>='MPLH COMPS'!$B$6,'PARTICIPATION RATES'!$D$20<='MPLH COMPS'!$C$6),'MPLH COMPS'!$D$6&" - "&'MPLH COMPS'!$E$6, IF(AND(I13="CONVENTIONAL SYSTEM",'PARTICIPATION RATES'!$D$20>='MPLH COMPS'!$B$7,'PARTICIPATION RATES'!$D$20<='MPLH COMPS'!$C$7),'MPLH COMPS'!$D$7&" - "&'MPLH COMPS'!$E$7, IF(AND(I13="CONVENTIONAL SYSTEM",'PARTICIPATION RATES'!$D$20>='MPLH COMPS'!$B$8,'PARTICIPATION RATES'!$D$20<='MPLH COMPS'!$C$8),'MPLH COMPS'!$D$8&" - "&'MPLH COMPS'!$E$8, IF(AND(I13="CONVENTIONAL SYSTEM",'PARTICIPATION RATES'!$D$20>='MPLH COMPS'!$B$9,'PARTICIPATION RATES'!$D$20<='MPLH COMPS'!$C$9),'MPLH COMPS'!$D$9&" - "&'MPLH COMPS'!$E$9, IF(AND(I13="CONVENTIONAL SYSTEM",'PARTICIPATION RATES'!$D$20>='MPLH COMPS'!$B$10,'PARTICIPATION RATES'!$D$20<='MPLH COMPS'!$C$10),'MPLH COMPS'!$D$10&" - "&'MPLH COMPS'!$E$10, IF(AND(I13="CONVENTIONAL SYSTEM",'PARTICIPATION RATES'!$D$20>='MPLH COMPS'!$B$11,'PARTICIPATION RATES'!$D$20<='MPLH COMPS'!$C$11),'MPLH COMPS'!$D$11&" - "&'MPLH COMPS'!$E$11, IF(AND(I13="CONVENTIONAL SYSTEM",'PARTICIPATION RATES'!$D$20>='MPLH COMPS'!$B$12,'PARTICIPATION RATES'!$D$20<='MPLH COMPS'!$C$12),'MPLH COMPS'!$D$12&" - "&'MPLH COMPS'!$E$12, IF(AND(I13="CONVENTIONAL SYSTEM",'PARTICIPATION RATES'!$D$20>='MPLH COMPS'!$B$13,'PARTICIPATION RATES'!$D$20<='MPLH COMPS'!$C$13),'MPLH COMPS'!$D$13&" - "&'MPLH COMPS'!$E$13, IF(AND(I13="CONVENIENCE SYSTEM",'PARTICIPATION RATES'!$D$20>='MPLH COMPS'!$B$3,'PARTICIPATION RATES'!$D$20<='MPLH COMPS'!$C$3),'MPLH COMPS'!$F$3&" - "&'MPLH COMPS'!$G$3, IF(AND(I13="CONVENIENCE SYSTEM",'PARTICIPATION RATES'!$D$20>='MPLH COMPS'!$B$4,'PARTICIPATION RATES'!$D$20<='MPLH COMPS'!$C$4),'MPLH COMPS'!$F$4&" - "&'MPLH COMPS'!$G$4, IF(AND(I13="CONVENIENCE SYSTEM",'PARTICIPATION RATES'!$D$20>='MPLH COMPS'!$B$5,'PARTICIPATION RATES'!$D$20<='MPLH COMPS'!$C$5),'MPLH COMPS'!$F$5&" - "&'MPLH COMPS'!$G$5, IF(AND(I13="CONVENIENCE SYSTEM",'PARTICIPATION RATES'!$D$20>='MPLH COMPS'!$B$6,'PARTICIPATION RATES'!$D$20<='MPLH COMPS'!$C$6),'MPLH COMPS'!$F$6&" - "&'MPLH COMPS'!$G$6, IF(AND(I13="CONVENIENCE SYSTEM",'PARTICIPATION RATES'!$D$20>='MPLH COMPS'!$B$7,'PARTICIPATION RATES'!$D$20<='MPLH COMPS'!$C$7),'MPLH COMPS'!$F$7&" - "&'MPLH COMPS'!$G$7, IF(AND(I13="CONVENIENCE SYSTEM",'PARTICIPATION RATES'!$D$20>='MPLH COMPS'!$B$8,'PARTICIPATION RATES'!$D$20<='MPLH COMPS'!$C$8),'MPLH COMPS'!$F$8&" - "&'MPLH COMPS'!$G$8, IF(AND(I13="CONVENIENCE SYSTEM",'PARTICIPATION RATES'!$D$20>='MPLH COMPS'!$B$9,'PARTICIPATION RATES'!$D$20<='MPLH COMPS'!$C$9),'MPLH COMPS'!$F$9&" - "&'MPLH COMPS'!$G$9, IF(AND(I13="CONVENIENCE SYSTEM",'PARTICIPATION RATES'!$D$20>='MPLH COMPS'!$B$10,'PARTICIPATION RATES'!$D$20<='MPLH COMPS'!$C$10),'MPLH COMPS'!$F$10&" - "&'MPLH COMPS'!$G$10, IF(AND(I13="CONVENIENCE SYSTEM",'PARTICIPATION RATES'!$D$20>='MPLH COMPS'!$B$11,'PARTICIPATION RATES'!$D$20<='MPLH COMPS'!$C$11),'MPLH COMPS'!$F$11&" - "&'MPLH COMPS'!$G$11, IF(AND(I13="CONVENIENCE SYSTEM",'PARTICIPATION RATES'!$D$20>='MPLH COMPS'!$B$12,'PARTICIPATION RATES'!$D$20<='MPLH COMPS'!$C$12),'MPLH COMPS'!$F$12&" - "&'MPLH COMPS'!$G$12, IF(AND(I13="CONVENIENCE SYSTEM",'PARTICIPATION RATES'!$D$20>='MPLH COMPS'!$B$13,'PARTICIPATION RATES'!$D$20<='MPLH COMPS'!$C$13),'MPLH COMPS'!$F$13&" - "&'MPLH COMPS'!$G$13, "")))))))))))))))))))))) | K16: =IF(AND(K13="CONVENTIONAL SYSTEM",'PARTICIPATION RATES'!$F$20>='MPLH COMPS'!$B$3,'PARTICIPATION RATES'!$F$20<='MPLH COMPS'!$C$3),'MPLH COMPS'!$D$3&" - "&'MPLH COMPS'!$E$3, IF(AND(K13="CONVENTIONAL SYSTEM",'PARTICIPATION RATES'!$F$20>='MPLH COMPS'!$B$4,'PARTICIPATION RATES'!$F$20<='MPLH COMPS'!$C$4),'MPLH COMPS'!$D$4&" - "&'MPLH COMPS'!$E$4, IF(AND(K13="CONVENTIONAL SYSTEM",'PARTICIPATION RATES'!$F$20>='MPLH COMPS'!$B$5,'PARTICIPATION RATES'!$F$20<='MPLH COMPS'!$C$5),'MPLH COMPS'!$D$5&" - "&'MPLH COMPS'!$E$5, IF(AND(K13="CONVENTIONAL SYSTEM",'PARTICIPATION RATES'!$F$20>='MPLH COMPS'!$B$6,'PARTICIPATION RATES'!$F$20<='MPLH COMPS'!$C$6),'MPLH COMPS'!$D$6&" - "&'MPLH COMPS'!$E$6, IF(AND(K13="CONVENTIONAL SYSTEM",'PARTICIPATION RATES'!$F$20>='MPLH COMPS'!$B$7,'PARTICIPATION RATES'!$F$20<='MPLH COMPS'!$C$7),'MPLH COMPS'!$D$7&" - "&'MPLH COMPS'!$E$7, IF(AND(K13="CONVENTIONAL SYSTEM",'PARTICIPATION RATES'!$F$20>='MPLH COMPS'!$B$8,'PARTICIPATION RATES'!$F$20<='MPLH COMPS'!$C$8),'MPLH COMPS'!$D$8&" - "&'MPLH COMPS'!$E$8, IF(AND(K13="CONVENTIONAL SYSTEM",'PARTICIPATION RATES'!$F$20>='MPLH COMPS'!$B$9,'PARTICIPATION RATES'!$F$20<='MPLH COMPS'!$C$9),'MPLH COMPS'!$D$9&" - "&'MPLH COMPS'!$E$9, IF(AND(K13="CONVENTIONAL SYSTEM",'PARTICIPATION RATES'!$F$20>='MPLH COMPS'!$B$10,'PARTICIPATION RATES'!$F$20<='MPLH COMPS'!$C$10),'MPLH COMPS'!$D$10&" - "&'MPLH COMPS'!$E$10, IF(AND(K13="CONVENTIONAL SYSTEM",'PARTICIPATION RATES'!$F$20>='MPLH COMPS'!$B$11,'PARTICIPATION RATES'!$F$20<='MPLH COMPS'!$C$11),'MPLH COMPS'!$D$11&" - "&'MPLH COMPS'!$E$11, IF(AND(K13="CONVENTIONAL SYSTEM",'PARTICIPATION RATES'!$F$20>='MPLH COMPS'!$B$12,'PARTICIPATION RATES'!$F$20<='MPLH COMPS'!$C$12),'MPLH COMPS'!$D$12&" - "&'MPLH COMPS'!$E$12, IF(AND(K13="CONVENTIONAL SYSTEM",'PARTICIPATION RATES'!$F$20>='MPLH COMPS'!$B$13,'PARTICIPATION RATES'!$F$20<='MPLH COMPS'!$C$13),'MPLH COMPS'!$D$13&" - "&'MPLH COMPS'!$E$13, IF(AND(K13="CONVENIENCE SYSTEM",'PARTICIPATION RATES'!$F$20>='MPLH COMPS'!$B$3,'PARTICIPATION RATES'!$F$20<='MPLH COMPS'!$C$3),'MPLH COMPS'!$F$3&" - "&'MPLH COMPS'!$G$3, IF(AND(K13="CONVENIENCE SYSTEM",'PARTICIPATION RATES'!$F$20>='MPLH COMPS'!$B$4,'PARTICIPATION RATES'!$F$20<='MPLH COMPS'!$C$4),'MPLH COMPS'!$F$4&" - "&'MPLH COMPS'!$G$4, IF(AND(K13="CONVENIENCE SYSTEM",'PARTICIPATION RATES'!$F$20>='MPLH COMPS'!$B$5,'PARTICIPATION RATES'!$F$20<='MPLH COMPS'!$C$5),'MPLH COMPS'!$F$5&" - "&'MPLH COMPS'!$G$5, IF(AND(K13="CONVENIENCE SYSTEM",'PARTICIPATION RATES'!$F$20>='MPLH COMPS'!$B$6,'PARTICIPATION RATES'!$F$20<='MPLH COMPS'!$C$6),'MPLH COMPS'!$F$6&" - "&'MPLH COMPS'!$G$6, IF(AND(K13="CONVENIENCE SYSTEM",'PARTICIPATION RATES'!$F$20>='MPLH COMPS'!$B$7,'PARTICIPATION RATES'!$F$20<='MPLH COMPS'!$C$7),'MPLH COMPS'!$F$7&" - "&'MPLH COMPS'!$G$7, IF(AND(K13="CONVENIENCE SYSTEM",'PARTICIPATION RATES'!$F$20>='MPLH COMPS'!$B$8,'PARTICIPATION RATES'!$F$20<='MPLH COMPS'!$C$8),'MPLH COMPS'!$F$8&" - "&'MPLH COMPS'!$G$8, IF(AND(K13="CONVENIENCE SYSTEM",'PARTICIPATION RATES'!$F$20>='MPLH COMPS'!$B$9,'PARTICIPATION RATES'!$F$20<='MPLH COMPS'!$C$9),'MPLH COMPS'!$F$9&" - "&'MPLH COMPS'!$G$9, IF(AND(K13="CONVENIENCE SYSTEM",'PARTICIPATION RATES'!$F$20>='MPLH COMPS'!$B$10,'PARTICIPATION RATES'!$F$20<='MPLH COMPS'!$C$10),'MPLH COMPS'!$F$10&" - "&'MPLH COMPS'!$G$10, IF(AND(K13="CONVENIENCE SYSTEM",'PARTICIPATION RATES'!$F$20>='MPLH COMPS'!$B$11,'PARTICIPATION RATES'!$F$20<='MPLH COMPS'!$C$11),'MPLH COMPS'!$F$11&" - "&'MPLH COMPS'!$G$11, IF(AND(K13="CONVENIENCE SYSTEM",'PARTICIPATION RATES'!$F$20>='MPLH COMPS'!$B$12,'PARTICIPATION RATES'!$F$20<='MPLH COMPS'!$C$12),'MPLH COMPS'!$F$12&" - "&'MPLH COMPS'!$G$12, IF(AND(K13="CONVENIENCE SYSTEM",'PARTICIPATION RATES'!$F$20>='MPLH COMPS'!$B$13,'PARTICIPATION RATES'!$F$20<='MPLH COMPS'!$C$13),'MPLH COMPS'!$F$13&" - "&'MPLH COMPS'!$G$13, "")))))))))))))))))))))) | L16: =IF(AND(L13="CONVENTIONAL SYSTEM",'PARTICIPATION RATES'!$G$20>='MPLH COMPS'!$B$3,'PARTICIPATION RATES'!$G$20<='MPLH COMPS'!$C$3),'MPLH COMPS'!$D$3&" - "&'MPLH COMPS'!$E$3, IF(AND(L13="CONVENTIONAL SYSTEM",'PARTICIPATION RATES'!$G$20>='MPLH COMPS'!$B$4,'PARTICIPATION RATES'!$G$20<='MPLH COMPS'!$C$4),'MPLH COMPS'!$D$4&" - "&'MPLH COMPS'!$E$4, IF(AND(L13="CONVENTIONAL SYSTEM",'PARTICIPATION RATES'!$G$20>='MPLH COMPS'!$B$5,'PARTICIPATION RATES'!$G$20<='MPLH COMPS'!$C$5),'MPLH COMPS'!$D$5&" - "&'MPLH COMPS'!$E$5, IF(AND(L13="CONVENTIONAL SYSTEM",'PARTICIPATION RATES'!$G$20>='MPLH COMPS'!$B$6,'PARTICIPATION RATES'!$G$20<='MPLH COMPS'!$C$6),'MPLH COMPS'!$D$6&" - "&'MPLH COMPS'!$E$6, IF(AND(L13="CONVENTIONAL SYSTEM",'PARTICIPATION RATES'!$G$20>='MPLH COMPS'!$B$7,'PARTICIPATION RATES'!$G$20<='MPLH COMPS'!$C$7),'MPLH COMPS'!$D$7&" - "&'MPLH COMPS'!$E$7, IF(AND(L13="CONVENTIONAL SYSTEM",'PARTICIPATION RATES'!$G$20>='MPLH COMPS'!$B$8,'PARTICIPATION RATES'!$G$20<='MPLH COMPS'!$C$8),'MPLH COMPS'!$D$8&" - "&'MPLH COMPS'!$E$8, IF(AND(L13="CONVENTIONAL SYSTEM",'PARTICIPATION RATES'!$G$20>='MPLH COMPS'!$B$9,'PARTICIPATION RATES'!$G$20<='MPLH COMPS'!$C$9),'MPLH COMPS'!$D$9&" - "&'MPLH COMPS'!$E$9, IF(AND(L13="CONVENTIONAL SYSTEM",'PARTICIPATION RATES'!$G$20>='MPLH COMPS'!$B$10,'PARTICIPATION RATES'!$G$20<='MPLH COMPS'!$C$10),'MPLH COMPS'!$D$10&" - "&'MPLH COMPS'!$E$10, IF(AND(L13="CONVENTIONAL SYSTEM",'PARTICIPATION RATES'!$G$20>='MPLH COMPS'!$B$11,'PARTICIPATION RATES'!$G$20<='MPLH COMPS'!$C$11),'MPLH COMPS'!$D$11&" - "&'MPLH COMPS'!$E$11, IF(AND(L13="CONVENTIONAL SYSTEM",'PARTICIPATION RATES'!$G$20>='MPLH COMPS'!$B$12,'PARTICIPATION RATES'!$G$20<='MPLH COMPS'!$C$12),'MPLH COMPS'!$D$12&" - "&'MPLH COMPS'!$E$12, IF(AND(L13="CONVENTIONAL SYSTEM",'PARTICIPATION RATES'!$G$20>='MPLH COMPS'!$B$13,'PARTICIPATION RATES'!$G$20<='MPLH COMPS'!$C$13),'MPLH COMPS'!$D$13&" - "&'MPLH COMPS'!$E$13, IF(AND(L13="CONVENIENCE SYSTEM",'PARTICIPATION RATES'!$G$20>='MPLH COMPS'!$B$3,'PARTICIPATION RATES'!$G$20<='MPLH COMPS'!$C$3),'MPLH COMPS'!$F$3&" - "&'MPLH COMPS'!$G$3, IF(AND(L13="CONVENIENCE SYSTEM",'PARTICIPATION RATES'!$G$20>='MPLH COMPS'!$B$4,'PARTICIPATION RATES'!$G$20<='MPLH COMPS'!$C$4),'MPLH COMPS'!$F$4&" - "&'MPLH COMPS'!$G$4, IF(AND(L13="CONVENIENCE SYSTEM",'PARTICIPATION RATES'!$G$20>='MPLH COMPS'!$B$5,'PARTICIPATION RATES'!$G$20<='MPLH COMPS'!$C$5),'MPLH COMPS'!$F$5&" - "&'MPLH COMPS'!$G$5, IF(AND(L13="CONVENIENCE SYSTEM",'PARTICIPATION RATES'!$G$20>='MPLH COMPS'!$B$6,'PARTICIPATION RATES'!$G$20<='MPLH COMPS'!$C$6),'MPLH COMPS'!$F$6&" - "&'MPLH COMPS'!$G$6, IF(AND(L13="CONVENIENCE SYSTEM",'PARTICIPATION RATES'!$G$20>='MPLH COMPS'!$B$7,'PARTICIPATION RATES'!$G$20<='MPLH COMPS'!$C$7),'MPLH COMPS'!$F$7&" - "&'MPLH COMPS'!$G$7, IF(AND(L13="CONVENIENCE SYSTEM",'PARTICIPATION RATES'!$G$20>='MPLH COMPS'!$B$8,'PARTICIPATION RATES'!$G$20<='MPLH COMPS'!$C$8),'MPLH COMPS'!$F$8&" - "&'MPLH COMPS'!$G$8, IF(AND(L13="CONVENIENCE SYSTEM",'PARTICIPATION RATES'!$G$20>='MPLH COMPS'!$B$9,'PARTICIPATION RATES'!$G$20<='MPLH COMPS'!$C$9),'MPLH COMPS'!$F$9&" - "&'MPLH COMPS'!$G$9, IF(AND(L13="CONVENIENCE SYSTEM",'PARTICIPATION RATES'!$G$20>='MPLH COMPS'!$B$10,'PARTICIPATION RATES'!$G$20<='MPLH COMPS'!$C$10),'MPLH COMPS'!$F$10&" - "&'MPLH COMPS'!$G$10, IF(AND(L13="CONVENIENCE SYSTEM",'PARTICIPATION RATES'!$G$20>='MPLH COMPS'!$B$11,'PARTICIPATION RATES'!$G$20<='MPLH COMPS'!$C$11),'MPLH COMPS'!$F$11&" - "&'MPLH COMPS'!$G$11, IF(AND(L13="CONVENIENCE SYSTEM",'PARTICIPATION RATES'!$G$20>='MPLH COMPS'!$B$12,'PARTICIPATION RATES'!$G$20<='MPLH COMPS'!$C$12),'MPLH COMPS'!$F$12&" - "&'MPLH COMPS'!$G$12, IF(AND(L13="CONVENIENCE SYSTEM",'PARTICIPATION RATES'!$G$20>='MPLH COMPS'!$B$13,'PARTICIPATION RATES'!$G$20<='MPLH COMPS'!$C$13),'MPLH COMPS'!$F$13&" - "&'MPLH COMPS'!$G$13, ""))))))))))))))))))))))
B17: AVERAGE HOURLY WAGE | C17: 0 | E17: 0 | F17: 0 | H17: AVERAGE HOURLY WAGE | I17: 0 | K17: 0 | L17: 0
B18: BENEFITS & TAXES | C18: =('REIMBURSEMENTS AND REVENUES'!$C$19*C$14*C$17*'ADMIN LABOR ASSUMPTIONS'!$C$25)+('REIMBURSEMENTS AND REVENUES'!$C$19*C$14*C$17*'ADMIN LABOR ASSUMPTIONS'!$C$26) -> 0 | E18: =('REIMBURSEMENTS AND REVENUES'!$C$19*E$14*E$17*'ADMIN LABOR ASSUMPTIONS'!$C$25)+('REIMBURSEMENTS AND REVENUES'!$C$19*E$14*E$17*'ADMIN LABOR ASSUMPTIONS'!$C$26) -> 0 | F18: =('REIMBURSEMENTS AND REVENUES'!$C$19*F$14*F$17*'ADMIN LABOR ASSUMPTIONS'!$C$25)+('REIMBURSEMENTS AND REVENUES'!$C$19*F$14*F$17*'ADMIN LABOR ASSUMPTIONS'!$C$26) -> 0 | H18: BENEFITS & TAXES | I18: =('REIMBURSEMENTS AND REVENUES'!$C$19*I$14*I$17*'ADMIN LABOR ASSUMPTIONS'!$C$25)+('REIMBURSEMENTS AND REVENUES'!$C$19*I$14*I$17*'ADMIN LABOR ASSUMPTIONS'!$C$26) -> 0 | K18: =('REIMBURSEMENTS AND REVENUES'!$C$19*K$14*K$17*'ADMIN LABOR ASSUMPTIONS'!$C$25)+('REIMBURSEMENTS AND REVENUES'!$C$19*K$14*K$17*'ADMIN LABOR ASSUMPTIONS'!$C$26) -> 0 | L18: =('REIMBURSEMENTS AND REVENUES'!$C$19*L$14*L$17*'ADMIN LABOR ASSUMPTIONS'!$C$25)+('REIMBURSEMENTS AND REVENUES'!$C$19*L$14*L$17*'ADMIN LABOR ASSUMPTIONS'!$C$26) -> 0
B19: ANNUAL LABOR EXPENSE | C19: =('REIMBURSEMENTS AND REVENUES'!$C$19*C$14*C$17)+C$18 -> 0 | E19: =('REIMBURSEMENTS AND REVENUES'!$C$19*E$14*E$17)+E$18 -> 0 | F19: =('REIMBURSEMENTS AND REVENUES'!$C$19*F$14*F$17)+F$18 -> 0 | H19: ANNUAL LABOR EXPENSE | I19: =('REIMBURSEMENTS AND REVENUES'!$C$19*I$14*I$17)+I$18 -> 0 | K19: =('REIMBURSEMENTS AND REVENUES'!$C$19*K$14*K$17)+K$18 -> 0 | L19: =('REIMBURSEMENTS AND REVENUES'!$C$19*L$14*L$17)+L$18 -> 0 | N19: CLICK HERE TO ADVANCE TO THE NEXT PAGE

Sheet MPLH COMPS
B1: MEAL EQUIVALENTS1 | D1: CONVENTIONAL SYSTEM MLPH2 | F1: CONVENIENCE SYSTEM MLPH3
B2: LOW | C2: HIGH | D2: LOW | E2: HIGH | F2: LOW | G2: HIGH
B3: 1 | C3: 100 | D3: 8 | E3: 10 | F3: 10 | G3: 12
B4: 101 | C4: 150 | D4: 9 | E4: 11 | F4: 11 | G4: 13
B5: 151 | C5: 200 | D5: 10 | E5: 12 | F5: 12 | G5: 14
B6: 201 | C6: 250 | D6: 12 | E6: 14 | F6: 14 | G6: 15
B7: 251 | C7: 300 | D7: 13 | E7: 15 | F7: 15 | G7: 16
B8: 301 | C8: 400 | D8: 14 | E8: 16 | F8: 16 | G8: 18
B9: 401 | C9: 500 | D9: 14 | E9: 17 | F9: 18 | G9: 19
B10: 501 | C10: 600 | D10: 15 | E10: 17 | F10: 18 | G10: 19
B11: 601 | C11: 700 | D11: 16 | E11: 18 | F11: 19 | G11: 20
B12: 701 | C12: 800 | D12: 17 | E12: 19 | F12: 20 | G12: 22
B13: 801 | C13: 1000000 | D13: 18 | E13: 20 | F13: 21 | G13: 23
B16: 1 Meal equivalents (MEQ) include breakfast, snacks and a la carte sales. Lunch 1:1, Breakfast 3:2, Snack 3:1, A la carte MEQ = sales revenue divided by the amount of free lunch reimbursement plus the USDA food entitlement.
B17: 2 Conventional system is preparation of some foods from raw ingredients on premises (using some bakery breads and prepared pizza and washing dishes)
B18: 3 Convenience system is using maximum amount of processed foods (e.g. using all bakery breads, precooked chicken, ready to serve raw fruits and vegetables, pre-portioned condiments and washing only trays and using disposable dinnerware)
B20: Source: School Foodservice Management for the 21st Century (5th ed.), by D. Pannell -Martin, 1999, pp. 155 -156, Alexandria. VA

Sheet OTHER EXPENSES
B1: OTHER ANNUAL EXPENSES
C3: STATUS QUO | E3: CEP COMPARISON
B4: ESTIMATED ANNUAL EXPENSES | C4: TOTAL | E4: NON-CEP SCHOOLS | F4: CEP SCHOOLS
B5: ANNUAL UNPAID STUDENT LUNCH DEBT | C5: 0 | E5: 0
B6: FOOD SERVICE MANAGEMENT FEES | C6: 0 | E6: 0 | F6: 0
B7: PROPERTY, PLANT, AND EQUIPMENT MAINTENANCE EXPENSES | C7: 0 | E7: 0 | F7: 0
B8: UTILITIES | C8: 0 | E8: 0 | F8: 0
B9: DISTRICT OVERHEAD & INDIRECT CHARGES | C9: 0 | E9: 0 | F9: 0
B10: OTHER EXPENSE | C10: 0 | E10: 0 | F10: 0
B11: OTHER EXPENSE | C11: 0 | E11: 0 | F11: 0
B12: OTHER EXPENSE | C12: 0 | E12: 0 | F12: 0
B13: OTHER EXPENSE | C13: 0 | E13: 0 | F13: 0
B14: TOTAL | C14: =SUM(C5:C10) -> 0 | E14: =SUM(E5:E10) -> 0 | F14: =SUM(F5:F10) -> 0
B19: CLICK HERE TO RETURN TO THE PREVIOUS PAGE | I19: CLICK HERE TO ADVANCE TO THE NEXT PAGE

Sheet DETAILED COMPARATIVE P&L
B1: ESTIMATED ANNUAL INCOME | C1: STATUS QUO | E1: CEP COMPARISON
B2: ="REIMBURSEMENTS: "&ENROLLMENT!B2 -> REIMBURSEMENTS: SCHOOL TYPE #1 | C2: TOTAL | E2: NON-CEP SCHOOLS | F2: CEP SCHOOLS | I2: CLICK HERE TO RETURN TO THE PREVIOUS PAGE
B3: BREAKFAST | C3: =(('REIMBURSEMENTS AND REVENUES'!$E$6* ROUND('PARTICIPATION RATES'!D$4*'PARTICIPATION RATES'!D$5,0))+ ('REIMBURSEMENTS AND REVENUES'!$E$7* ROUND('PARTICIPATION RATES'!D$4*'PARTICIPATION RATES'!D$5,0))+ ('REIMBURSEMENTS AND REVENUES'!$E$8* ROUND('PARTICIPATION RATES'!D$4*'PARTICIPATION RATES'!D$5,0)))* 'REIMBURSEMENTS AND REVENUES'!$C$19 -> 0 | E3: =(('REIMBURSEMENTS AND REVENUES'!$E$6* ROUND('PARTICIPATION RATES'!F$4*'PARTICIPATION RATES'!F$5,0))+ ('REIMBURSEMENTS AND REVENUES'!$E$7* ROUND('PARTICIPATION RATES'!F$4*'PARTICIPATION RATES'!F$5,0))+ ('REIMBURSEMENTS AND REVENUES'!$E$8* ROUND('PARTICIPATION RATES'!F$4*'PARTICIPATION RATES'!F$5,0)))* 'REIMBURSEMENTS AND REVENUES'!$C$19 -> 0 | F3: =(('REIMBURSEMENTS AND REVENUES'!$E$6* ROUND('PARTICIPATION RATES'!G$4*'PARTICIPATION RATES'!G$5,0))+ ('REIMBURSEMENTS AND REVENUES'!$E$7* ROUND('PARTICIPATION RATES'!G$4*'PARTICIPATION RATES'!G$5,0))+ ('REIMBURSEMENTS AND REVENUES'!$E$8* ROUND('PARTICIPATION RATES'!G$4*'PARTICIPATION RATES'!G$5,0)))* 'REIMBURSEMENTS AND REVENUES'!$C$19 -> 0
B4: SNACK | C4: =(('REIMBURSEMENTS AND REVENUES'!$J$6* ROUND('PARTICIPATION RATES'!D$4*'PARTICIPATION RATES'!D$6,0))+ ('REIMBURSEMENTS AND REVENUES'!$J$7* ROUND('PARTICIPATION RATES'!D$4*'PARTICIPATION RATES'!D$6,0))+ ('REIMBURSEMENTS AND REVENUES'!$J$8* ROUND('PARTICIPATION RATES'!D$4*'PARTICIPATION RATES'!D$6,0)))* 'REIMBURSEMENTS AND REVENUES'!$C$19 -> 0 | E4: =(('REIMBURSEMENTS AND REVENUES'!$J$6* ROUND('PARTICIPATION RATES'!F$4*'PARTICIPATION RATES'!F$6,0))+ ('REIMBURSEMENTS AND REVENUES'!$J$7* ROUND('PARTICIPATION RATES'!F$4*'PARTICIPATION RATES'!F$6,0))+ ('REIMBURSEMENTS AND REVENUES'!$J$8* ROUND('PARTICIPATION RATES'!F$4*'PARTICIPATION RATES'!F$6,0)))* 'REIMBURSEMENTS AND REVENUES'!$C$19 -> 0 | F4: =(('REIMBURSEMENTS AND REVENUES'!$J$6* ROUND('PARTICIPATION RATES'!G$4*'PARTICIPATION RATES'!G$6,0))+ ('REIMBURSEMENTS AND REVENUES'!$J$7* ROUND('PARTICIPATION RATES'!G$4*'PARTICIPATION RATES'!G$6,0))+ ('REIMBURSEMENTS AND REVENUES'!$J$8* ROUND('PARTICIPATION RATES'!G$4*'PARTICIPATION RATES'!G$6,0)))* 'REIMBURSEMENTS AND REVENUES'!$C$19 -> 0 | I4: CLICK HERE TO ADVANCE TO THE NEXT PAGE
B5: LUNCH | C5: =(('REIMBURSEMENTS AND REVENUES'!$E$14* ROUND('PARTICIPATION RATES'!D$4*'PARTICIPATION RATES'!D$7,0))+ ('REIMBURSEMENTS AND REVENUES'!$E$15* ROUND('PARTICIPATION RATES'!D$4*'PARTICIPATION RATES'!D$7,0))+ ('REIMBURSEMENTS AND REVENUES'!$E$16* ROUND('PARTICIPATION RATES'!D$4*'PARTICIPATION RATES'!D$7,0)))* 'REIMBURSEMENTS AND REVENUES'!$C$19 -> 0 | E5: =(('REIMBURSEMENTS AND REVENUES'!$E$14* ROUND('PARTICIPATION RATES'!F$4*'PARTICIPATION RATES'!F$7,0))+ ('REIMBURSEMENTS AND REVENUES'!$E$15* ROUND('PARTICIPATION RATES'!F$4*'PARTICIPATION RATES'!F$7,0))+ ('REIMBURSEMENTS AND REVENUES'!$E$16* ROUND('PARTICIPATION RATES'!F$4*'PARTICIPATION RATES'!F$7,0)))* 'REIMBURSEMENTS AND REVENUES'!$C$19 -> 0 | F5: =(('REIMBURSEMENTS AND REVENUES'!$E$14* ROUND('PARTICIPATION RATES'!G$4*'PARTICIPATION RATES'!G$7,0))+ ('REIMBURSEMENTS AND REVENUES'!$E$15* ROUND('PARTICIPATION RATES'!G$4*'PARTICIPATION RATES'!G$7,0))+ ('REIMBURSEMENTS AND REVENUES'!$E$16* ROUND('PARTICIPATION RATES'!G$4*'PARTICIPATION RATES'!G$7,0)))* 'REIMBURSEMENTS AND REVENUES'!$C$19 -> 0
B6: SUPPER | C6: =(('REIMBURSEMENTS AND REVENUES'!$J$13* ROUND('PARTICIPATION RATES'!D$4*'PARTICIPATION RATES'!D$8,0))+ ('REIMBURSEMENTS AND REVENUES'!$J$14* ROUND('PARTICIPATION RATES'!D$4*'PARTICIPATION RATES'!D$8,0))+ ('REIMBURSEMENTS AND REVENUES'!$J$15* ROUND('PARTICIPATION RATES'!D$4*'PARTICIPATION RATES'!D$8,0)))* 'REIMBURSEMENTS AND REVENUES'!$C$19 -> 0 | E6: =(('REIMBURSEMENTS AND REVENUES'!$J$13* ROUND('PARTICIPATION RATES'!F$4*'PARTICIPATION RATES'!F$8,0))+ ('REIMBURSEMENTS AND REVENUES'!$J$14* ROUND('PARTICIPATION RATES'!F$4*'PARTICIPATION RATES'!F$8,0))+ ('REIMBURSEMENTS AND REVENUES'!$J$15* ROUND('PARTICIPATION RATES'!F$4*'PARTICIPATION RATES'!F$8,0)))* 'REIMBURSEMENTS AND REVENUES'!$C$19 -> 0 | F6: =(('REIMBURSEMENTS AND REVENUES'!$J$13* ROUND('PARTICIPATION RATES'!G$4*'PARTICIPATION RATES'!G$8,0))+ ('REIMBURSEMENTS AND REVENUES'!$J$14* ROUND('PARTICIPATION RATES'!G$4*'PARTICIPATION RATES'!G$8,0))+ ('REIMBURSEMENTS AND REVENUES'!$J$15* ROUND('PARTICIPATION RATES'!G$4*'PARTICIPATION RATES'!G$8,0)))* 'REIMBURSEMENTS AND REVENUES'!$C$19 -> 0
B7: ="TOTAL "&ENROLLMENT!B2&" REIMBURSEMENTS" -> TOTAL SCHOOL TYPE #1 REIMBURSEMENTS | C7: =SUM(C3:C6) -> 0 | E7: =SUM(E3:E6) -> 0 | F7: =SUM(F3:F6) -> 0
B9: ="REIMBURSEMENTS: "&ENROLLMENT!H2 -> REIMBURSEMENTS: SCHOOL TYPE #2 | C9: TOTAL | E9: NON-CEP SCHOOLS | F9: CEP SCHOOLS
B10: BREAKFAST | C10: =(('REIMBURSEMENTS AND REVENUES'!$E$6* ROUND('PARTICIPATION RATES'!J$4*'PARTICIPATION RATES'!J$5,0))+ ('REIMBURSEMENTS AND REVENUES'!$E$7* ROUND('PARTICIPATION RATES'!J$4*'PARTICIPATION RATES'!J$5,0))+ ('REIMBURSEMENTS AND REVENUES'!$E$8* ROUND('PARTICIPATION RATES'!J$4*'PARTICIPATION RATES'!J$5,0)))* 'REIMBURSEMENTS AND REVENUES'!$C$19 -> 0 | E10: =(('REIMBURSEMENTS AND REVENUES'!$E$6* ROUND('PARTICIPATION RATES'!L$4*'PARTICIPATION RATES'!L$5,0))+ ('REIMBURSEMENTS AND REVENUES'!$E$7* ROUND('PARTICIPATION RATES'!L$4*'PARTICIPATION RATES'!L$5,0))+ ('REIMBURSEMENTS AND REVENUES'!$E$8* ROUND('PARTICIPATION RATES'!L$4*'PARTICIPATION RATES'!L$5,0)))* 'REIMBURSEMENTS AND REVENUES'!$C$19 -> 0 | F10: =(('REIMBURSEMENTS AND REVENUES'!$E$6* ROUND('PARTICIPATION RATES'!M$4*'PARTICIPATION RATES'!M$5,0))+ ('REIMBURSEMENTS AND REVENUES'!$E$7* ROUND('PARTICIPATION RATES'!M$4*'PARTICIPATION RATES'!M$5,0))+ ('REIMBURSEMENTS AND REVENUES'!$E$8* ROUND('PARTICIPATION RATES'!M$4*'PARTICIPATION RATES'!M$5,0)))* 'REIMBURSEMENTS AND REVENUES'!$C$19 -> 0
B11: SNACK | C11: =(('REIMBURSEMENTS AND REVENUES'!$J$6* ROUND('PARTICIPATION RATES'!J$4*'PARTICIPATION RATES'!J$6,0))+ ('REIMBURSEMENTS AND REVENUES'!$J$7* ROUND('PARTICIPATION RATES'!J$4*'PARTICIPATION RATES'!J$6,0))+ ('REIMBURSEMENTS AND REVENUES'!$J$8* ROUND('PARTICIPATION RATES'!J$4*'PARTICIPATION RATES'!J$6,0)))* 'REIMBURSEMENTS AND REVENUES'!$C$19 -> 0 | E11: =(('REIMBURSEMENTS AND REVENUES'!$J$6* ROUND('PARTICIPATION RATES'!L$4*'PARTICIPATION RATES'!L$6,0))+ ('REIMBURSEMENTS AND REVENUES'!$J$7* ROUND('PARTICIPATION RATES'!L$4*'PARTICIPATION RATES'!L$6,0))+ ('REIMBURSEMENTS AND REVENUES'!$J$8* ROUND('PARTICIPATION RATES'!L$4*'PARTICIPATION RATES'!L$6,0)))* 'REIMBURSEMENTS AND REVENUES'!$C$19 -> 0 | F11: =(('REIMBURSEMENTS AND REVENUES'!$J$6* ROUND('PARTICIPATION RATES'!M$4*'PARTICIPATION RATES'!M$6,0))+ ('REIMBURSEMENTS AND REVENUES'!$J$7* ROUND('PARTICIPATION RATES'!M$4*'PARTICIPATION RATES'!M$6,0))+ ('REIMBURSEMENTS AND REVENUES'!$J$8* ROUND('PARTICIPATION RATES'!M$4*'PARTICIPATION RATES'!M$6,0)))* 'REIMBURSEMENTS AND REVENUES'!$C$19 -> 0
B12: LUNCH | C12: =(('REIMBURSEMENTS AND REVENUES'!$E$14* ROUND('PARTICIPATION RATES'!J$4*'PARTICIPATION RATES'!J$7,0))+ ('REIMBURSEMENTS AND REVENUES'!$E$15* ROUND('PARTICIPATION RATES'!J$4*'PARTICIPATION RATES'!J$7,0))+ ('REIMBURSEMENTS AND REVENUES'!$E$16* ROUND('PARTICIPATION RATES'!J$4*'PARTICIPATION RATES'!J$7,0)))* 'REIMBURSEMENTS AND REVENUES'!$C$19 -> 0 | E12: =(('REIMBURSEMENTS AND REVENUES'!$E$14* ROUND('PARTICIPATION RATES'!L$4*'PARTICIPATION RATES'!L$7,0))+ ('REIMBURSEMENTS AND REVENUES'!$E$15* ROUND('PARTICIPATION RATES'!L$4*'PARTICIPATION RATES'!L$7,0))+ ('REIMBURSEMENTS AND REVENUES'!$E$16* ROUND('PARTICIPATION RATES'!L$4*'PARTICIPATION RATES'!L$7,0)))* 'REIMBURSEMENTS AND REVENUES'!$C$19 -> 0 | F12: =(('REIMBURSEMENTS AND REVENUES'!$E$14* ROUND('PARTICIPATION RATES'!M$4*'PARTICIPATION RATES'!M$7,0))+ ('REIMBURSEMENTS AND REVENUES'!$E$15* ROUND('PARTICIPATION RATES'!M$4*'PARTICIPATION RATES'!M$7,0))+ ('REIMBURSEMENTS AND REVENUES'!$E$16* ROUND('PARTICIPATION RATES'!M$4*'PARTICIPATION RATES'!M$7,0)))* 'REIMBURSEMENTS AND REVENUES'!$C$19 -> 0
B13: SUPPER | C13: =(('REIMBURSEMENTS AND REVENUES'!$J$13* ROUND('PARTICIPATION RATES'!J$4*'PARTICIPATION RATES'!J$8,0))+ ('REIMBURSEMENTS AND REVENUES'!$J$14* ROUND('PARTICIPATION RATES'!J$4*'PARTICIPATION RATES'!J$8,0))+ ('REIMBURSEMENTS AND REVENUES'!$J$15* ROUND('PARTICIPATION RATES'!J$4*'PARTICIPATION RATES'!J$8,0)))* 'REIMBURSEMENTS AND REVENUES'!$C$19 -> 0 | E13: =(('REIMBURSEMENTS AND REVENUES'!$J$13* ROUND('PARTICIPATION RATES'!L$4*'PARTICIPATION RATES'!L$8,0))+ ('REIMBURSEMENTS AND REVENUES'!$J$14* ROUND('PARTICIPATION RATES'!L$4*'PARTICIPATION RATES'!L$8,0))+ ('REIMBURSEMENTS AND REVENUES'!$J$15* ROUND('PARTICIPATION RATES'!L$4*'PARTICIPATION RATES'!L$8,0)))* 'REIMBURSEMENTS AND REVENUES'!$C$19 -> 0 | F13: =(('REIMBURSEMENTS AND REVENUES'!$J$13* ROUND('PARTICIPATION RATES'!M$4*'PARTICIPATION RATES'!M$8,0))+ ('REIMBURSEMENTS AND REVENUES'!$J$14* ROUND('PARTICIPATION RATES'!M$4*'PARTICIPATION RATES'!M$8,0))+ ('REIMBURSEMENTS AND REVENUES'!$J$15* ROUND('PARTICIPATION RATES'!M$4*'PARTICIPATION RATES'!M$8,0)))* 'REIMBURSEMENTS AND REVENUES'!$C$19 -> 0
B14: ="TOTAL "&ENROLLMENT!H2&" REIMBURSEMENTS" -> TOTAL SCHOOL TYPE #2 REIMBURSEMENTS | C14: =SUM(C10:C13) -> 0 | E14: =SUM(E10:E13) -> 0 | F14: =SUM(F10:F13) -> 0
B16: ="REIMBURSEMENTS: "&ENROLLMENT!B13 -> REIMBURSEMENTS: SCHOOL TYPE #3 | C16: TOTAL | E16: NON-CEP SCHOOLS | F16: CEP SCHOOLS
B17: BREAKFAST | C17: =(('REIMBURSEMENTS AND REVENUES'!$E$6* ROUND('PARTICIPATION RATES'!D$14*'PARTICIPATION RATES'!D$15,0))+ ('REIMBURSEMENTS AND REVENUES'!$E$7* ROUND('PARTICIPATION RATES'!D$14*'PARTICIPATION RATES'!D$15,0))+ ('REIMBURSEMENTS AND REVENUES'!$E$8* ROUND('PARTICIPATION RATES'!D$14*'PARTICIPATION RATES'!D$15,0)))* 'REIMBURSEMENTS AND REVENUES'!$C$19 -> 0 | E17: =(('REIMBURSEMENTS AND REVENUES'!$E$6* ROUND('PARTICIPATION RATES'!F$14*'PARTICIPATION RATES'!F$15,0))+ ('REIMBURSEMENTS AND REVENUES'!$E$7* ROUND('PARTICIPATION RATES'!F$14*'PARTICIPATION RATES'!F$15,0))+ ('REIMBURSEMENTS AND REVENUES'!$E$8* ROUND('PARTICIPATION RATES'!F$14*'PARTICIPATION RATES'!F$15,0)))* 'REIMBURSEMENTS AND REVENUES'!$C$19 -> 0 | F17: =(('REIMBURSEMENTS AND REVENUES'!$E$6* ROUND('PARTICIPATION RATES'!G$14*'PARTICIPATION RATES'!G$15,0))+ ('REIMBURSEMENTS AND REVENUES'!$E$7* ROUND('PARTICIPATION RATES'!G$14*'PARTICIPATION RATES'!G$15,0))+ ('REIMBURSEMENTS AND REVENUES'!$E$8* ROUND('PARTICIPATION RATES'!G$14*'PARTICIPATION RATES'!G$15,0)))* 'REIMBURSEMENTS AND REVENUES'!$C$19 -> 0
B18: SNACK | C18: =(('REIMBURSEMENTS AND REVENUES'!$J$6* ROUND('PARTICIPATION RATES'!D$14*'PARTICIPATION RATES'!D$16,0))+ ('REIMBURSEMENTS AND REVENUES'!$J$7* ROUND('PARTICIPATION RATES'!D$14*'PARTICIPATION RATES'!D$16,0))+ ('REIMBURSEMENTS AND REVENUES'!$J$8* ROUND('PARTICIPATION RATES'!D$14*'PARTICIPATION RATES'!D$16,0)))* 'REIMBURSEMENTS AND REVENUES'!$C$19 -> 0 | E18: =(('REIMBURSEMENTS AND REVENUES'!$J$6* ROUND('PARTICIPATION RATES'!F$14*'PARTICIPATION RATES'!F$16,0))+ ('REIMBURSEMENTS AND REVENUES'!$J$7* ROUND('PARTICIPATION RATES'!F$14*'PARTICIPATION RATES'!F$16,0))+ ('REIMBURSEMENTS AND REVENUES'!$J$8* ROUND('PARTICIPATION RATES'!F$14*'PARTICIPATION RATES'!F$16,0)))* 'REIMBURSEMENTS AND REVENUES'!$C$19 -> 0 | F18: =(('REIMBURSEMENTS AND REVENUES'!$J$6* ROUND('PARTICIPATION RATES'!G$14*'PARTICIPATION RATES'!G$16,0))+ ('REIMBURSEMENTS AND REVENUES'!$J$7* ROUND('PARTICIPATION RATES'!G$14*'PARTICIPATION RATES'!G$16,0))+ ('REIMBURSEMENTS AND REVENUES'!$J$8* ROUND('PARTICIPATION RATES'!G$14*'PARTICIPATION RATES'!G$16,0)))* 'REIMBURSEMENTS AND REVENUES'!$C$19 -> 0
B19: LUNCH | C19: =(('REIMBURSEMENTS AND REVENUES'!$E$14* ROUND('PARTICIPATION RATES'!D$14*'PARTICIPATION RATES'!D$17,0))+ ('REIMBURSEMENTS AND REVENUES'!$E$15* ROUND('PARTICIPATION RATES'!D$14*'PARTICIPATION RATES'!D$17,0))+ ('REIMBURSEMENTS AND REVENUES'!$E$16* ROUND('PARTICIPATION RATES'!D$14*'PARTICIPATION RATES'!D$17,0)))* 'REIMBURSEMENTS AND REVENUES'!$C$19 -> 0 | E19: =(('REIMBURSEMENTS AND REVENUES'!$E$14* ROUND('PARTICIPATION RATES'!F$14*'PARTICIPATION RATES'!F$17,0))+ ('REIMBURSEMENTS AND REVENUES'!$E$15* ROUND('PARTICIPATION RATES'!F$14*'PARTICIPATION RATES'!F$17,0))+ ('REIMBURSEMENTS AND REVENUES'!$E$16* ROUND('PARTICIPATION RATES'!F$14*'PARTICIPATION RATES'!F$17,0)))* 'REIMBURSEMENTS AND REVENUES'!$C$19 -> 0 | F19: =(('REIMBURSEMENTS AND REVENUES'!$E$14* ROUND('PARTICIPATION RATES'!G$14*'PARTICIPATION RATES'!G$17,0))+ ('REIMBURSEMENTS AND REVENUES'!$E$15* ROUND('PARTICIPATION RATES'!G$14*'PARTICIPATION RATES'!G$17,0))+ ('REIMBURSEMENTS AND REVENUES'!$E$16* ROUND('PARTICIPATION RATES'!G$14*'PARTICIPATION RATES'!G$17,0)))* 'REIMBURSEMENTS AND REVENUES'!$C$19 -> 0
B20: SUPPER | C20: =(('REIMBURSEMENTS AND REVENUES'!$J$13* ROUND('PARTICIPATION RATES'!D$14*'PARTICIPATION RATES'!D$18,0))+ ('REIMBURSEMENTS AND REVENUES'!$J$14* ROUND('PARTICIPATION RATES'!D$14*'PARTICIPATION RATES'!D$18,0))+ ('REIMBURSEMENTS AND REVENUES'!$J$15* ROUND('PARTICIPATION RATES'!D$14*'PARTICIPATION RATES'!D$18,0)))* 'REIMBURSEMENTS AND REVENUES'!$C$19 -> 0 | E20: =(('REIMBURSEMENTS AND REVENUES'!$J$13* ROUND('PARTICIPATION RATES'!F$14*'PARTICIPATION RATES'!F$18,0))+ ('REIMBURSEMENTS AND REVENUES'!$J$14* ROUND('PARTICIPATION RATES'!F$14*'PARTICIPATION RATES'!F$18,0))+ ('REIMBURSEMENTS AND REVENUES'!$J$15* ROUND('PARTICIPATION RATES'!F$14*'PARTICIPATION RATES'!F$18,0)))* 'REIMBURSEMENTS AND REVENUES'!$C$19 -> 0 | F20: =(('REIMBURSEMENTS AND REVENUES'!$J$13* ROUND('PARTICIPATION RATES'!G$14*'PARTICIPATION RATES'!G$18,0))+ ('REIMBURSEMENTS AND REVENUES'!$J$14* ROUND('PARTICIPATION RATES'!G$14*'PARTICIPATION RATES'!G$18,0))+ ('REIMBURSEMENTS AND REVENUES'!$J$15* ROUND('PARTICIPATION RATES'!G$14*'PARTICIPATION RATES'!G$18,0)))* 'REIMBURSEMENTS AND REVENUES'!$C$19 -> 0
B21: ="TOTAL "&ENROLLMENT!B13&" REIMBURSEMENTS" -> TOTAL SCHOOL TYPE #3 REIMBURSEMENTS | C21: =SUM(C17:C20) -> 0 | E21: =SUM(E17:E20) -> 0 | F21: =SUM(F17:F20) -> 0
B23: ="REIMBURSEMENTS: "&ENROLLMENT!H13 -> REIMBURSEMENTS: SCHOOL TYPE #4 | C23: TOTAL | E23: NON-CEP SCHOOLS | F23: CEP SCHOOLS
B24: BREAKFAST | C24: =(('REIMBURSEMENTS AND REVENUES'!$E$6* ROUND('PARTICIPATION RATES'!J$14*'PARTICIPATION RATES'!J$15,0))+ ('REIMBURSEMENTS AND REVENUES'!$E$7* ROUND('PARTICIPATION RATES'!J$14*'PARTICIPATION RATES'!J$15,0))+ ('REIMBURSEMENTS AND REVENUES'!$E$8* ROUND('PARTICIPATION RATES'!J$14*'PARTICIPATION RATES'!J$15,0)))* 'REIMBURSEMENTS AND REVENUES'!$C$19 -> 0 | E24: =(('REIMBURSEMENTS AND REVENUES'!$E$6* ROUND('PARTICIPATION RATES'!L$14*'PARTICIPATION RATES'!L$15,0))+ ('REIMBURSEMENTS AND REVENUES'!$E$7* ROUND('PARTICIPATION RATES'!L$14*'PARTICIPATION RATES'!L$15,0))+ ('REIMBURSEMENTS AND REVENUES'!$E$8* ROUND('PARTICIPATION RATES'!L$14*'PARTICIPATION RATES'!L$15,0)))* 'REIMBURSEMENTS AND REVENUES'!$C$19 -> 0 | F24: =(('REIMBURSEMENTS AND REVENUES'!$E$6* ROUND('PARTICIPATION RATES'!M$14*'PARTICIPATION RATES'!M$15,0))+ ('REIMBURSEMENTS AND REVENUES'!$E$7* ROUND('PARTICIPATION RATES'!M$14*'PARTICIPATION RATES'!M$15,0))+ ('REIMBURSEMENTS AND REVENUES'!$E$8* ROUND('PARTICIPATION RATES'!M$14*'PARTICIPATION RATES'!M$15,0)))* 'REIMBURSEMENTS AND REVENUES'!$C$19 -> 0
B25: SNACK | C25: =(('REIMBURSEMENTS AND REVENUES'!$J$6* ROUND('PARTICIPATION RATES'!J$14*'PARTICIPATION RATES'!J$16,0))+ ('REIMBURSEMENTS AND REVENUES'!$J$7* ROUND('PARTICIPATION RATES'!J$14*'PARTICIPATION RATES'!J$16,0))+ ('REIMBURSEMENTS AND REVENUES'!$J$8* ROUND('PARTICIPATION RATES'!J$14*'PARTICIPATION RATES'!J$16,0)))* 'REIMBURSEMENTS AND REVENUES'!$C$19 -> 0 | E25: =(('REIMBURSEMENTS AND REVENUES'!$J$6* ROUND('PARTICIPATION RATES'!L$14*'PARTICIPATION RATES'!L$16,0))+ ('REIMBURSEMENTS AND REVENUES'!$J$7* ROUND('PARTICIPATION RATES'!L$14*'PARTICIPATION RATES'!L$16,0))+ ('REIMBURSEMENTS AND REVENUES'!$J$8* ROUND('PARTICIPATION RATES'!L$14*'PARTICIPATION RATES'!L$16,0)))* 'REIMBURSEMENTS AND REVENUES'!$C$19 -> 0 | F25: =(('REIMBURSEMENTS AND REVENUES'!$J$6* ROUND('PARTICIPATION RATES'!M$14*'PARTICIPATION RATES'!M$16,0))+ ('REIMBURSEMENTS AND REVENUES'!$J$7* ROUND('PARTICIPATION RATES'!M$14*'PARTICIPATION RATES'!M$16,0))+ ('REIMBURSEMENTS AND REVENUES'!$J$8* ROUND('PARTICIPATION RATES'!M$14*'PARTICIPATION RATES'!M$16,0)))* 'REIMBURSEMENTS AND REVENUES'!$C$19 -> 0
B26: LUNCH | C26: =(('REIMBURSEMENTS AND REVENUES'!$E$14* ROUND('PARTICIPATION RATES'!J$14*'PARTICIPATION RATES'!J$17,0))+ ('REIMBURSEMENTS AND REVENUES'!$E$15* ROUND('PARTICIPATION RATES'!J$14*'PARTICIPATION RATES'!J$17,0))+ ('REIMBURSEMENTS AND REVENUES'!$E$16* ROUND('PARTICIPATION RATES'!J$14*'PARTICIPATION RATES'!J$17,0)))* 'REIMBURSEMENTS AND REVENUES'!$C$19 -> 0 | E26: =(('REIMBURSEMENTS AND REVENUES'!$E$14* ROUND('PARTICIPATION RATES'!L$14*'PARTICIPATION RATES'!L$17,0))+ ('REIMBURSEMENTS AND REVENUES'!$E$15* ROUND('PARTICIPATION RATES'!L$14*'PARTICIPATION RATES'!L$17,0))+ ('REIMBURSEMENTS AND REVENUES'!$E$16* ROUND('PARTICIPATION RATES'!L$14*'PARTICIPATION RATES'!L$17,0)))* 'REIMBURSEMENTS AND REVENUES'!$C$19 -> 0 | F26: =(('REIMBURSEMENTS AND REVENUES'!$E$14* ROUND('PARTICIPATION RATES'!M$14*'PARTICIPATION RATES'!M$17,0))+ ('REIMBURSEMENTS AND REVENUES'!$E$15* ROUND('PARTICIPATION RATES'!M$14*'PARTICIPATION RATES'!M$17,0))+ ('REIMBURSEMENTS AND REVENUES'!$E$16* ROUND('PARTICIPATION RATES'!M$14*'PARTICIPATION RATES'!M$17,0)))* 'REIMBURSEMENTS AND REVENUES'!$C$19 -> 0
B27: SUPPER | C27: =(('REIMBURSEMENTS AND REVENUES'!$J$13* ROUND('PARTICIPATION RATES'!J$14*'PARTICIPATION RATES'!J$18,0))+ ('REIMBURSEMENTS AND REVENUES'!$J$14* ROUND('PARTICIPATION RATES'!J$14*'PARTICIPATION RATES'!J$18,0))+ ('REIMBURSEMENTS AND REVENUES'!$J$15* ROUND('PARTICIPATION RATES'!J$14*'PARTICIPATION RATES'!J$18,0)))* 'REIMBURSEMENTS AND REVENUES'!$C$19 -> 0 | E27: =(('REIMBURSEMENTS AND REVENUES'!$J$13* ROUND('PARTICIPATION RATES'!L$14*'PARTICIPATION RATES'!L$18,0))+ ('REIMBURSEMENTS AND REVENUES'!$J$14* ROUND('PARTICIPATION RATES'!L$14*'PARTICIPATION RATES'!L$18,0))+ ('REIMBURSEMENTS AND REVENUES'!$J$15* ROUND('PARTICIPATION RATES'!L$14*'PARTICIPATION RATES'!L$18,0)))* 'REIMBURSEMENTS AND REVENUES'!$C$19 -> 0 | F27: =(('REIMBURSEMENTS AND REVENUES'!$J$13* ROUND('PARTICIPATION RATES'!M$14*'PARTICIPATION RATES'!M$18,0))+ ('REIMBURSEMENTS AND REVENUES'!$J$14* ROUND('PARTICIPATION RATES'!M$14*'PARTICIPATION RATES'!M$18,0))+ ('REIMBURSEMENTS AND REVENUES'!$J$15* ROUND('PARTICIPATION RATES'!M$14*'PARTICIPATION RATES'!M$18,0)))* 'REIMBURSEMENTS AND REVENUES'!$C$19 -> 0
B28: ="TOTAL "&ENROLLMENT!H13&" REIMBURSEMENTS" -> TOTAL SCHOOL TYPE #4 REIMBURSEMENTS | C28: =SUM('DETAILED COMPARATIVE P&L'!C24:C27) -> 0 | E28: =SUM('DETAILED COMPARATIVE P&L'!E24:E27) -> 0 | F28: =SUM('DETAILED COMPARATIVE P&L'!F24:F27) -> 0
B31: ="ALA CARTE & MEAL SALES: "&ENROLLMENT!B2 -> ALA CARTE & MEAL SALES: SCHOOL TYPE #1 | C31: TOTAL | E31: NON-CEP SCHOOLS | F31: CEP SCHOOLS
B32: BREAKFAST | C32: ='REIMBURSEMENTS AND REVENUES'!$C$9* ROUND('PARTICIPATION RATES'!D$4*'PARTICIPATION RATES'!D$5,0)* 'REIMBURSEMENTS AND REVENUES'!$C$19 -> 0 | E32: ='REIMBURSEMENTS AND REVENUES'!$C$9* ROUND('PARTICIPATION RATES'!F$4*'PARTICIPATION RATES'!F$5,0)* 'REIMBURSEMENTS AND REVENUES'!$C$19 -> 0
B33: LUNCH | C33: ='REIMBURSEMENTS AND REVENUES'!$C$17* ROUND('PARTICIPATION RATES'!D$4*'PARTICIPATION RATES'!D$7,0)* 'REIMBURSEMENTS AND REVENUES'!$C$19 -> 0 | E33: ='REIMBURSEMENTS AND REVENUES'!$C$17* ROUND('PARTICIPATION RATES'!F$4*'PARTICIPATION RATES'!F$7,0)* 'REIMBURSEMENTS AND REVENUES'!$C$19 -> 0
B34: ALA CARTE | C34: ='REIMBURSEMENTS AND REVENUES'!$H$9* ROUND('PARTICIPATION RATES'!D$4*'PARTICIPATION RATES'!D$9,0)* 'REIMBURSEMENTS AND REVENUES'!$C$19 -> 0 | E34: ='REIMBURSEMENTS AND REVENUES'!$H$9* ROUND('PARTICIPATION RATES'!F$4*'PARTICIPATION RATES'!F$9,0)* 'REIMBURSEMENTS AND REVENUES'!$C$19 -> 0 | F34: ='REIMBURSEMENTS AND REVENUES'!$H$9* ROUND('PARTICIPATION RATES'!G$4*'PARTICIPATION RATES'!G$9,0)* 'REIMBURSEMENTS AND REVENUES'!$C$19 -> 0
B35: =ENROLLMENT!B2&" SALES TOTAL" -> SCHOOL TYPE #1 SALES TOTAL | C35: =SUM(C32:C34) -> 0 | E35: =SUM(E32:E34) -> 0 | F35: =SUM(F32:F34) -> 0
B37: ="ALA CARTE & MEAL SALES: "&ENROLLMENT!H2 -> ALA CARTE & MEAL SALES: SCHOOL TYPE #2 | C37: TOTAL | E37: NON-CEP SCHOOLS | F37: CEP SCHOOLS
B38: BREAKFAST | C38: ='REIMBURSEMENTS AND REVENUES'!$C$9* ROUND('PARTICIPATION RATES'!J$4*'PARTICIPATION RATES'!J$5,0)* 'REIMBURSEMENTS AND REVENUES'!$C$19 -> 0 | E38: ='REIMBURSEMENTS AND REVENUES'!$C$9* ROUND('PARTICIPATION RATES'!L$4*'PARTICIPATION RATES'!L$5,0)* 'REIMBURSEMENTS AND REVENUES'!$C$19 -> 0
B39: LUNCH | C39: ='REIMBURSEMENTS AND REVENUES'!$C$17* ROUND('PARTICIPATION RATES'!J$4*'PARTICIPATION RATES'!J$7,0)* 'REIMBURSEMENTS AND REVENUES'!$C$19 -> 0 | E39: ='REIMBURSEMENTS AND REVENUES'!$C$17* ROUND('PARTICIPATION RATES'!L$4*'PARTICIPATION RATES'!L$7,0)* 'REIMBURSEMENTS AND REVENUES'!$C$19 -> 0
B40: ALA CARTE | C40: ='REIMBURSEMENTS AND REVENUES'!$H$9* ROUND('PARTICIPATION RATES'!J$4*'PARTICIPATION RATES'!J$9,0)* 'REIMBURSEMENTS AND REVENUES'!$C$19 -> 0 | E40: ='REIMBURSEMENTS AND REVENUES'!$H$9* ROUND('PARTICIPATION RATES'!L$4*'PARTICIPATION RATES'!L$9,0)* 'REIMBURSEMENTS AND REVENUES'!$C$19 -> 0 | F40: ='REIMBURSEMENTS AND REVENUES'!$H$9* ROUND('PARTICIPATION RATES'!M$4*'PARTICIPATION RATES'!M$9,0)* 'REIMBURSEMENTS AND REVENUES'!$C$19 -> 0
B41: =ENROLLMENT!H2&" SALES TOTAL" -> SCHOOL TYPE #2 SALES TOTAL | C41: =SUM(C38:C40) -> 0 | E41: =SUM(E38:E40) -> 0 | F41: =SUM(F38:F40) -> 0
B43: ="ALA CARTE & MEAL SALES: "&ENROLLMENT!B13 -> ALA CARTE & MEAL SALES: SCHOOL TYPE #3 | C43: TOTAL | E43: NON-CEP SCHOOLS | F43: CEP SCHOOLS
B44: BREAKFAST | C44: ='REIMBURSEMENTS AND REVENUES'!$C$9* ROUND('PARTICIPATION RATES'!D$14*'PARTICIPATION RATES'!D$15,0)* 'REIMBURSEMENTS AND REVENUES'!$C$19 -> 0 | E44: ='REIMBURSEMENTS AND REVENUES'!$C$9* ROUND('PARTICIPATION RATES'!F$14*'PARTICIPATION RATES'!F$15,0)* 'REIMBURSEMENTS AND REVENUES'!$C$19 -> 0
B45: LUNCH | C45: ='REIMBURSEMENTS AND REVENUES'!$C$17* ROUND('PARTICIPATION RATES'!D$14*'PARTICIPATION RATES'!D$17,0)* 'REIMBURSEMENTS AND REVENUES'!$C$19 -> 0 | E45: ='REIMBURSEMENTS AND REVENUES'!$C$17* ROUND('PARTICIPATION RATES'!F$14*'PARTICIPATION RATES'!F$17,0)* 'REIMBURSEMENTS AND REVENUES'!$C$19 -> 0
B46: ALA CARTE | C46: ='REIMBURSEMENTS AND REVENUES'!$H$9* ROUND('PARTICIPATION RATES'!D$14*'PARTICIPATION RATES'!D$19,0)* 'REIMBURSEMENTS AND REVENUES'!$C$19 -> 0 | E46: ='REIMBURSEMENTS AND REVENUES'!$H$9* ROUND('PARTICIPATION RATES'!F$14*'PARTICIPATION RATES'!F$19,0)* 'REIMBURSEMENTS AND REVENUES'!$C$19 -> 0 | F46: ='REIMBURSEMENTS AND REVENUES'!$H$9* ROUND('PARTICIPATION RATES'!G$14*'PARTICIPATION RATES'!G$19,0)* 'REIMBURSEMENTS AND REVENUES'!$C$19 -> 0
B47: =ENROLLMENT!B13&" SALES TOTAL" -> SCHOOL TYPE #3 SALES TOTAL | C47: =SUM(C44:C46) -> 0 | E47: =SUM(E44:E46) -> 0 | F47: =SUM(F44:F46) -> 0
B49: ="ALA CARTE & MEAL SALES: "&ENROLLMENT!H13 -> ALA CARTE & MEAL SALES: SCHOOL TYPE #4 | C49: TOTAL | E49: NON-CEP SCHOOLS | F49: CEP SCHOOLS
B50: BREAKFAST | C50: ='REIMBURSEMENTS AND REVENUES'!$C$9* ROUND('PARTICIPATION RATES'!J$14*'PARTICIPATION RATES'!J$15,0)* 'REIMBURSEMENTS AND REVENUES'!$C$19 -> 0 | E50: ='REIMBURSEMENTS AND REVENUES'!$C$9* ROUND('PARTICIPATION RATES'!L$14*'PARTICIPATION RATES'!L$15,0)* 'REIMBURSEMENTS AND REVENUES'!$C$19 -> 0
B51: LUNCH | C51: ='REIMBURSEMENTS AND REVENUES'!$C$17* ROUND('PARTICIPATION RATES'!J$14*'PARTICIPATION RATES'!J$17,0)* 'REIMBURSEMENTS AND REVENUES'!$C$19 -> 0 | E51: ='REIMBURSEMENTS AND REVENUES'!$C$17* ROUND('PARTICIPATION RATES'!L$14*'PARTICIPATION RATES'!L$17,0)* 'REIMBURSEMENTS AND REVENUES'!$C$19 -> 0
B52: ALA CARTE | C52: ='REIMBURSEMENTS AND REVENUES'!$H$9* ROUND('PARTICIPATION RATES'!J$14*'PARTICIPATION RATES'!J$19,0)* 'REIMBURSEMENTS AND REVENUES'!$C$19 -> 0 | E52: ='REIMBURSEMENTS AND REVENUES'!$H$9* ROUND('PARTICIPATION RATES'!L$14*'PARTICIPATION RATES'!L$19,0)* 'REIMBURSEMENTS AND REVENUES'!$C$19 -> 0 | F52: ='REIMBURSEMENTS AND REVENUES'!$H$9* ROUND('PARTICIPATION RATES'!M$14*'PARTICIPATION RATES'!M$19,0)* 'REIMBURSEMENTS AND REVENUES'!$C$19 -> 0
B53: =ENROLLMENT!H13&" SALES TOTAL" -> SCHOOL TYPE #4 SALES TOTAL | C53: =SUM('DETAILED COMPARATIVE P&L'!C50:C52) -> 0 | E53: =SUM('DETAILED COMPARATIVE P&L'!E50:E52) -> 0 | F53: =SUM('DETAILED COMPARATIVE P&L'!F50:F52) -> 0
B55: OTHER INCOME | C55: 0 | E55: 0 | F55: 0
B57: SUBTOTAL | E57: =SUM(E7,E14,E21,E35,E41,E47,E53,E55) -> 0 | F57: =SUM(F7,F14,F21,F35,F41,F47,F53,F55) -> 0
B58: TOTAL INCOME | C58: =SUM(C7,C14,C21,C35,C41,C47,C53,C55) -> 0 | E58: =SUM(E57:F57) -> 0
B60: ESTIMATED ANNUAL EXPENSES | C60: STATUS QUO | E60: CEP COMPARISON
B61: FOOD & MATERIALS | C61: TOTAL | E61: NON-CEP SCHOOLS | F61: CEP SCHOOLS
B62: =ENROLLMENT!B2 -> SCHOOL TYPE #1 | C62: ='FOOD & MATERIALS EXPENSE'!H13 -> 0 | E62: ='FOOD & MATERIALS EXPENSE'!J13 -> 0 | F62: ='FOOD & MATERIALS EXPENSE'!K13 -> 0
B63: =ENROLLMENT!H2 -> SCHOOL TYPE #2 | C63: ='FOOD & MATERIALS EXPENSE'!H14 -> 0 | E63: ='FOOD & MATERIALS EXPENSE'!J14 -> 0 | F63: ='FOOD & MATERIALS EXPENSE'!K14 -> 0
B64: =ENROLLMENT!B13 -> SCHOOL TYPE #3 | C64: ='FOOD & MATERIALS EXPENSE'!H15 -> 0 | E64: ='FOOD & MATERIALS EXPENSE'!J15 -> 0 | F64: ='FOOD & MATERIALS EXPENSE'!K15 -> 0
B65: =ENROLLMENT!H13 -> SCHOOL TYPE #4 | C65: ='FOOD & MATERIALS EXPENSE'!H16 -> 0 | E65: ='FOOD & MATERIALS EXPENSE'!J16 -> 0 | F65: ='FOOD & MATERIALS EXPENSE'!K16 -> 0
B66: FOOD & MATERIALS TOTAL | C66: =SUM(C62:C64) -> 0 | E66: =SUM(E62:E64) -> 0 | F66: =SUM(F62:F64) -> 0
B68: DIRECT LABOR | C68: TOTAL | E68: NON-CEP SCHOOLS | F68: CEP SCHOOLS
B69: =ENROLLMENT!B2 -> SCHOOL TYPE #1 | C69: ='DIRECT LABOR ASSUMPTIONS'!C10 -> 0 | E69: ='DIRECT LABOR ASSUMPTIONS'!E10 -> 0 | F69: ='DIRECT LABOR ASSUMPTIONS'!F10 -> 0
B70: =ENROLLMENT!H2 -> SCHOOL TYPE #2 | C70: ='DIRECT LABOR ASSUMPTIONS'!C19 -> 0 | E70: ='DIRECT LABOR ASSUMPTIONS'!E19 -> 0 | F70: ='DIRECT LABOR ASSUMPTIONS'!F19 -> 0
B71: =ENROLLMENT!B13 -> SCHOOL TYPE #3 | C71: ='DIRECT LABOR ASSUMPTIONS'!I10 -> 0 | E71: ='DIRECT LABOR ASSUMPTIONS'!K10 -> 0 | F71: ='DIRECT LABOR ASSUMPTIONS'!L10 -> 0
B72: =ENROLLMENT!H13 -> SCHOOL TYPE #4 | C72: ='DIRECT LABOR ASSUMPTIONS'!I19 -> 0 | E72: ='DIRECT LABOR ASSUMPTIONS'!K19 -> 0 | F72: ='DIRECT LABOR ASSUMPTIONS'!L19 -> 0
B73: DIRECT LABOR TOTAL | C73: =SUM(C69:C71) -> 0 | E73: =SUM(E69:E71) -> 0 | F73: =SUM(F69:F71) -> 0
B75: ADMINISTRATIVE LABOR | C75: TOTAL | E75: NON-CEP SCHOOLS | F75: CEP SCHOOLS
B76: =ENROLLMENT!B2 -> SCHOOL TYPE #1 | C76: ='ADMIN LABOR ASSUMPTIONS'!C6 -> 0 | E76: ='ADMIN LABOR ASSUMPTIONS'!E6 -> 0 | F76: ='ADMIN LABOR ASSUMPTIONS'!F6 -> 0
B77: =ENROLLMENT!H2 -> SCHOOL TYPE #2 | C77: ='ADMIN LABOR ASSUMPTIONS'!C11 -> 0 | E77: ='ADMIN LABOR ASSUMPTIONS'!E11 -> 0 | F77: ='ADMIN LABOR ASSUMPTIONS'!F11 -> 0
B78: =ENROLLMENT!B13 -> SCHOOL TYPE #3 | C78: ='ADMIN LABOR ASSUMPTIONS'!C16 -> 0 | E78: ='ADMIN LABOR ASSUMPTIONS'!E16 -> 0 | F78: ='ADMIN LABOR ASSUMPTIONS'!F16 -> 0
B79: =ENROLLMENT!H13 -> SCHOOL TYPE #4 | C79: ='ADMIN LABOR ASSUMPTIONS'!C21 -> 0 | E79: ='ADMIN LABOR ASSUMPTIONS'!E21 -> 0 | F79: ='ADMIN LABOR ASSUMPTIONS'!F21 -> 0
B80: FOOD SERVICE DIRECTOR SALARY | C80: ='ADMIN LABOR ASSUMPTIONS'!C23 -> 0 | E80: ='ADMIN LABOR ASSUMPTIONS'!E23 -> 0 | F80: ='ADMIN LABOR ASSUMPTIONS'!F23 -> 0
B81: BENEFITS | C81: =SUM(C$76:C$80)*'ADMIN LABOR ASSUMPTIONS'!$C$25 -> 0 | E81: =SUM(E$76:E$80)*'ADMIN LABOR ASSUMPTIONS'!$C$25 -> 0 | F81: =SUM(F$76:F$80)*'ADMIN LABOR ASSUMPTIONS'!$C$25 -> 0
B82: FICA / TAXES | C82: =SUM(C$76:C$80)*'ADMIN LABOR ASSUMPTIONS'!$C$26 -> 0 | E82: =SUM(E$76:E$80)*'ADMIN LABOR ASSUMPTIONS'!$C$26 -> 0 | F82: =SUM(F$76:F$80)*'ADMIN LABOR ASSUMPTIONS'!$C$26 -> 0
B83: ADMINISTRATIVE LABOR TOTAL | C83: =SUM(C76:C82) -> 0 | E83: =SUM(E76:E82) -> 0 | F83: =SUM(F76:F82) -> 0
B85: OTHER EXPENSES | C85: TOTAL | E85: NON-CEP SCHOOLS | F85: CEP SCHOOLS
B86: ANNUAL UNPAID STUDENT LUNCH DEBT | C86: ='OTHER EXPENSES'!C5 -> 0 | E86: ='OTHER EXPENSES'!E5 -> 0 | F86: ='OTHER EXPENSES'!F5 -> 0
B87: FOOD SERVICE MANAGEMENT FEES | C87: ='OTHER EXPENSES'!C6 -> 0 | E87: ='OTHER EXPENSES'!E6 -> 0 | F87: ='OTHER EXPENSES'!F6 -> 0
B88: PROPERTY, PLANT, AND EQUIPMENT MAINTENANCE EXPENSES | C88: ='OTHER EXPENSES'!C7 -> 0 | E88: ='OTHER EXPENSES'!E7 -> 0 | F88: ='OTHER EXPENSES'!F7 -> 0
B89: UTILITIES | C89: ='OTHER EXPENSES'!C8 -> 0 | E89: ='OTHER EXPENSES'!E8 -> 0 | F89: ='OTHER EXPENSES'!F8 -> 0
B90: DISTRICT OVERHEAD & INDIRECT CHARGES | C90: ='OTHER EXPENSES'!C9 -> 0 | E90: ='OTHER EXPENSES'!E9 -> 0 | F90: ='OTHER EXPENSES'!F9 -> 0
B91: OTHER EXPENSES | C91: =SUM('OTHER EXPENSES'!C10:C13) -> 0 | E91: =SUM('OTHER EXPENSES'!E10:E13) -> 0 | F91: =SUM('OTHER EXPENSES'!F10:F13) -> 0
B92: OTHER EXPENSE TOTAL | C92: =SUM(C86:C91) -> 0 | E92: =SUM(E86:E91) -> 0 | F92: =SUM(F86:F91) -> 0
B94: SUBTOTAL | D94: =SUM(D66,D73,D83,D92) -> 0 | E94: =SUM(E66,E73,E83,E92) -> 0 | F94: =SUM(F66,F73,F83,F92) -> 0 | I94: CLICK HERE TO RETURN TO THE PREVIOUS PAGE
B95: TOTAL EXPENSES | C95: =SUM(C66,C73,C83,C92) -> 0 | E95: =SUM(E94:F94) -> 0
B97: SUBTOTAL | E97: =E57-E94 -> 0 | F97: =F57-F94 -> 0 | I97: CLICK HERE TO ADVANCE TO THE NEXT PAGE
B98: NET INCOME | C98: =C58-C95 -> 0 | D98: =D58-D94 -> 0 | E98: =SUM(E97:F97) -> 0

Sheet CHARTS
B2: REVENUES | C2: CURRENT | D2: CEP
B3: =ENROLLMENT!B2 -> SCHOOL TYPE #1 | C3: ='DETAILED COMPARATIVE P&L'!$C$7+'DETAILED COMPARATIVE P&L'!$C$35 -> 0 | D3: =SUM('DETAILED COMPARATIVE P&L'!$E$7:$F$7,'DETAILED COMPARATIVE P&L'!$E$35:$F$35) -> 0
B4: =ENROLLMENT!H2 -> SCHOOL TYPE #2 | C4: ='DETAILED COMPARATIVE P&L'!$C$14+'DETAILED COMPARATIVE P&L'!$C$41 -> 0 | D4: =SUM('DETAILED COMPARATIVE P&L'!$E$14:$F$14,'DETAILED COMPARATIVE P&L'!$E$41:$F$41) -> 0
B5: =ENROLLMENT!B13 -> SCHOOL TYPE #3 | C5: ='DETAILED COMPARATIVE P&L'!$C$21+'DETAILED COMPARATIVE P&L'!$C$47 -> 0 | D5: =SUM('DETAILED COMPARATIVE P&L'!$E$21:$F$21,'DETAILED COMPARATIVE P&L'!$E$47:$F$47) -> 0
B6: =ENROLLMENT!H13 -> SCHOOL TYPE #4 | C6: ='DETAILED COMPARATIVE P&L'!C28+'DETAILED COMPARATIVE P&L'!C53 -> 0 | D6: =SUM('DETAILED COMPARATIVE P&L'!$E$28:$F$28,'DETAILED COMPARATIVE P&L'!$E$53:$F$53) -> 0
B8: EXPENSES | C8: CURRENT | D8: CEP
B9: FOOD | C9: ='DETAILED COMPARATIVE P&L'!C66 -> 0 | D9: =SUM('DETAILED COMPARATIVE P&L'!E66:F66) -> 0
B10: DIRECT LABOR | C10: ='DETAILED COMPARATIVE P&L'!C73 -> 0 | D10: =SUM('DETAILED COMPARATIVE P&L'!E73:F73) -> 0
B11: ADMIN LABOR | C11: ='DETAILED COMPARATIVE P&L'!C83 -> 0 | D11: =SUM('DETAILED COMPARATIVE P&L'!E83:F83) -> 0
B12: OTHER | C12: ='DETAILED COMPARATIVE P&L'!C92 -> 0 | D12: =SUM('DETAILED COMPARATIVE P&L'!E92:F92) -> 0
C14: CURRENT | D14: CEP
B15: NET INCOME | C15: ='DETAILED COMPARATIVE P&L'!C98 -> 0 | D15: =SUM('DETAILED COMPARATIVE P&L'!E97:F97) -> 0
C37: CLICK HERE TO RETURN TO THE PREVIOUS PAGE

Sheet LIST
A1: 1 | B1: 2
B2: 3
B3: 4
B4: 5
B5: 6
B6: 7
B7: 8
B8: 9
B9: 10
B10: 11
B11: 12
B12: 13
B13: 14
... B29: 30
